Workbook
Name A: #REF!
Name A: #REF!
Name A: #REF!

Sheet 1.0 Statistical Identification
A2: دائرة الأحصاءات العامة و منتدي البحوث الأقتصادية
A3: المسح التتبعي لسوق العمل الأردني لسنة 2016
A4: 2. الاستمارة الفردية لكل أفراد الأسرة
A6: القسم الأول: التعريف الأحصائي
A7: الباحث: راجع البيانات الرئيسية مع المستجيب في بداية الأستمارية الفردية
A8: 1000 | B8: هل هذا الفرد من اسرة ضمن عينة جديدة أم اسرة من مسح 2010؟ | C8: 1. أسرة من مسح 2010 2. أسرة من عينة جديدة | D8: =CONCATENATE("If =2-->Q",A10) -> If =2-->Q1002
A9: 1001 | B9: رقم الأسرة في مسح 2016 | D9: after answering Q202
A10: =A9+1 -> 1002 | B10: رقم العنقود و رقم الأسرة في العنقود | C10: Generate and display hhid
A11: 202 | B11: اسم الفرد المبحوث
A12: 201 | B12: رقم الفرد في الأسرة في مسح 2016
A13: 204 | B13: النوع | C13: 1. ذكر 2. أنثي
A14: 205 | B14: تاريخ الميلاد (شهر /سنة) | C14: Dropdown Menu: a.شهر b. سنة
A15: 206 | B15: العمر (بالسنوات الكاملة) اذا كان أكبر من 99، أكتب 99 خمن العمر، اذا كان لا يعرف | C15: Numurical Textbox: (0-99)
A16: 207 | B16: الجنسية | C16: Dropdown menu with the list of countries
A17: 208 | B17: a. هل كان الفرد عضو في الاسرة خلال فترة المسح القبلي (عند زيارتك في يونيو 2016) b. اذا كانت الاجابة ب"نعم"، اكتب رقم سطر الفرد في الاسرة خلال المسح القبلي | C17: 1. نعم 2. لا
A18: 209 | B18: هل يعيش الفرد كل الوقت مع الأسرة؟ | C18: 1. نعم 2. لا | D18: =CONCATENATE("If =1-->Q",A20) -> If =1-->Q211
A19: 210 | B19: هل يحضر الفرد مرة في الاسبوع علي الاقل؟ | C19: 1. نعم 2. لا
A20: 211 | B20: ما هي حالة الفرد الزواجية؟ | C20: 1. أعزب* 2. متزوج 3. مطلق* 4. أرمل* 5. منفصل* | D20: (For individuals ages 12 and over (check Q206)) If 1 3,4, or 5-->213
A21: 212 | B21: هل الزوج/الزوجة يعيش مع الأسرة؟ اذا كانت الاجابة نعم، اكتب رقم سطر الزوج | C21: 1. نعم 2. لا رقم سطر الزوج/الزوجة |___|___|
A22: 213 | B22: هل يعيش الأب في نفس المسكن؟ اذا كانت الاجابة نعم، اكتب رقم سطر الأب | C22: 1. نعم 2. لا رقم سطر الأب |___|___|
A23: 214 | B23: هل تعيش الأم في نفس المسكن؟ اذا كانت الاجابة نعم، اكتب رقم سطر الأم | C23: 1. نعم 2. لا رقم سطر الأم |___|___|
A24: =A10+1 -> 1003 | B24: هل قام الفرد نفسه بالاجابة؟ | C24: 1. نعم 2. لا 3. غير قادر علي الرد بنفسه | D24: Only allow no response on the third visit, If yes -->2101
A25: =A24+1 -> 1004 | B25: رقم الفرد المستجيب | C25: _____________________ searchable dropdown menu with names and numbers of household members
A27: *VALIDATION: Record GPS Location every 15 minutes throughout the duration of the survey
B29: رقم الزيارة | C29: Date of Visit
B30: الأولي | C30: =A25+1 -> 1005 | D30: اليوم
D31: الشهر
D32: السنة
B33: الثانية | C33: =C30+1 -> 1006 | D33: اليوم
D34: الشهر
D35: السنة
B36: الثالثة | C36: =C33+1 -> 1007 | D36: اليوم
D37: اليوم
D38: الشهر
D39: السنة

Sheet 2.1 Personal Biography
A1: قسم 2: السيرة الذاتية والخلفية العائلية
A2: 1 .2 السيرة الذاتية للفرد (6 سنوات فأكثر بناء علي سؤال 206)
A3: Question # | B3: Question | C3: Type of Question | D3: Validation Rule | F3: 2.1 Individual's Personal Biography Ages 6+ based on Q206
A4: 2101 | B4: تاريخ الميلاد (أذكر الشهر والسنة) [auto-populate from 205 and don't display]
A5: =A4+1 -> 2102 | B5: العمر (بالسنوات الكاملة) [auto-populate from 206 and don't display] | D5: =CONCATENATE("If age is <15, skip to",A29) -> If age is <15, skip to2121
A6: =A5+1 -> 2103 | B6: هل سبق لك الزواج؟ | C6: 1. نعم 2. لا | D6: =CONCATENATE("Skip Pattern If 2-->",A29," Check with household Questionnaire,Q211: - If Q211=1, --> ",A6," =No - If Q211=(2 or 3 or 4 or 5) --> Q",A6,"=Yes") -> Skip Pattern If 2-->2121 Check with household Questionnaire,Q211: - If Q211=1, --> 2103 =No - If Q211=(2 or 3 or 4 or 5) --> Q2103=Yes
A7: =A6+1 -> 2104 | B7: ما هى عدد مرات الزاوج؟ | C7: 1. مرة 2. مرتين 3. ثلاث مرات 4. اربع مرات فأكثر 98- لا يعرف
A8: الزواج الاول
A9: =A7+1 -> 2105 | B9: ما هو شهر و سنة الزواج الاول؟ | C9: أ. الشهر (الشهور السيريانية ) + لايعرف 98 ب. السنة (لايتذكر/لايعرف 9998 & 1930-2016) | D9: =CONCATENATE("If year=9998, --> Q", A10," Otherwise -->",A11," and automatically calculate the age in ",A10," from ", A4, " Validation rule: Q",A9,"must be at least 8+year of birth ") -> If year=9998, --> Q2106 Otherwise -->2107 and automatically calculate the age in 2106 from 2101 Validation rule: Q2105must be at least 8+year of birth
A10: =A9+1 -> 2106 | B10: كم كان عمرك عند أول زواج بالسنوات الكاملة؟ | C10: العمر __|__| ** في حالة لا يعرف أكتب 98 | D10: Textbox accepting integers
A11: =A10+1 -> 2107 | B11: هل انتهي هذا الزواج عن طريق الطلاق أو الترمل؟ | C11: 1. نعم طلاق 2. نعم ترمل 3. لا 98- لا يعرف | D11: =CONCATENATE("Skip Pattern: If 3 or 98 --> Check ", A7, " If Q", A7," =1 or 98 --> Q", A29, " If Q", A7,"> 1--> Q", A14, " If Q",A7,"=1 & Q",A10,"= 1 or 2 --> Check the household Questionnaire”; Q211 should be either 3 or 4") -> Skip Pattern: If 3 or 98 --> Check 2104 If Q2104 =1 or 98 --> Q2121 If Q2104> 1--> Q2109 If Q2104=1 & Q2106= 1 or 2 --> Check the household Questionnaire”; Q211 should be either 3 or 4
A12: =A11+1 -> 2108 | B12: متى انتهي هذا الزواج؟ | C12: Drop down menu (لا يعرف 9998 & 1930-2016) | D12: =CONCATENATE("Skip Pattern: If Q",A7," =1or 98 --> Q",A29, " If Q", A7," >1 --> Q", A14) -> Skip Pattern: If Q2104 =1or 98 --> Q2121 If Q2104 >1 --> Q2109
A13: الزواج الثانى
A14: =A12+1 -> 2109 | B14: ما هو شهر و سنة الزواج الثانى؟ | C14: أ. الشهر (الشهور السيريانية ) + لايعرف 98 ب. السنة (لايعرف 9998 & 1930-2016) | D14: =CONCATENATE("If year=9998, --> Q", A15," Otherwise -->",A16," and automatically calculate the age in ",A15," from ", A$4) -> If year=9998, --> Q2110 Otherwise -->2111 and automatically calculate the age in 2110 from 2101
A15: =A14+1 -> 2110 | B15: كم كان عمرك عند زواجك الثاني بالسنوات الكاملة؟ | C15: العمر __|__| ** في حالة لا يعرف أكتب 98 | D15: Textbox accepting numbers
A16: =A15+1 -> 2111 | B16: هل انتهي هذا الزواج عن طريق الطلاق أو الترمل؟ | C16: 1. نعم طلاق 2. نعم ترمل 3. لا 98- لا يعرف | D16: =CONCATENATE("Skip Pattern: If 3 or 98 --> Check ", A$7, " If Q", A$7," =2 --> Q", A$29, " If Q", A$7,"> 2--> Q", A19,) -> Skip Pattern: If 3 or 98 --> Check 2104 If Q2104 =2 --> Q2121 If Q2104> 2--> Q2113
A17: =A16+1 -> 2112 | B17: متى انتهي هذا الزواج؟ | C17: Drop down menu (لا يعرف 9998 & 1930-2016) | D17: =CONCATENATE("Skip Pattern: Check ", A$7, " If Q", A$7," =2 --> Q", A$29, " If Q", A$7,"> 2--> Q", A19,) -> Skip Pattern: Check 2104 If Q2104 =2 --> Q2121 If Q2104> 2--> Q2113
A18: الزواج الثالث
A19: =A17+1 -> 2113 | B19: ما هو شهر و سنة الزواج الثالث؟ | C19: أ. الشهر (الشهور السيريانية ) + لايعرف 98 ب. السنة (لايعرف 9998 & 1930-2016) | D19: =CONCATENATE("If year=9998, --> Q", A20," Otherwise -->",A21," and automatically calculate the age in ",A20," from ", A$4) -> If year=9998, --> Q2114 Otherwise -->2115 and automatically calculate the age in 2114 from 2101
A20: =A19+1 -> 2114 | B20: كم كان عمرك عند زواجك الثالث بالسنوات الكاملة؟ | C20: العمر __|__| ** في حالة لا يعرف أكتب 98 | D20: Textbox accepting numbers
A21: =A20+1 -> 2115 | B21: هل انتهي هذا الزواج عن طريق الطلاق أو الترمل؟ | C21: 1. نعم طلاق 2. نعم ترمل 3. لا 98- لا يعرف | D21: =CONCATENATE("Skip Pattern: If 3 or 98 --> Check ", A$7, " If Q", A$7," =3 --> Q", A$29, " If Q", A$7,"> 3--> Q", A24,) -> Skip Pattern: If 3 or 98 --> Check 2104 If Q2104 =3 --> Q2121 If Q2104> 3--> Q2117
A22: =A21+1 -> 2116 | B22: متى انتهي هذا الزواج؟ | C22: Drop down menu (لا يعرف 9998 & 1930-2016) | D22: =CONCATENATE("Skip Pattern: Check ", A$7, " If Q", A$7," =3 --> Q", A$29, " If Q", A$7,"> 3--> Q", A24,) -> Skip Pattern: Check 2104 If Q2104 =3 --> Q2121 If Q2104> 3--> Q2117
A23: الزواج الرابع
A24: =A22+1 -> 2117 | B24: ما هي سنة الزواج الرابع؟ | C24: أ. الشهر (الشهور السيريانية ) + لايعرف 98 ب. السنة (لايعرف 9998 & 1930-2016) | D24: =CONCATENATE("If year=9998, --> Q", A25," Otherwise -->",A26," and automatically calculate the age in ",A25," from ", A$4) -> If year=9998, --> Q2118 Otherwise -->2119 and automatically calculate the age in 2118 from 2101
A25: =A24+1 -> 2118 | B25: كم كان عمرك عند زواجك الرابع بالسنوات الكاملة؟ | C25: العمر __|__| ** في حالة لا يعرف أكتب 98 | D25: Textbox accepting numbers
A26: =A25+1 -> 2119 | B26: هل انتهي هذا الزواج عن طريق الطلاق أو الترمل؟ | C26: 1. نعم طلاق 2. نعم ترمل 3. لا 98- لا يعرف | D26: =CONCATENATE("Skip Pattern: If 3 or 98 -->",A29) -> Skip Pattern: If 3 or 98 -->2121
A27: =A26+1 -> 2120 | B27: متى انتهي هذا الزواج؟ | C27: Drop down menu (لا يعرف 9998 & 1930-2016)
A28: سنوات التعليم
A29: =A27+1 -> 2121 | B29: ما هي سنة بداية التعليم لأول مرة؟ ** اختر لا ينطبق في حالة عدم ذهابه الي التعليم اطلاقا ** تعتبر بداية التعليم هي بداية ألتحاق الفرد بالصف الاول الأبتدائي | C29: Drop down menu (1930-2016 لا يعرف 9998 لا ينطبق 9999) | D29: =CONCATENATE("If 9999 --> Q", A46," If 9998 -->",A30," Otherwise -->",A31, " and automatically calculate age") -> If 9999 --> Q2135 If 9998 -->2122 Otherwise -->2123 and automatically calculate age
A30: =A29+1 -> 2122 | B30: كم كان عمرك عندما بدأت التعليم لأول مرة؟ | C30: العمر __|__| ** في حالة لا يعرف أكتب 98
A31: =A30+1 -> 2123 | B31: هل انقطعت عن التعليم لمدة أكثر من 6 أشهر ثم رجعت إليه؟ | C31: 1. نعم 2. لا 98- لا يعرف | D31: =CONCATENATE("Skip Pattern: If 2 or 98 --> Q",A36) -> Skip Pattern: If 2 or 98 --> Q2127
A32: =A31+1 -> 2124 | B32: كم مرة انقطعت عن التعليم لمدة أكثر من 6 أشهر ثم رجعت إليه؟ | C32: 1. مرة 2. مرتين 3. أكثر من مرتين 98- لا يعرف | D32: =CONCATENATE("Skip Pattern: If 98 --> Q",A36 ) -> Skip Pattern: If 98 --> Q2127
B33: الانقطاع لمرة واحدة
A34: =A32+1 -> 2125 | B34: ما هي سنة الأنقطاع عن التعليم لأول مرة؟ | C34: Dropdown menu (1930-2016, لايعرف: 9998)
A35: =A34+1 -> 2126 | B35: ما هي سنة الرجوع للتعليم بعد الأنقطاع الأول؟ | C35: Dropdown menu (1930-2016, لا يعرف 9998) | D35: =CONCATENATE("Skip Pattern: If Q", A32,"=2 or =3 --> Q",A40) -> Skip Pattern: If Q2124=2 or =3 --> Q2130
A36: =A35+1 -> 2127 | B36: هل أنت ملتحق حاليا بالتعليم؟ | C36: 1. نعم 2. لا | D36: =CONCATENATE("Skip Pattern: If 1 --> Q",A46) -> Skip Pattern: If 1 --> Q2135
A37: =A36+1 -> 2128 | B37: ما هي سنة الانتهاء أو ترك التعليم؟ | C37: Dropdown menu (1930-2016 لا يعرف : 9998 | D37: =CONCATENATE("If 9998 -->",A38, " Otherwise --> Q",A46, " and automatically calculate age of school completion") -> If 9998 -->2129 Otherwise --> Q2135 and automatically calculate age of school completion
A38: =A37+1 -> 2129 | B38: كم كان عمرك عندما انتهيت من التعليم؟ | C38: العمر __|__| ** في حالة لا يعرف أكتب 98 | D38: =CONCATENATE("After answering --> Q", A46) -> After answering --> Q2135
B39: الانقطاع لمرتين فأكثر
A40: =A38+1 -> 2130 | B40: ما هي سنة الأنقطاع عن التعليم للمرة الثانية؟ | C40: Dropdown menu (1930-2016, لا يعرف 9998)
A41: =A40+1 -> 2131 | B41: ما هي سنة الرجوع للتعليم بعد الأنقطاع الثاني؟ | C41: Dropdown menu (1930-2016, لا يعرف 9998)
A42: =A41+1 -> 2132 | B42: هل أنت ملتحق حاليا بالتعليم؟ | C42: 1. نعم 2. لا | D42: =CONCATENATE("Skip Pattern: If 1 --> Q",A46) -> Skip Pattern: If 1 --> Q2135
A43: =A42+1 -> 2133 | B43: ما هي سنة الانتهاء من التعليم؟ ** اذا كان انقطع عن التعليم لاكثر من مرتين، اسأل عن آخر سنة للانتهاء من التعليم بعد الرجوع الاخير | C43: Dropdown menu (1930-2016 لا يعرف : 9998 | D43: =CONCATENATE("If 9998 --> Q",A44," Otherwise ---> Q",A46, " and automatically calculate age in ",A44) -> If 9998 --> Q2134 Otherwise ---> Q2135 and automatically calculate age in 2134
A44: =A43+1 -> 2134 | B44: كم كان عمرك عندما انتهيت من التعليم؟ | C44: العمر __|__| ** في حالة لا يعرف أكتب 98
A45: سنوات العمل
A46: =A44+1 -> 2135 | B46: هل سبق لك العمل لمدة تزيد عن 6 أشهر متصلة أو تعمل حاليا؟ | C46: 1. نعم 2. لا 98- لا يعرف | D46: =CONCATENATE("If 2 or 98 --> Q",A50) -> If 2 or 98 --> Q2138
A47: =A46+1 -> 2136 | B47: ما هي عدد الاعمال الاساسية التى زاولتها علي التوالي؟ ** اذكر فقط عدد الاعمال التى تزيد مدتها عن 6 أشهر متصلة | C47: Dropdown menu: {1-15}
A48: =A47+1 -> 2137 | B48: اذكر سنة البدء و الإنتهاء في كل وظيفة: ** اذا كان لم يترك الوظيفة، اكتب 9999 ** اذا كان لا يعرف، اكتب 9998 | D48: =CONCATENATE(" # of rows to be provided = # provided in Q",A47," From and to should be dropdown menus: (1930-2016) + don't know 9998 + Not applicable (still in job) 9999 (can only give in last job)" ) -> # of rows to be provided = # provided in Q2136 From and to should be dropdown menus: (1930-2016) + don't know 9998 + Not applicable (still in job) 9999 (can only give in last job)
A49: الانتقال السكنى التنقل داخل نفس القضاء من منطقة حضرية إلى منطقة حضرية أخري أو من منطقة ريفية إلى منطقة ريفية أخري لايعد تنقل سكني. كذلك التنقل الذي يستمر لأقل من 6 أشهر او التنقل بسبب الخدمة العسكرية لا يعد تنقل سكني.
A50: =A48+1 -> 2138 | B50: هل ولدت داخل ام خارج الاردن؟ | C50: 1. داخل الاردن 2. خارج الاردن 98- لا يعرف | D50: =CONCATENATE("if 2 -->", A54,"; If 98 -->",A55) -> if 2 -->2142; If 98 -->2143
A51: =A50+1 -> 2139 | B51: ما هي المحافظة، اللواء، القضاء، والتجمع السكني التى ولدت بهم؟ | C51: المحافظة : _______________ اللواء: ________________ القضاء : ________________ التجمع السكني: ________________ | D51: Hierarchical (& searchable) dropdown menus with all governates, districts, and subdistricts, localities in Jordan
A52: =A51+1 -> 2140 | B52: SKIPPED
A53: =A52+1 -> 2141 | B53: هل سبق لك الانتقال من مكان الميلاد لمدة تزيد عن 6 أشهر؟ | C53: 1. نعم 2. لا 98- لا يعرف | D53: =CONCATENATE("If 1 -->", A55, " If 2 or 98, --> next section") -> If 1 -->2143 If 2 or 98, --> next section
A54: =A53+1 -> 2142 | B54: ما هي الدولة التى ولدت بها؟ | C54: لايعرف Dropdown menu with world countries; 998
A55: =A54+1 -> 2143 | B55: ما هو إجمالي عدد مرات الإنتقال مدي حياتك ؟ ** ملاحظة للباحث: لا يحسب الانتقال اذا كان لمدة أقل من 6 أشهر متصلة، و إذا كان الإنتقال داخل نفس القضاء لا يحسب انتقال | C55: Drop down menu {1-15} + لا يعرف 98 | D55: If 98, --> next section
A56: بيانات الانتقال | C56: (Show questions below for each move) | D56: =CONCATENATE("# of repeats of question sequence ",A57, " to ",A61, " = answer to ",A55) -> # of repeats of question sequence 2144 to 2148 = answer to 2143
A57: =A55+1 -> 2144 | B57: هل أنتقلت داخل أم خارج الأردن؟ | C57: 1. داخل 2. خارج | D57: =CONCATENATE("If =2 -->",A59) -> If =2 -->2146
A58: =A57+1 -> 2145 | B58: ما هي المحافظة، اللواء، القضاء، والتجمع السكني الذين انتقلت إليهم؟ | C58: المحافظة : _______________ اللواء: ________________ القضاء : ________________ التجمع السكني: ________________ | D58: =CONCATENATE("-->",A60) -> -->2147
A59: =A58+1 -> 2146 | B59: ما هي الدولة التي انتقلت إليها؟ | C59: Dropdown menu with countries of the world; don’t know: 998
A60: =A59+1 -> 2147 | B60: متي إنتقلت؟ | C60: Dropdown menus (1900-2016), لايعرف 9998 | D60: Confirm that last move is current address
A61: =A60+1 -> 2148 | B61: لماذا انتقلت | C61: Dropdown menu with the following options: 1. العمل 2. التعليم 3. الزواج 4. مرافقة أحد أفراد الأسرة 5. أسباب متعلقة بالسكن 6. الفرار من العنف/ الاضطهاد أو عدم الامان 97- أخرى (حدد) *If 97, provide textbox

Sheet 2.2 Father's characteristics
A1: قسم 2: السيرة الذاتية والخلفية العائلية
A2: 2.2 بيانات الأباء (6 سنوات فأكثر بناء علي سؤال 206)
A3: Question # | B3: Question | C3: Type of Question | D3: Validation
A4: 2201 | B4: هل الأب يعيش في نفس الأسرة؟[auto-populate from 213] | C4: 1. نعم 2. لا 98- لا يعرف | D4: =CONCATENATE("Verify with housheold questionniare If 1 -->",A5, " If 2 or 98 -->",A6) -> Verify with housheold questionniare If 1 -->2202 If 2 or 98 -->2203
A5: =A4+1 -> 2202 | B5: رقم سطر الأب [auto-populate from 213] | C5: Dropdown menu with the names (or given numbers) of members of the household | D5: Link with other Questionnaires household Questionnaire Verify with household questionnaire response - The names of the household members with their given serial number should be included in the dropdown menu Skip Pattern: After answering --> next section
A6: =A5+1 -> 2203 | B6: في أي سنة ولد الأب؟ | C6: Drop down menu 1850-2016 لا يعرف 9998
A7: =A6+1 -> 2204 | B7: ما هو أعلى مستوى تعليمي أكمله الأب بنجاح؟ | C7: 1- أمي
C8: 2- ملم
C9: 3- إبتدائي
C10: 4- إعدادي
C11: 5- أساسي
C12: 6- تلمذة المهنية
C13: 7- ثانوي
C14: 8- دبلوم متوسط
C15: 9- بكالوريوس
C16: 10- دبلوم عالي
C17: 11- ماجستير
C18: 12- دكتوراه
C19: 98- لا يعرف
A20: =A7+1 -> 2205 | B20: ماهي الحالة العملية للأب عندما كان عمرك 15 سنة ؟ ** إذا كان الأب متوفي في ذلك الحين يسأل عن أخر عمل للأب قبل الوفاة ** اذا كان الفرد أقل من 15 سنة، يسأل عن الحالة العملية الحالية للأب | C20: Dropdown menu with the following choices: | D20: Skip Pattern: If 7 or 98 --> next section
C21: 1. يعمل باجر في عمل منتظم
C22: 2. يعمل باجر في عمل غير منتظم
C23: 3. صاحب عمل و يستخدم آخرين
C24: 4. يعمل لحسابه و لا يستخدم آخرين
C25: 5. يعمل لدى الأسرة بدون أجر
C26: 6. يعمل لدي الغير بدون أجر
C27: 7. لا يعمل
C28: 98. لا يعرف
A29: =A20+1 -> 2206 | B29: ما هي المهنة الرئيسية التي يقوم بها والدك عندما كان عمرك 15 سنة ؟ ** إذا كان الأب متوفي في ذلك الحين يسأل عن أخر عمل للأب قبل الوفاة ** اذا كان الفرد أقل من 15 سنة، يسأل عن المهنة الحالية للأب | C29: المهنة: ** أكتب "لا يعرف" في حالة لا يعرف
A30: =A29+1 -> 2207 | B30: ما هو القطاع الذي كان يعمل به والدك عندما كان عمرك 15 سنة ؟ ** إذا كان الأب متوفي في ذلك الحين يسأل عن أخر عمل للأب قبل الوفاة ** اذا كان الفرد أقل من 15 سنة، يسأل عن القطاع الحالي للعمل. | C30: 1. عام حكومي | D30: If 97, provide a textbox
C31: 2. عام إنتاجي
C32: 3. خاص
C33: 4. هيئة دولية
C34: 97- أخري
C35: 98- لا يعرف

Sheet 2.3 Mother's characteristics
A1: قسم 2: السيرة الذاتية والخلفية العائلية
A2: 2.3 بيانات الأمهات (6 سنوات فأكثر بناء علي سؤال 206)
A3: Question # | B3: Question | C3: Type of Question | D3: Validation
A4: 2301 | B4: هل الام تعيش في نفس الأسرة؟ [autopopulate from 214] | C4: 1. نعم 2. لا 98-لا يعرف | D4: =CONCATENATE("Verify with housheold questionniare If 1 -->",A5, " If 2 or 98 -->",A6) -> Verify with housheold questionniare If 1 -->2302 If 2 or 98 -->2303
A5: =A4+1 -> 2302 | B5: رقم سطر الأم [autopopulate from 214] | C5: Dropdown menu with the names (+ given numbers) of members of the houshold | D5: Link with other Questionnaires household Questionnaire Verify with household questionnaire response - The names of the household members with their given serial number should be included in the dropdown menu Skip Pattern: After answering --> next section
A6: =A5+1 -> 2303 | B6: في أي سنة ولدت الأم؟ | C6: Drop down menu 1850-2016 لا يعرف 9998
A7: =A6+1 -> 2304 | B7: ما هو أعلى مستوى تعليمي أكملته الام بنجاح؟ | C7: 1- امي
C8: 2- ملم
C9: 3- إبتدائي
C10: 4- إعدادي
C11: 5- أساسي
C12: 6- تلمذة المهنة
C13: 7- ثانوي
C14: 8- دبلوم متوسط
C15: 9- بكالوريوس
C16: 10- دبلوم عالي
C17: 11- ماجستير
C18: 12- دكتوراه
C19: 98- لا يعرف
A20: =A7+1 -> 2305 | B20: ما هي الحالة العملية للأم عندما كان عمرك 15 سنة؟ **اذا كانت الأم متوفية في ذلك الحين، يسأل عن آخر عمل للأم قبل الوفاة ** اذا كان الفرد أقل من 15 عام، يسأل عن الحالة العملية الحالية للام. | C20: Dropdown menu with the following choices: | D20: Skip Pattern: If answer is 7 or 98 --> next section
C21: 1- تعمل باجر في عمل منتظم
C22: 2- تعمل باجر في عمل غير منتظم
C23: 3- صاحبة عمل و يستخدم آخرين
C24: 4- تعمل لحسابها و لا تستخدم آخرين
C25: 5- تعمل لدى الأسرة بدون أجر
C26: 6- تعمل لدي الغير بدون أجر
C27: 7- لا يعمل
C28: 98- لا يعرف
A29: =A20+1 -> 2306 | B29: ما هي المهنة الذي كانت تعمل به والدتك عندما كان عمرك 15 سنة ؟ **اذا كانت الأم متوفية في ذلك الحين، يسأل عن آخر عمل للأم قبل الوفاة ** اذا كان الفرد أقل من 15 عام، يسأل عن عمل الأم الحالي | C29: المهنة ** أكتب "لا يعرف" في حالة لا يعرف
A30: =A29+1 -> 2307 | B30: ما هو القطاع الذي كانت تعمل به والدتك عندما كان عمرك 15 سنة؟ **اذا كانت الأم متوفية في ذلك الحين، يسأل عن آخر عمل للأم قبل الوفاة ** اذا كان الفرد أقل من 15 عام، يسأل عن عمل الأم الحالي | D30: If 97, provide a textbox
C31: 1- عام حكومي
C32: 2- عام إنتاجي
C33: 3- خاص
C34: 4- هيئة دولية
C35: 97- أخري
C36: 98- لا يعرف

Sheet 2.4 Siblings
B1: قسم 2: السيرة الذاتية والخلفية العائلية
A2: 2.4 بيانات (الأخوة / الأخوات) سواء موجودين حاليا في الأسرة أو لا
D3: (6 سنوات فأكثر بناء علي سؤال 206)
A4: Question # | B4: Question | C4: Question Type | D4: Validation
A5: 2401 | B5: كم عدد الاخوة / الاخوات الذين هم على قيد الحياة الآن؟ (الأشقاء وغير الأشقاء) | C5: ذكور : |___|___| إناث: |___|___| | D5: =CONCATENATE("Provide numerical textboxes or drop down menus Skip Pattern: If sum of Males and females = 0 --> Q", A14, " If age<15, -->Q",A14) -> Provide numerical textboxes or drop down menus Skip Pattern: If sum of Males and females = 0 --> Q2411 If age<15, -->Q2411
A6: 2402 | B6: هل قام أي من اخوتك أو اخواتك من غير أعضاء الأسرة الحالية بالسفر الى خارج البلاد و لم يعد حتى الآن؟ | C6: 1. نعم 2. لا 98- لا يعرف | D6: =CONCATENATE(" If 2 or 98 --> Q", A14) -> If 2 or 98 --> Q2411
A7: 2403 | B7: كم عدد اخوتك و اخواتك من غير افراد الاسرة الذين هاجروا (الموجودين حاليا في الخارج)؟ | C7: ذكور |___|___| إناث |___|___| | D7: Provide numerical textboxes or drop down menus
A9: =A7+1 -> 2404 | B9: =A9+1 -> 2405 | C9: =B9+1 -> 2406 | D9: =C9+1 -> 2407 | E9: =D9+1 -> 2408 | F9: =E9+1 -> 2409 | G9: =F9+1 -> 2410
A10: رقم المسافر | B10: اسم المسافر | C10: جنس الشخص المسافر | D10: هل سافر هذا الشخص مع اسرته بالكامل؟ | E10: كم عدد الافراد الذين سافروا معه؟ | F10: في أي بلد يعيش حاليا هذا الفرد؟ | G10: في أي سنة غادر هذ الشخص الأردن لأول مرة؟
A11: 1 | C11: 1. ذكر 2. أنثى | D11: 1. نعم 2. لا 98- لا يعرف | E11: Dropdown menu from (1-15), + 98 لا يعرف | F11: List of the world countries | G11: Dropdown menu (1930-2016, +998 لا يعرف)
A12: 2 | D12: =CONCATENATE("If Q",D9,"=2 or 98-->Q",F9) -> If Q2407=2 or 98-->Q2409 | G12: =CONCATENATE("Number of rows equals the sum of males and females provided in ",A7) -> Number of rows equals the sum of males and females provided in 2403
A14: =G9+1 -> 2411 | B14: هل لك أخوة أو أخوات توفوا؟ | C14: 1. نعم 2. لا 98-لا يعرف | D14: =CONCATENATE(" If 2 or 98 --> Q",A20 ) -> If 2 or 98 --> Q2417
A15: =A14+1 -> 2412 | B15: كم عدد الأخوة المتوفون؟ | C15: ذكور : |___|___| إناث: |___|___| | D15: Provide numerical textboxes or drop down menus
A16: =A15+1 -> 2413 | B16: هل توفي أحد أخوتك قبل ان يبلغ من العمر خمس سنوات؟ | C16: 1. نعم 2. لا 98- لا يعرف | D16: =CONCATENATE(" If 2 or 98 --> Q",A18) -> If 2 or 98 --> Q2415
A17: =A16+1 -> 2414 | B17: كم عدد الأخوة المتوفين قبل بلوغ سن 5 سنوات؟ | C17: ذكور: |___|___| إناث: |___|___| في حالة لا يعرف، أكتب 98 | D17: Provide numerical textboxes or drop down menus
A18: =A17+1 -> 2415 | B18: هل توفي أحد أخوتك بعد 2010؟ | C18: 1. نعم 2. لا 98- لا يعرف | D18: =CONCATENATE("If 2 or 98 --> Q",A20) -> If 2 or 98 --> Q2417
A19: =A18+1 -> 2416 | B19: كم عدد الأخوة المتوفين بعد 2010؟ | C19: ذكور: |___|___| إناث: |___|___| في حالة لا يعرف، أكتب 98 | D19: Provide numerical textboxes or drop down menus
A20: =A19+1 -> 2417 | B20: ماهو ترتيبك بين إخوتك جميعا عند الميلاد بما فيهم الذين توفوا (إن وجد)؟ | C20: Dropdown menu from (الاول- الخامس عشر)+ لا يعرف 98
A21: =A20+1 -> 2418 | B21: ماهو ترتيبك بين إخوتك من نفس النوع عند الميلاد؟ | C21: Dropdown menu from (الاول- الخامس عشر)+ لا يعرف 98

Sheet 2.5 Health
B1: قسم 2: السيرة الذاتية والخلفية العائلية
A2: 2.5 بيانات عن الصحة
C3: (6 سنوات فأكثر بناء علي سؤال 206)
A4: Question # | B4: Question | C4: Type of Question | D4: Validation
A5: 2501 | B5: كيف ترى صحتك بشكل عام؟ | C5: 1- جيدة جدّا/ ممتازة 2- جيدة 3- مقبولة 4- سيئة 5- سيئة جدّا 98-لايعرف
A6: =A5+1 -> 2502 | B6: هل أنت مشترك أو مستفيد من أي تأمين صحي أو علاج؟ إذا نعم ما هو نوع هذا التامين؟ (إذا كان لديه أكثر من تأمين، سجّل التأمين الذي تعتمد عليه أكثر) | C6: 1- لا يوجد تأمين صحي 2- نعم، وزارة الصحة 3- نعم، الخدمات الطبية الملكية 4- نعم، مستشفيات الجامعات/ المدينة الطبية 5- نعم، وكالة الغوث 6- نعم، تأمين خاص 97- نعم، أخرى (حدد) 98-لايعرف | D6: If 97 --> provide a textbox
A7: =A6+1 -> 2503 | B7: أين تذهب عندما تكون مريض أو تحاول الحصول علي استشارة طبية؟ ** اسأل علي أكثر وسيلة مستخدمة | C7: 1.لا أذهب إلي أي مكان 2. طب عربي 3. الصيدلية 4. مستشفي/ عيادة حكومي 5. مستشفي/ عيادة خاص 6. مستشفي/ عيادة تابع لمسجد/كنيسة 7.عيادة تابعة لمنظمة دولية أو جمعية أهلية 97. أخري (حدد) | D7: If 97 --> provide a textbox
A8: =A7+1 -> 2504 | B8: هل لديك أي مرض طويل المدى أو مرض مزمن؟ | C8: 1. نعم 2. لا 98-لايعرف | D8: =CONCATENATE(" If 2 or 98 -->Q",A10 ) -> If 2 or 98 -->Q2506
A9: =A8+1 -> 2505 | B9: ما هي الأمراض؟ (الترتيب حتى ثلاث أمراض من الأخطر إلى الأقل خطورة) | C9: المرض الأول المرض الثاني المرض الثالث 1- إرتفاع ضغط الدم 2- إلتهاب المفاصل 3- مرض السكري 4- الربو 5- إلتهاب الشعب الهوائية المزمن 6- القرح 7- مرض نفسي 8- التصلب المتعدد 9- فقر الدم 10- ورم خبيث 11- إلتهاب الكبد (فيرس c) 12-إسهال 97- أخرى (حدّد) 98- لا يعرف 99- لا ينطبق | D9: Validation: Once the person picks an answer, it should disappear from the following dropdown menus. If 97, provide textbox 99 available only for second and third disease
A10: =A9+1 -> 2506 | B10: هل لديك أي إعاقة ذهنية أو بدنية؟ | C10: 1. نعم 2. لا 98-لايعرف | D10: =CONCATENATE(" If 2 or 98 -->Q",A14) -> If 2 or 98 -->Q2510
A11: =A10+1 -> 2507 | B11: ماهي أهم إعاقة؟ | C11: 1- إعاقة تعلم (ذهنية) 2- إعاقة حركية (بدنية) 3- إعاقة بصرية 4- إعاقة سمعية 5- بكم 97-أخرى (حدّد) 98-لايعرف | D11: If 97 --> provide a textbox
A12: =A11+1 -> 2508 | B12: هل لديك مرض أو إعاقة أثر علي قيامك بالأنشطة المعتادة لمدة 6 أشهر فأكثر؟ | C12: 1. نعم، أثر بشدة 2. نعم، أثر نوعا ما 3. لا 98. لا يعرف
A13: =A12+1 -> 2509 | B13: كم مرة تناولت ثلاث وجبات كاملة يوميا خلال ال 12 شهر الماضية (باستثناء الاحتفالات) | C13: 1. تقريبا كل يوم (3وجبات في اليوم) 2. عادة/غالبا (3 وجبات في اليوم لاكثر من مرة في الأسبوع) 3. أحيانا ( 3 وجبات في اليوم 7-12 مرة في السنة) 4. نادرا (3 مرات يوميا - 1-6 مرات في السنة) 5. لا مرة
A14: =A13+1 -> 2510 | B14: في خلال ال 12 شهر الماضية، كم مرة اضطررت ان تتخلي عن/الا تتناول وجبات طعام بأكملها (سواء فطار، غداء، عشاء) بسبب ندرة الطعام المتاح؟ | C14: 1. ابدا 2. نادرا (1-6 مرات في السنة) 3. أحيانا (7-12 مرة في السنة) 4. غالبا ( بضع مرات كل شهر) 5. مغظم الوقت (أغلب ايام الاسبوع)
A15: =A14+1 -> 2511 | B15: في خلال ال 12 شهر الماضية، كم مرة اضطررت ان تأكل وجبة بكمية أقل من المعتاد بسبب ندرة الطعام المتاح؟ | C15: 1. ابدا 2. نادرا (1-6 مرات في السنة) 3. أحيانا (7-12 مرة في السنة) 4. غالبا ( بضع مرات كل شهر) 5. معظم الوقت (أغلب ايام الاسبوع)

Sheet 3.0 Education
A1: 3- بــيـــانــــات التعليــــــم
C2: ينطبق هذا الفصل على جميع أفراد الأسرة المعيشية 6 سنوات فأكثر بناء علي سؤال 206.
A3: Question # | B3: Question | C3: Type of Question | D3: Validation & Skip Patterns
A4: 3001 | B4: هل الفرد ملتحق حاليا أو سبق له الإلتحاق بمؤسسة تعليمية؟ | C4: 1- لم يلتحق على الإطلاق 2- نعم سبق له الإلتحاق 3- نعم ملتحق حاليا | D4: =CONCATENATE("Skip Pattern: if 1 -->",A5," if 2-->",A6," if 3-->",A9," Question Validation If 1 --> Q",'2.1 Personal Biography'!A29, " should be 9999 N/A ") -> Skip Pattern: if 1 -->3002 if 2-->3003 if 3-->3006 Question Validation If 1 --> Q2121 should be 9999 N/A
A5: =A4+1 -> 3002 | B5: ما هو سبب عدم الالتحاق بالدراسة؟(السبب الرئيسي) | C5: Dropdown Menu: 1- عدم وجود مدرسة 2- الرسوم مرتفعة 3- المدرسة بعيدة/ غير متوفرة 4- فقر الأسرة 5- تفكك الاسرة 6- العجز / المرض / الاعاقة 7- صعوبة المواصلات 8- الزواج 9- العناية بالأسرة /المساعدة في الاعمال المنزلية 10- لم أكن موفقاً في الدراسة 11- لم ارغب في الدراسة 12- العمل 13- عدم رغبة الاهل 14- العادات والتقاليد 15- العنف/غياب الأمن/الحرب 98- لا يعرف 97- اخرى (حدد)........................ | D5: =CONCATENATE("If 97, provide textbox Skip Pattern After answering --> Q",A80) -> If 97, provide textbox Skip Pattern After answering --> Q3073
A6: =A5+1 -> 3003 | B6: لماذا ترك الفرد الدراسة ؟ | C6: السبب الرئيسي : (dropdown menu) السبب الثانوي: (dropdown menu) *Dropdown menus include the following options: Choices of the dropdown menu are: 1- أنهاء مراحل التعليم 2- العجز / المرض / الاعاقة 3- فقر الأسرة 4- تفكك الاسرة 5- المدرسة بعيدة / غير متوفرة 6- صعوبة المواصلات 7- الزواج 8- العناية بالأسرة /المساعدة في الاعمال المنزلية 9- لم أكن موفقاً في الدراسة 10- لم ارغب في الاستمرار 11- العمل 12- الرسوم مرتفعة 13- الحمل والإنجاب 14- سوء المعاملة في المدرسة 15- العادات والتقاليد 16- تكرار الرسوب 17- العنف/ غياب الأمن/الحرب 97- اخرى (حدد) 98-لايعرف 99. لا ينطبق (second reason only) | D6: =CONCATENATE("If 97, provide textbox If age in ", '2.1 Personal Biography'!A5,"< 42 --> Q",A9) -> If 97, provide textbox If age in 2102< 42 --> Q3006
A7: =A6+1 -> 3004 | B7: ماهي أعلى مرحلة من التعليم وصلت إليها؟ و ما هو آخر عام دراسي أتممته بنجاح في هذه المرحلة؟ | C7: المرحلة Dropdown menu with the following options: 1- ابتدائي 2- اعدادي 3- أساسي 4- تلمذة مهنية 5- ثانوي 6- دبلوم متوسط (كلية مجتمع) 7- بكالوريوس 8- دبلوم عالي 9- ماجيستير 10- دكتوراه | D7: =CONCATENATE("Range for the grade should be: 0-6 if primary 0-3 if preparatory 0-10 if basic 0-2 if vocational, secondary, or intermediate diploma 0-6 if Bachelor's"," 0-3 if post-graduate diploma 0-4 MA 0-10 PhD Lock survey from continuing until the year has been entered. Skip pattern: if 1, 2, 3, or 4 --> Q", A79) -> Range for the grade should be: 0-6 if primary 0-3 if preparatory 0-10 if basic 0-2 if vocational, secondary, or intermediate diploma 0-6 if Bachelor's 0-3 if post-graduate diploma 0-4 MA 0-10 PhD Lock survey from continuing until the year has been entered. Skip pattern: if 1, 2, 3, or 4 --> Q3072
A8: =A7+1 -> 3005 | B8: ما هي الشهادة و التخصّص الذي تحصلت عليه؟ | C8: الشهادة dropdown menu with the following options: 1. ثانوي 2- دبلوم متوسط (كلية مجتمع) 3- بكالوريوس 4- دبلوم عالي 5- ماجيستير 6- دكتوراه 98- لا يعرف 97- أخري Two hierarchical dropdown menus: التخصص إن وجد (level 2) التخصص إن وجد (Level 5) | D8: =CONCATENATE("Dropdown menu with the certificate specialization codes & 9999 for not applicable If 97, provide textbox After answering --> Q",A79) -> Dropdown menu with the certificate specialization codes & 9999 for not applicable If 97, provide textbox After answering --> Q3072
A9: =A8+1 -> 3006 | B9: ماهي أعلى مرحلة من التعليم وصلت إليها؟ و ما هو آخر عام دراسي أتممته بنجاح في هذه المرحلة؟ | C9: المرحلة Dropdown menu with the following options: 1- أساسي 2- تلمذة مهنية 3- ثانوي 4- دبلوم متوسط (كلية مجتمع) 5- بكالوريوس 6- دبلوم عالي 7- ماجستير 8- دكتوراة | D9: =CONCATENATE("*Range for the grade should be: 0-10 if basic 0-2 if vocational, secondary, or intermediate diploma 0-6 if Bachelor's 0-3 if post-graduate diploma"," 0-4 MA 0-10 PhD Lock survey from continuing until the year has been entered. Skip pattern: If 1 --> Q", A40," If 2 or 3 --> Q",A26," If 4 or 5 --> Q",A16) -> *Range for the grade should be: 0-10 if basic 0-2 if vocational, secondary, or intermediate diploma 0-6 if Bachelor's 0-3 if post-graduate diploma 0-4 MA 0-10 PhD Lock survey from continuing until the year has been entered. Skip pattern: If 1 --> Q3037 If 2 or 3 --> Q3023 If 4 or 5 --> Q3013
A10: =A9+1 -> 3007 | B10: ما نوع الجامعة التى اكملت بها دراستك العليا؟ | C10: 1- حكومى 2- خاص 4- خارج الاردن 98-لايعرف | D10: =CONCATENATE("If 4 --> ",A12," if 98 -->",A13) -> If 4 --> 3009 if 98 -->3010
A11: =A10+1 -> 3008 | B11: ما هو إسم الجامعة التي أعددت (أو تعد) بها دراستك العليا (ما بعد البكالوريوس)؟ | C11: Dropdown menu with names of universities found in Jordan 97 أخري (حدد) 98 لا يعرف | D11: =CONCATENATE("Hierarchical ( and searchable) dropdown menu based on answer in ",A10," Validation: If the choice was not provided, the person should select 97, other. Skip Pattern: after answering -->",A13) -> Hierarchical ( and searchable) dropdown menu based on answer in 3007 Validation: If the choice was not provided, the person should select 97, other. Skip Pattern: after answering -->3010
A12: =A11+1 -> 3009 | B12: اذكر اسم الدولة التي اعددت بها دراستك العليا: | C12: List of Countries
A13: =A12+1 -> 3010 | B13: ما هي الشهادة و التخصص التي حصلت عليها أو التي ستحصل عليها؟ | C13: الشهادة (dropdown menu with the following options): 1- دبلوم عالي 52- ماجيستير 3- دكتوراه 97- أخري (حدد) 98-لا يعرف Two hierarchical dropdown menus: التخصص (level 2) التخصص (level 5) | D13: =CONCATENATE("if 97 then provide a textbox skip pattern: Check Q",A4,",: If Q",A4,"=3 --> Q",A16," If Q",A4, "=2 --> Q",A14," *Dropdown menu with certification specialization codes, 9997 if other, 9998 if don't know") -> if 97 then provide a textbox skip pattern: Check Q3001,: If Q3001=3 --> Q3013 If Q3001=2 --> Q3011 *Dropdown menu with certification specialization codes, 9997 if other, 9998 if don't know
A14: =A13+1 -> 3011 | B14: في أي عام أكملت دراستك العليا؟ | C14: العام: Dropdown menu {1930-2016}, لايعرف 9998, لا ينطبق 9999 | D14: =CONCATENATE("Check year with Q",'2.1 Personal Biography'!A37," or Q",'2.1 Personal Biography'!A43, " If year given, automatically calculate Q",A15) -> Check year with Q2128 or Q2133 If year given, automatically calculate Q3012
A15: =A14+1 -> 3012 | B15: كم كان عمرك عندما أكملت دراستك العليا؟ | C15: {عمر : {15-90 لا اعرف 98 لا ينطبق 99
A16: =A15+1 -> 3013 | B16: ما نوع هذه الجامعة/ المعهد الذي اتممت (تتم) فيه دراسة البكالوريوس او الدراسة المتوسطة؟ | C16: 1- كلية مجتمع حكومي 2- كلية مجتمع خاص/هيئات دولية 3- جامعة حكومية 4- جامعة خاصة 5- جامعة خارج الأردن 97- أخرى (حدّد) 98-لا يعرف | D16: =CONCATENATE("Skip Pattern: if 4 --> ",A18," If # 97, provide a textbox") -> Skip Pattern: if 4 --> 3015 If # 97, provide a textbox
A17: =A16+1 -> 3014 | B17: ما هي المؤسسة التي درست ( تدرس) فيها سواء كانت جامعة او كلية مجتمع؟ | C17: Dropdown menu with names of universities found in Jordan 97 اخري (حدد) 98 لا يعرف | D17: =CONCATENATE("Hierarchical ( and searchable) dropdown menu based on answer in ",A16," Validation: If the choice was not provided, the person should select 97, other. Skip Pattern: after answering -->",A19) -> Hierarchical ( and searchable) dropdown menu based on answer in 3013 Validation: If the choice was not provided, the person should select 97, other. Skip Pattern: after answering -->3016
A18: =A17+1 -> 3015 | B18: ما هو اسم الدولة؟ | C18: List of Countries
A19: =A18+1 -> 3016 | B19: ما هي الشهادة /التخصص الذي حصلت (ستحصل) عليها؟ | C19: 1. شهادة الكلية 2. امتحان الشامل للدبلوم المتوسط 3. بكالوريوس 97 أخري (حدد) 98-لا يعرف التخصص level 2: ______________ التخصص level 5: ___________________ | D19: =CONCATENATE("if 97 then provide a textbox *Dropdown menu with certification specialization codes, 9997 if other, 9998 if don't know") -> if 97 then provide a textbox *Dropdown menu with certification specialization codes, 9997 if other, 9998 if don't know
A20: =A19+1 -> 3017 | B20: ما هي اللغة الأساسية للتدريس في هذه المؤسّسة أو الجامعة؟ | C20: 1- العربية 2- الفرنسية 3- الانجليزية 97- أخرى (حدّد) 98- لا يعرف | D20: If 97, provide a textbox
A21: =A20+1 -> 3018 | B21: في أي عام بدأت دراستك الجامعية/دبلومك المتوسط؟ | C21: السنة (dropdown) لايعرف 9998 (1930-2016) | D21: =CONCATENATE("If 9998 -->",A22," Otherwise, Check Q",A4,": if Q",A4,"=3 -->",A26," if Q",A4,"=2 -->", A23," Automatically calculate the age if year is not 9998") -> If 9998 -->3019 Otherwise, Check Q3001: if Q3001=3 -->3023 if Q3001=2 -->3020 Automatically calculate the age if year is not 9998
A22: =A21+1 -> 3019 | B22: وكم كان عمرك آنذاك؟ | C22: {عمر : {15-90 لا اعرف 98 | D22: =CONCATENATE(" Check Q",A4,": if Q",A4,"=3 -->",A26," if Q",A4,"=2 -->", A23," Automatically calculate the age if year is not 9998") -> Check Q3001: if Q3001=3 -->3023 if Q3001=2 -->3020 Automatically calculate the age if year is not 9998
A23: =A22+1 -> 3020 | B23: في أي سنة تركت أو حصلت على الشهادة الجامعية أو المتوسطة؟ | C23: السنة (dropdown) لايعرف 9998 (1930-2016) لا ينطبق 9999 | D23: =CONCATENATE("If 9998 -->",A24," If year given, automatically calculate Q",A24) -> If 9998 -->3021 If year given, automatically calculate Q3021
A24: =A23+1 -> 3021 | B24: كم كان عمرك آنذاك؟ | C24: {عمر : {15-90 لا اعرف 98 لا ينطبق 99
A25: =A24+1 -> 3022 | B25: ما هو التقدير الذى تحصلت عليه في نهاية دراستك الجامعية أو المتوسطة ؟ | C25: 1- ممتاز 2- جيد جدا 3- جيد 4- مقبول 97- أخرى (حدّد( 98- لا يعرف | D25: If 97, provide a textbox
A26: =A25+1 -> 3023 | B26: أين كانت مدرستك الثانوية؟ | C26: 1- داخل الاردن 2- خارج الاردن 98- لا يعرف | D26: =CONCATENATE("If 2 --> Q",A28,"; if 98 -->",A30) -> If 2 --> Q3025; if 98 -->3027
A27: =A26+1 -> 3024 | B27: اذكر المحافظة و اللواء: | C27: المحافظة اللواء | D27: =CONCATENATE("Provide hierarchical dropdown menus for governorate and district. After answering -->",A29) -> Provide hierarchical dropdown menus for governorate and district. After answering -->3026
A28: =A27+1 -> 3025 | B28: اذكر اسم الدولة | C28: الدولة (dropdown list of countries) | D28: =CONCATENATE("After answering -->",A30) -> After answering -->3027
A29: =A28+1 -> 3026 | B29: ما هو اسم مدرستك الثانوية ؟ | C29: dropdown menu with the names of secondary schools found in Jordan لا يعرف = 9998 | D29: =CONCATENATE("*List only the schools found in the governorate selected in ",A27) -> *List only the schools found in the governorate selected in 3024
A30: =A29+1 -> 3027 | B30: ما هو قطاع المدرسة الثانوية التي ذهبت إليها؟ | C30: 1- حكومي 2- خاص 97 - اخرى (حدد) 98-لايعرف | D30: =CONCATENATE(" If 97, provide a textbox If Q",A9,"=2-->Q",A33) -> If 97, provide a textbox If Q3006=2-->Q3030
A31: =A30+1 -> 3028 | B31: هل كانت دراستك الثانوية اكاديمية أم مهنية ؟ | C31: 1- اكاديمية 2- مهنية 98-لايعرف | D31: =CONCATENATE("Skip Pattern If 2--> Q",A33) -> Skip Pattern If 2--> Q3030
A32: =A31+1 -> 3029 | B32: ما هو التخصّص في المرحلة الثانوية الأكاديمية؟ | C32: 1- علمي 2- ادبي 3- شرعي 4- ادارة معلومات 97- أخري (حدد) 98-لايعرف | D32: =CONCATENATE("If 97, provide a textbox Skip Pattern: Check Q", A4, " If Q",A4,"= 3 & Q",A9,"=2 or 3--> Q",A37, " If Q",A4,"= 3 & Q",A9,"=4-8--> Q",A34, " If Q",A4,"=2 --> Q",A34) -> If 97, provide a textbox Skip Pattern: Check Q3001 If Q3001= 3 & Q3006=2 or 3--> Q3034 If Q3001= 3 & Q3006=4-8--> Q3031 If Q3001=2 --> Q3031
A33: =A32+1 -> 3030 | B33: ما هو التخصّص في المرحلة الثانوية المهنية؟ | C33: 1- تجاري 2- تمريضي 3- صناعي 4- زراعي 5- كهرباء 6- ميكانيكا 7- اقتصاد منزلي 8- بريدي 9- فندقي 10- تجميل 11- خياطة 12- تربية طفل 13- تعليم صحي 97- أخري 98-لا يعرف | D33: =CONCATENATE("If 97, provide a textbox Skip Pattern: Check Q", A4, " If Q",A4,"= 3 & Q",A9,"=2 or 3--> Q",A37, " If Q",A4,"= 3 & Q",A9,"=4-8--> Q",A34, " If Q",A4,"=2 --> Q",A34) -> If 97, provide a textbox Skip Pattern: Check Q3001 If Q3001= 3 & Q3006=2 or 3--> Q3034 If Q3001= 3 & Q3006=4-8--> Q3031 If Q3001=2 --> Q3031
A34: =A33+1 -> 3031 | B34: ما هو المعدّل النهائي الذي حصلت عليه في نهاية إمتحانات الثانوية العامة؟ | C34: النتيجة : ___ ___ ___ ** في حالة راسب اكتب (996) ** في حالة لم يدخل الامتحان اكتب (999) ** في حالة لا يعرف 998 ** في حالة النتيجة النهائية كتب الدرجة المئوية | D34: Max 3-digit number
A35: =A34+1 -> 3032 | B35: في أي سنة تركت أو تخرجت من المدرسة الثانوية؟ | C35: السنة Dropdown menu {1930-2016, 9998 لا يعرف , لا ينطبق 9999} | D35: =CONCATENATE("If 9998 -->",A36," If year given, automatically calculate Q",A36) -> If 9998 -->3033 If year given, automatically calculate Q3033
A36: =A35+1 -> 3033 | B36: كم كان عمرك حين انهيت المدرسة الثانوية؟ | C36: العمر : {15-90, 98 لا يعرف, لا ينطبق99}
A37: =A36+1 -> 3034 | B37: هل (كنت) تستخدم أجهزة حاسوب في مدرستك الثانوية؟ | C37: 1- يوميا 2- بشكل مستمر 3- أحيانا 4- نادرا 5- مطلقاً 98-لايعرف 99. لا ينطبق (في حالة عدم وجود أجهزة حاسوب)
A38: =A37+1 -> 3035 | B38: هل ( كانت) مدرستك الثانوية تعمل بنظام الفترات الصباحية و المسائية ؟ | C38: 1. نعم 2. لا 98-لايعرف
A39: =A38+1 -> 3036 | B39: هل (كان) التلاميذ يتعرضوا للعقاب البدني (الضرب) في المدرسة الثانوية؟ | C39: 1- يوميا 2- بشكل مستمر 3- أحيانا 4- نادرا 5- مطلقاً 98-لايعرف
A40: =A39+1 -> 3037 | B40: اين كانت مدرستك الاساسية؟ | C40: 1. داخل الاردن 2. خارج الاردن 98-لايعرف | D40: =CONCATENATE("If 2 --> Q",A42,"; if 98 -->",A44) -> If 2 --> Q3039; if 98 -->3041
A41: =A40+1 -> 3038 | B41: اذكر المحافظة و اللواء: | C41: محافظة اللواء | D41: =CONCATENATE("Provide hierarchical dropdown menus for governorate and district. After answering -->",A43) -> Provide hierarchical dropdown menus for governorate and district. After answering -->3040
A42: =A41+1 -> 3039 | B42: اذكر اسم الدولة : | C42: الدولة: (dropdown list of Countries) | D42: =CONCATENATE("After answering -->",A44) -> After answering -->3041
A43: =A42+1 -> 3040 | B43: ما هو إسم مدرستك الاساسية؟ | C43: dropdown menu with the names of basic schools found in Jordan | D43: =CONCATENATE("*List only the schools found in the governorate selected in ",A41) -> *List only the schools found in the governorate selected in 3038
A44: =A43+1 -> 3041 | B44: ماهو قطاع مدرستك الاساسية؟ | C44: 1- حكومي 2- خاص 3- هيئات دولية (UNWRA) 97- أخرى (حدّد) 98-لايعرف | D44: =CONCATENATE("If 97, provide a textbox Skip Pattern: Check Q",A4," if Q",A4,"=3 & Q",A9,"=1-->",A48) -> If 97, provide a textbox Skip Pattern: Check Q3001 if Q3001=3 & Q3006=1-->3045
A45: =A44+1 -> 3042 | B45: ما هو المعدّل النهائي الذي تحصلت عليه في نهاية إمتحانات ختم الدراسة الأساسية؟ | C45: النتيجة : ___ ___ ___ ** في حالة راسب اكتب (996) ** في حالة لم يدخل الامتحان اكتب (999) ** في حالة لا يعرف 998 ** في حالة المعدل النهائية كتب الدرجة المئوية | D45: 3-digits maximum
A46: =A45+1 -> 3043 | B46: في ايّ سنة تركت أو تخرجت من المدرسة الاساسية؟ | C46: السنة: Dropdown menu {1930-2016, 9998 لا يعرف ,لا ينطبق 9999} | D46: =CONCATENATE("If 9998 -->",A47," If year given, automatically calculate Q",A47,) -> If 9998 -->3044 If year given, automatically calculate Q3044
A47: =A46+1 -> 3044 | B47: كم كان عمرك عندما تخرجت من المدرسة الأساسية؟ | C47: Age : {15-90, 98 لا يعرف, لا ينطبق 99}
A48: =A47+1 -> 3045 | B48: هل (كنت) تستخدم أجهزة حاسوب في مدرستك الاساسية؟ | C48: 1- يوميا 2- بشكل مستمر 3- مرة في الأسبوع 4- نادرا 5- مطلقاً 98-لايعرف 99- لا ينطبق (في حالة عدم وجود أجهزة حاسوب)
A49: =A48+1 -> 3046 | B49: هل ( كانت) مدرستك الاساسية تعمل بنظام الفترات الصباحية و المسائية ؟ | C49: 1. نعم 2. لا 98-لايعرف
A50: =A49+1 -> 3047 | B50: هل (كان) التلاميذ يتعرضون للعقاب الجسدي (الضرب) بالمدرسة الاساسية؟ | C50: Multiple Choice 1. 1- يوميا 2- في كثير من الأحيان 3- أحيانا 4- نادرا 5- مطلقا 98- لا يعرف/لا يتذكر
A51: =A50+1 -> 3048 | B51: قبل ذهابك إلى المدرسة الأساسية، هل ذهبت إلى روضة أطفال أو سنة تحضيرية ؟ | C51: 1. نعم 2. لا 98- لا يعرف
A52: =A51+1 -> 3049 | B52: هل سبق لك أن رسبت في المرحلة الاساسية أو الثانوية؟ اختر 99 للشخص الذي لم يذهب إلي المدرسة اطلاقا | C52: 1. نعم 2. لا 98- لا يعرف 99- لا ينطبق | D52: =CONCATENATE("Skip Pattern: If 2 or 98 -->",A55," ", "if 99--->",A80) -> Skip Pattern: If 2 or 98 -->3052 if 99--->3073
A53: =A52+1 -> 3050 | B53: كم عدد السنوات التي رسبتها في المرحلة الأساسية؟ | C53: Textbox accepting numbers: |___|___| لايعرف، 98 | D53: =CONCATENATE("Provide numerical textbox Skip Pattern IF Q",A9,"=1-->Q",A55) -> Provide numerical textbox Skip Pattern IF Q3006=1-->Q3052
A54: =A53+1 -> 3051 | B54: كم عدد السنوات التي رسبتها في المرحلة الثانوية؟ | C54: Textbox accepting numbers: |___|___| لايعرف، 98 | D54: =CONCATENATE("Provide numerical textbox Skip Pattern: IF Q",A9, "=2 or 3-->Q",A55) -> Provide numerical textbox Skip Pattern: IF Q3006=2 or 3-->Q3052
A55: =A54+1 -> 3052 | B55: هل سبق لك أن أخذت أي دروس خصوصية أو مجموعات تقوية في أي مرحلة من مراحل تعليمك؟ | C55: 1. 1- نعم دروس خصوصية 2- نعم مجموعات تقوية 3- نعم، كلاهما 4- لا 98- لا يتذكر/لايعرف
A56: =A55+1 -> 3053 | B56: هل كنت ملتحق بمؤسسة تعليمية العام الماضي؟ | C56: 1- نعم 2- لا 98-لايعرف | D56: =CONCATENATE("Skip Pattern: If 2 or 98 & ",A4, "=2 -->",A79, " If 2 or 98 & ",A4, "=3 -->",A75) -> Skip Pattern: If 2 or 98 & 3001=2 -->3072 If 2 or 98 & 3001=3 -->3068
A57: =A56+1 -> 3054 | B57: هل أخذت أي دروس خصوصية في السنة الماضية؟ | C57: 1- نعم 2- لا 98-لايعرف | D57: =CONCATENATE("Skip Pattern: If 2 or 98 --> Q",A66) -> Skip Pattern: If 2 or 98 --> Q3061
A58: =A57+1 -> 3055 | B58: لماذا أخذت دروس خصوصية بدلا من الإعتماد على مجموعات تقوية ؟ | C58: Check box 1. 1- لا يوجد في مدرستي مجموعات تقوية 2- توجد مجموعات تقوية في غير المواد التي أحتاج مساعدة فيها 3- توجد مجموعات تقوية ولكنها ليست بنفس جودة الدروس الخصوصية 4- مجموعات التقوية غير كافية 97- أسباب أخرى (حدد) 98-لايعرف | D58: If #97, provide a text box
A59: =A58+1 -> 3056 | B59: كم مادة أخذت فيها دروس خصوصية؟ | C59: عدد المواد: ___ ____ في حالة لا يعرف/لا يتذكر أكتب 98 | D59: Provide numerical textbox
A60: =A59+1 -> 3057 | B60: كم كان متوسط تكلفة الدروس الخصوصية حسب المدة؟ **أكتب 998 في حالة لا يعرف | C60: 1. في الساعة: |___|___|___| | D60: Provide a textbox beside each word. The text box should accept only numbers. If don't know, write 998
C61: 2. في الاسبوع |___|___|___|
C62: 3. في الشهر |___|___|___|
A63: =A60+1 -> 3058 | B63: في أي فترة من السنة الدراسية أخذت دروس خصوصية؟ | C63: 1- طوال السنة 2- أخر ثلاث أشهر من السنة 3- في آخر شهر من السنة 4- في آخر شهرين من السنة 5- بصفة متقطعة 6- خلال العطلة الصيفية 98-لايعرف
A64: =A63+1 -> 3059 | B64: كم كلفتك الدروس الخصوصية طوال السنة بالدينار؟ | C64: تكلفة العام بالدينار : |___|___|___|___| اكتب 9998 في حالة لا يعرف | D64: 4-digit numbers Accept integers only
A65: =A64+1 -> 3060 | B65: هل كانت الدروس الخصوصية عند أحد مدرسيك في المدرسة أو الكلية؟ | C65: 1. نعم 2. لا 98-لايعرف | D65: =CONCATENATE("Skip Pattern Check IF Q",A55," = 1,4, or 98 --> Q",A72) -> Skip Pattern Check IF Q3052 = 1,4, or 98 --> Q3065
A66: =A65+1 -> 3061 | B66: هل أخذت مجموعات تقوية في السنة الدراسية السابقة؟ | C66: 1. نعم 2. لا 98-لايعرف | D66: =CONCATENATE("Skip Pattern: If 2 or 98 --> Q",A72) -> Skip Pattern: If 2 or 98 --> Q3065
A67: =A66+1 -> 3062 | B67: كم مادة أخذت فيها مجموعات تقوية ؟ | C67: عدد المواد : ____ ____ اكتب 98 في حالة لا يعرف | D67: one or two digit numbers Textbox accepting numbers only
A68: =A67+1 -> 3063 | B68: كم كان متوسط تكلفة مجموعات تقوية حسب المدّة؟ اكتب 998 في حالة لا يعرف | C68: 1. تكلفة الساعة: |___|___|___| | D68: Provide numerical textbox; if don't know, write 998
C69: 2. تكلفة الأسبوع: |___|___|___|
C70: 3. تكلفة الشهر: |___|___|___|
A71: =A68+1 -> 3064 | B71: هل كانت مجموعات تقوية عند أحد مدرسيك في المدرسة? | C71: 1. نعم 2. لا 98-لايعرف
A72: =A71+1 -> 3065 | B72: هل كان أحد والديك أو اقاربك يساعدونك في مراجعة دروسك؟ | C72: 1. نعم 2. لا 98-لايعرف | D72: =CONCATENATE("Skip Pattern: If 2 or 98 -->",A74) -> Skip Pattern: If 2 or 98 -->3067
A73: =A72+1 -> 3066 | B73: من الذي كان يساعدك في المراجعة؟ | C73: Multiple Choice 1- Father1- الأب 2- الأم 3- الإثنين معا 4- الأشقاء الأكبر سنا 5- أقارب آخرون 97- أخرى (حدّد) 98-لايعرف | D73: If 97, provide textbox.
A74: =A73+1 -> 3067 | B74: كم بلغت قيمة مصاريف الالتحاق بالدراسة للعام الدراسي الماضي ؟ في حالة لا يعرف اكتب 99998 | C74: قيمة المصاريف بالدينار: |___|___|___|___|___| | D74: =CONCATENATE("Provide textbox that accepts only numerical values. Skip Pattern: If ",A4, "=2 -->",A79) -> Provide textbox that accepts only numerical values. Skip Pattern: If 3001=2 -->3072
A75: =A74+1 -> 3068 | B75: كم ساعة تقضيها يوميا في المدرسة؟ | C75: عدد الساعات: |___|___| في حالة لا يعرف اكتب 98 | D75: Provide numerical textbox
A76: =A75+1 -> 3069 | B76: هل غبت عن المدرسة اي يوم في الاسبوع الماضي؟ | C76: 1- نعم 2- لا 98-لايعرف | D76: =CONCATENATE("Skip Pattern If 2 or 98 --> Q",A79) -> Skip Pattern If 2 or 98 --> Q3072
A77: =A76+1 -> 3070 | B77: كم عدد الايام التي غبت فيها خلال الاسبوع الماضي؟ | C77: Multiple Choice from {1-5}, *لا يعرف = 98
A78: =A77+1 -> 3071 | B78: لماذاغبت عن المدرسة الأسبوع الماضي؟ (اذكر اهم سببين) | C78: السبب الاول Dropdown السبب الثانى Dropdown Choices for the dropdown 1- المدرسة فى فترة عطلة 2- المدرس كان غائباً 3- سوء معاملة المدرسين أوالزملاء 4- الطقس كان سيئاً (سوء الأحوال الجوية) 5- أساعد الأسرة فى العمل 6- أساعد الأسرة فى أعمال المنزل 7- أعمل خارج نطاق عمل الأسرة 8- مريض/ مصاب 97- أخرى (حدد) 98-لايعرف 99. لا ينطبق (secondary reason only) | D78: If 97, provide a textbox
A79: =A78+1 -> 3072 | B79: =CONCATENATE(" Internal variable based on ",A7," and ",A9," Did individual complete primary/ preparatory/ basic school? ") -> Internal variable based on 3004 and 3006 Did individual complete primary/ preparatory/ basic school? | C79: 1. Yes 2. No 98. Don't know | D79: Skip Pattern If 1 --> next section
A80: =A79+1 -> 3073 | B80: هل تستطيع قراءة رسالة أو جريدة؟ | C80: 1- نعم 2- لا 98-لايعرف
A81: =A80+1 -> 3074 | B81: هل تستطيع كتابة رسالة/ خطاب؟ | C81: 1- نعم 2- لا 98-لايعرف
A82: =A81+1 -> 3075 | B82: هل تستطيع إجراء عمليات حسابية بسيطة (جمع أو طرح)؟ | C82: 1- نعم 2- لا 98-لايعرف | D82: Skip pattern: If age<15--> next section
A83: =A82+1 -> 3076 | B83: هل سبق لك الإلتحاق بدورة أو برنامج من برامج محو الأمية؟ | C83: 1- نعم 2- لا 98-لايعرف | D83: =CONCATENATE("If Q",A83,"=2 or 98-->4.0") -> If Q3076=2 or 98-->4.0
A84: =A83+1 -> 3077 | B84: هل حصلت على شهادة محو الأمية؟ | C84: 1- نعم 2- لا 98-لايعرف
A85: =A84+1 -> 3078 | B85: ما هي سنة الحصول على شهادة محو الأمية ؟ | C85: السنة Dropdown menu {1930-2016, 9998لا يعرف} | D85: =CONCATENATE("If 9998 -->",A86," If year given, automatically calculate Q",A86, " and move to next section") -> If 9998 -->3079 If year given, automatically calculate Q3079 and move to next section
A86: =A85+1 -> 3079 | B86: وكم كان عمرك عندما حصلت علي شهادة محو الأمية؟ | C86: العمر : {15-90, 98 لا يعرف}

Sheet 4.0 Past 7 days S & D Work
A1: .4 المهام الأسرية في 7 ايام الماضية
A2: (6 سنوات فأكثر بناء علي سؤال 206)
A3: Question # | B3: Question | C3: Type of Question | E3: Validation & Skip Patterns
D4: Dropdown menu 1. نعم 2. لا 98. لا يعرف
A5: 4001 | B5: هل كان هناك اي حدث خاص في اسرتك خلال السبعة أيام الماضية؟ | C5: 1- زفاف | E5: If 97, provide textbox
C6: 2- اعياد
C7: 3-حالة وفاة
C8: 4- عطلة رسمية
C9: 5- لايوجد
C10: 97- أخرى (حدد)
A12: =A5+1 -> 4002 | B12: 1. هل قمت في السبعة أيام السابقة بأي من الأنشطة التالية؟ | C12: Dropdown: 1. نعم 2. لا 98. لا يعرف | D12: 2. كم من الوقت امضيت في هذا النشاط؟
B13: a. القيام بأنشطة زراعية بغرض استهلاك الاسرة | C13: |___| | D13: |___||___|.|___|___|
B14: b. تربية دواجن/ثروة حيوانية بغرض استهلاك الأسرة لها | C14: |___| | D14: |___||___|.|___|___|
B15: c. صناعة السمن / الزبدة / جبن بغرض استهلاك الأسرة لها | C15: |___| | D15: |___||___|.|___|___|
B16: d. اعداد الطعام بغرض استهلاك الأسرة | C16: |___| | D16: |___||___|.|___|___|
B17: e.غسيل الاطباق | C17: |___| | D17: |___||___|.|___|___|
B18: f. غسيل الملابس وكيها | C18: |___| | D18: |___||___|.|___|___|
B19: g. تنظيف البيت | C19: |___| | D19: |___||___|.|___|___|
B20: h.عمال بناء لمنزل الاسرة او اعمال صيانة في المنزل | C20: |___| | D20: |___||___|.|___|___|
B21: i.جمع حطب/ وقود (مصادر طاقة أخري) | C21: |___| | D21: |___||___|.|___|___|
B22: j. التسوق للمنزل بمافيه شراء الطعام وملابس الاسرة ومستلزمات المنزل | C22: |___| | D22: |___||___|.|___|___|
B23: k. لتفرغ لرعاية كبار السن أو المرضى | C23: |___| | D23: |___||___|.|___|___|
B24: l. لتفرغ لرعاية الاطفال | C24: |___| | D24: |___||___|.|___|___|

Sheet 5.1 Employment
A1: 5. بيانات التشغيل و البطالة
A2: 5.1 العمل خلال السبعة أيام الماضية
C3: (6 سنوات فأكثر بناء علي سؤال 206)
A4: Q# | B4: Question | C4: Type of Question | F4: Validation & Skip Patterns
A5: 5101 | B5: هل زاولت اي عمل خلال السبعة ايام التي سبقت يوم المقابلة؟ (حتي إن زاول العمل لساعة واحدة) | C5: 1. نعم 2. لا 98-لايعرف | F5: =CONCATENATE("If 1 -->",A24) -> If 1 -->5107
A6: =A5+1 -> 5102 | B6: هل كنت مرتبط بعمل خلال السبعة أيام مالماضية ولكنك كنت غائبا عنه مؤقتا؟ | C6: 1. نعم 2. لا 98-لايعرف | F6: =CONCATENATE("If 1 -->",A28) -> If 1 -->5110
A7: =A6+1 -> 5103 | B7: هل قمت خلال 7 ايام السابقة للمقابلة (ولو لفترة قصيرة او متقطعة) باي عمل من الاعمال التالية بغرض البيع / التسويق/ الحصول على اجر / المساعدة في مشروع اسري بهدف البيع أو التسويق؟ | C7: النشاط | D7: 1. نعم | E7: 2. لا | F7: =CONCATENATE("If any a. -m. = yes, -->",A24) -> If any a. -m. = yes, -->5107
C8: a. المشاركة في انتاج زراعي (جمع محصول/ري/زراعة)
C9: b. تربية طيور/رعاية مواشي/اغنام
C10: c. انتاج البان واجبان/سمن
C11: d. تحضير خضروات/ماكولات
C12: e.منتجات قش/سجاد/منسوجات/حبال
C13: f. تقديم خدمات للغير (لبعض الوقت) في المنزل / المحل / الفندق
C14: g. بائع متجول
C15: h. عامل بناء
C16: i. جمع حطب / جفت
C17: j. خياطة/ تطريز/ كروشية
C18: k.مندوب مبيعات
C19: l. متدرب
C20: m. عمل من المنزل(مبرمج, etc.)
A21: =A7+1 -> 5104 | B21: هل كنت ترغب في العمل خلال السبعة ايام السابقة ليوم المقابلة؟ | C21: 1. نعم 2. لا 98-لايعرف | F21: =CONCATENATE("If 2 or 98 --> ",A23) -> If 2 or 98 --> 5106
A22: =A21+1 -> 5105 | B22: اذا توفر عمل مناسب، هل انت مستعد لتبدأ العمل خلال الاسبوعين المقبلين؟ | C22: 1. نعم 2. لا 98-لايعرف | F22: If 1 --> next section (Ages 15-64) or section 5.3 (Ages 6-14 and 65+)
A23: =A22+1 -> 5106 | B23: ما هو السبب الرئيسي لعدم الرغبة أو الإستعداد للعمل؟ | C23: 1. ربة منزل 2. طالب بدوام كامل 3. له دخل أو ايراد 4. لا يرغب في العمل 5. عجز مؤقت عن العمل (إعاقة) 6. عجز دائم عن العمل (إعاقة) 7. متقاعد 97. أخري (حدد) 98. لا يعرف | F23: After answering --> section 5.3 Employment; if 97, provide textbox
A24: =A23+1 -> 5107 | B24: ما عدد أياّم عملك الفعلية خلال 7 ايام السابقة ليوم المقابلة سواء كانت متصلة اومتقطعة؟ | C24: Dropdown menu, (1-7), لا يعرف = 98
A25: =A24+1 -> 5108 | B25: ما عدد ساعات عملك في اليوم والاسبوع خلال الاسبوع الماضي؟ في حالة لا يعرف، اكتب 98 | C25: a. إجمالي عدد الساعات في اليوم:|___|___| | F25: =CONCATENATE("Provide textbox for both lines that accepts only numbers. If b in ",A25, " >= 35 -->",A28," if b in ",A25, "=98 -->",A30) -> Provide textbox for both lines that accepts only numbers. If b in 5108 >= 35 -->5110 if b in 5108=98 -->5111
C26: b. إجمالي عدد الساعات في الاسبوع |___|___|
A27: =A25+1 -> 5109 | B27: ما سبب العمل لمدة أقل من 35 ساعة في الاسبوع؟ | C27: 1- ظروف العمل تقتضي ذلك 2- عدم وجود عمل لساعات أطول 3- الأجر غير مجزي 4- عدم الرغبة في العمل وقت أطول 5- غياب مؤقت عن العمل 97- أخرى (حدد) 98- لا يعرف | F27: If 97, provide textbox
A28: =A27+1 -> 5110 | B28: متى بدأت عملك الحالي؟ | C28: a. شهر: dropdown menu from الشهور السريانية +لا يعرف 98 | F28: =CONCATENATE("Calculate the period: if individual has been working for less than 3 months --> Q",A30," if individual has been working for more than 3 months -->section 6.1") -> Calculate the period: if individual has been working for less than 3 months --> Q5111 if individual has been working for more than 3 months -->section 6.1
C29: b. السنة dropdown menu from 1930-2016 +لا يعرف 9998)
A30: =A28+1 -> 5111 | B30: هل عملك في الاسبوع السابق للمقابلة هو العمل الاساسي الاطول خلال الثلاث شهور الماضية؟ | C30: 1- نعم 2- لا 98-لايعرف | F30: After answering --> section 6.1

Sheet 5.2 Unemployment
B1: 5 بيانات التشغيل والبطالة
B2: 5.2 البطالة
D3: وظيفة الحكومة هي العمل الأساسي بغض النظر اذا ما كان الفرد لديه عمل آخر يقضي به وقت أطول
B4: =CONCATENATE("Apply to those who answered yes to question ",'5.1 Employment'!A22, " and are between ages 15-64 based on Q206 in household questionnaire") -> Apply to those who answered yes to question 5105 and are between ages 15-64 based on Q206 in household questionnaire
B6: Question # | C6: Question | D6: Type of Question | H6: Validation & Skip Patterns
B7: 5201 | C7: ما السبب الرئيسي لعدم عملك خلال الأسبوع السابق للمقابلة؟ | D7: السبب الرئيسي : Dropdown menu with the following choices 1- عدم وجود عمل على الاطلاق 2- عدم وجود عمل يناسب المؤهل أو الخبرة 3- عدم وجود عمل بالأجر المناسب 4- عدم وجود عمل في منظمة أو شركة مناسبة 5- عدم وجود عمل بموقع مناسب 6- عدم القدرة علي تحمل نفقات السكن او الانتقال إلى مكان فرصة العمل المتاح 7- غياب الامان خلال رحلتي الذهاب و العودة للعمل 97- اخرى (حدد) | H7: If 97, provide a textbox
B8: =B7+1 -> 5202 | C8: هل هناك سبب ثانوي لعدم عملك خلال الأسبوع السابق للمقابلة؟ | D8: 1. نعم 2. لا 98-لا يعرف | H8: =CONCATENATE("If 2 or 98 --> Q",B10) -> If 2 or 98 --> Q5204
B9: =B8+1 -> 5203 | C9: اذكر السبب الثانوي | D9: السبب الثانوى : Dropdown menu with the following choices 1- عدم وجود عمل على الإطلاق 2- عدم وجود عمل يناسب المؤهل أو الخبرة 3- عدم وجود عمل بالإجر المناسب 4- عدم وجود عمل في منظمة أو شركة مناسبة 5- عدم وجود عمل بموقع مناسب 6- عدم القدرة علي تحمل نفقات السكن او الانتقال إلى مكان فرصة العمل المتاح 7- غياب الامان خلال رحلتي الذهاب و العودة للعمل 97- أخرى (حدد)
B10: =B9+1 -> 5204 | C10: ماهو الحد الأدنى لصافي الدخل الشهري الذي تحتاجه لتقبل وظيفة في القطاع الحكومي؟ | D10: الدخل الشهري بالدينار: |___|___|___|___| *في حالة ان يكون المبلغ اكبر من 10,000 اكتب 9999 * في حالة لا يعرف اكتب 9998 * في حالة عدم الرغبة في هذا القطاع اكتب 9996 | H10: Provide a textbox that only accepts numerical values (max 4-digits)
B11: =B10+1 -> 5205 | C11: ماهو الحد الادنى لصافي الدخل الشهري الذي تحتاجه لتقبل وظيفة في القطاع الخاص المنظم؟ | D11: الدخل الشهري بالدينار: |___|___|___|___| *في حالة ان يكون المبلغ اكبر من 10,000 اكتب 9999 * في حالة لا يعرف اكتب 9998 * في حالة عدم الرغبة في هذا القطاع اكتب 9996 | H11: Provide a textbox that only accepts numerical values (max 4-digits)
B12: =B11+1 -> 5206 | C12: ماهو الحد الادنى لصافي الدخل الشهري الذي تحتاجه لتقبل وظيفة في القطاع الغير منظم؟ (العمل بمنشآت لا تحمل سجل تجاري و لا توفر ضمان اجتماعي) | D12: الدخل الشهري بالدينار: |___|___|___|___| *في حالة ان يكون المبلغ اكبر من 10,000 اكتب 9999 * في حالة لا يعرف اكتب 9998 * في حالة عدم الرغبة في هذا القطاع اكتب 9996 | H12: Provide a textbox that only accepts numerical values (max 4-digits)
B13: =B12+1 -> 5207 | C13: هل تقبل وظيفة أي من الوظائف الآتية: | D13: 1. موظف موارد بشرية 2. موظف في القطاع العام/الحكومي 3. مساعد إداري 4. مدخل بيانات 5. أمين صندوق بنك 6. معلم 7. موظف خدمة عملاء 8. مندوب مبيعات داخل محل 9.موظف تسويق عبر الهاتف 10. مندوب مبيعات متجول (Outdoor sales) 11. سفرجي/مضيف 12. عامل زراعي 13. عامل صناعي | E13: 1. نعم | F13: 2. لا | G13: لا يعرف( 98)
B14: =B13+1 -> 5208 | C14: متى بدأت فترة التعطل الأخيرة؟ **هذا هو التاريخ الذي أنهى فيه الشخص آخر فترة عمل له (في أي عمل) أو عندما بدأ البحث عن عمل للمرة الأولى | D14: a. الشهر (dropdown menu from الشهور السريانية; لا يعرف=98) b. السنة (dropdown menu from 1930-2016; لا يعرف=9998)
B15: =B14+1 -> 5209 | C15: هل قمت باي من المحاولات التالية للبحث عن عمل خلال الأربع أسابيع الماضية؟ | E15: 1. نعم | F15: 2. لا | G15: لا يعرف (98) | H15: =CONCATENATE("if any of the answers from 1-12, 97 were yes, --> Q",B35," If 97, provide textbox") -> if any of the answers from 1-12, 97 were yes, --> Q5216 If 97, provide textbox
D16: 1. التسجيل في مكاتب وزارة العمل/ديوان الخدمة المدنية
D17: 2. التسجيل في مكتب عمل خاص
D18: 3. المشاركة في امتحان تنافسي
D19: 4. تقديم طلب عمل أو السيرة الذاتية للإحدى جهات العمل
D20: 5. التحري في موقع العمل أو الإتصال بصاحب العمل
D21: 6. نشر طلب عمل بالجرائد
D22: 7. البحث في أعلانات الوظائف في الجرائد أو عبر الأنترنت
D23: 8. التقدم إلى عمل معلن عنه في الجرائد أو في الأنترنت
D24: 9. طلب مساعدة من معارف أو أقارب
D25: 10. الإنتظار بمكان تجمع للعمالة اليومية
D26: 11. السعي للبدء في مشروع خاص
D27: 12. القيام بترتيبات للحصول على تمويل لمشروع خاص
D28: 97. أخرى(حدد)
B29: =B15+1 -> 5210 | C29: ماهو سبب عدم بحثك عن عمل خلال الأربع أسابيع الماضية؟ | D29: السبب الرئيسي (dropdown menu) 1. الاعتقاد بعدم وجود عمل 2. تعب من البحث عن عمل 3. تفضيل الذكور/الإناث في التعيين 4. لايعرف طريقة فعالة للبحث 5. عدم وجود عمل مناسب 6. ليس لدي الخبرة اللازمة 7. قصور العلاقات الاجتماعية (الواسطة) 8. بسبب الدراسة 9. عدم الاحتياج للعمل 10- الحالة الصحية لا تسمح 11- بسبب المسئوليات العائلية 12- بسبب معارضة أحد أعضاء الأسرة 97- أخرى (حدد) 98- لا يعرف | H29: If 97, provide a textbox
B30: =B29+1 -> 5211 | C30: هل هناك سبب ثانوي؟ | D30: 1. نعم 2. لا | H30: =CONCATENATE("If 2-->", B32) -> If 2-->5213
B31: =B30+1 -> 5212 | C31: اذكر السبب الثانوي: | D31: السبب الثانوى (dropdown menu) 1. الاعتقاد بعدم وجود عمل 2. تعب من البحث عن عمل 3. تفضيل الذكورعلى الإناث في التعيين او العكس 4. لايعرف طريقة فعالة للبحث 5. عدم وجود عمل مناسب 6. ليس لدي الخبرة اللازمة 7. قصور العلاقات الاجتماعية (الواسطة) 8. بسبب الدراسة 9. عدم الاحتياج للعمل 10- الحالة الصحية لا تسمح 11- بسبب المسئوليات العائلية 12- بسبب معارضة أحد أعضاء الأسرة 97- أخرى (حدد) 98- لا يعرف
B32: =B31+1 -> 5213 | C32: هل بحثت باجتهاد عن عمل خلال فترة تعطلك الحالي؟ | D32: 1. نعم 2. لا | H32: If 2 ---> next section
B33: =B32+1 -> 5214 | C33: في أي شهر وسنة بدأت البحث عن العمل لأوّل مرّة في فترة التعطل الحالية؟ | D33: a. الشهر: (dropdown menu from الشهور السيريانية; لا يعرف=98) b. السنة: (dropdown menu from 1930-2016; لا يعرف=9998) | H33: =CONCATENATE("Validation: date needs to be the same or later than in Q",B14) -> Validation: date needs to be the same or later than in Q5208
B34: =B33+1 -> 5215 | C34: في أي شهر وسنة بحثت عن عمل لآخر مرة؟ | D34: a. الشهر: (dropdown menu from الشهور السيريانية; لا يعرف=98) b. السنة: (dropdown menu from 1930-2016; لا يعرف=9998) | H34: =CONCATENATE("Validation: date needs to be the same or later than in Q",B33," After answering --> next section") -> Validation: date needs to be the same or later than in Q5214 After answering --> next section
B35: =B34+1 -> 5216 | C35: هل استخدمت وسيلة الهاتف الأرضي للبحث عن عمل خلال الأربع أسابيع الماضية؟ | D35: 1- نعم 2- لا
B36: =B35+1 -> 5217 | C36: هل استخدمت وسيلة الهاتف الخلوي (الموبيل) للبحث عن عمل خلال الاربع أسابيع الماضية؟ هل كان متصل بالإنترنت؟ | D36: 1. نعم، متصل بالإنترنت 2. نعم، و لكن ليس متصل بالإنترنت 3. لا
B37: =B36+1 -> 5218 | C37: هل استخدمت الحاسوب للبحث عن عمل خلال الأربع اسابيع الماضية؟ وهل كان متصل بالإنترنت؟ | D37: 1. نعم، متصل بالانترنت 2. نعم، و لكن ليس متصل بالانترنت 3. لا
B38: =B37+1 -> 5219 | C38: متي بدأت البحث عن وظيفة لأول مرة خلال فترة التعطل الحالية؟ | D38: a. الشهر: (dropdown menu from الشهور السيريانية ; لا يعرف=98) b. السنة: (dropdown menu from 1930-2016; لا يعرف=9998) | H38: =CONCATENATE("Validation: date needs to be the same or later than in Q",B14) -> Validation: date needs to be the same or later than in Q5208

Sheet 5.3 Employment
A1: 5.3 العمل خلال الثلاثة أشهر الماضية (الذين لم يعملوا خلال السبعة أيام السابقة) 6 سنوات فأكثر
C2: ينطبق علي جميع الافراد 6 سنوات فأكثر بناء علي السؤال 206 و الذين لم يسبق لهم خلال السبعة ايام الماضية (لم يتم الاجابة ب"نعم" في اي من الاسئلة التالية: 5101و 5012و 5103
A3: Question # | B3: Question | C3: Type of Question | F3: Validation & Skip Patterns
A4: 5301 | B4: هل زاولت أي عمل خلال الثلاثة أشهر الماضية ؟ | C4: 1- نعم 2- لا | F4: If 1 --> next section
A5: =A4+1 -> 5302 | B5: هل قمت خلال الثلاثة الأشهر الماضية (حتي و لو لفترة قصيرة أو متقطعة) بأي عمل من الأعمال التالية بغرض البيع/ التسويق/ الحصول على اجر/ المساعدة في مشروع أسري؟ | C5: النشاط | D5: 1. نعم | E5: 2. لا | F5: If yes to any, --> next section
C6: a. المشاركة في عمل زراعي (جمع محصول/ري/زراعة)
C7: b. تربية طيور/رعاية مواشي/اغنام
C8: c. انتاج البان واجبان/سمن
C9: d. تحضير خضروات/ماكولات
C10: e.منتجات قش/سجاد/منسوجات/حبال
C11: f. تقديم خدمات للغير (لبعض الوقت) في منزل/ محل/ فندق
C12: g. بائع متجول
C13: h. عامل بناء
C14: i. جمع حطب / جفت
C15: j. خياطة/ تطريز/ كروشية
C16: k.مندوب مبيعات
C17: l. متدرب
C18: m. عمل من المنزل(مبرمج, etc.)
A19: =A5+1 -> 5303 | B19: هل سبق لك العمل أو المشاركة في أي من الأنشطة السابقة أو أي عمل آخر لمدة تزيد عن 6 أشهر؟ | C19: 1. نعم 2. لا | F19: If 1 & age 15+--> section 7. Job mobility If 1 & age<15--> section 12.1 information technology
A20: =A19+1 -> 5304 | B20: هل سبق لك البحث عن عمل أو التسجيل في مكتب توظيف أو الاشتراك في أمتحان تنافسي؟ | C20: 1. نعم 2. لا | F20: If 2 or 98 & age 15+ --> section 8.1 cost of marriage If 2 or 98 & age<15--> section 12.1 information technology
A21: =A20+1 -> 5305 | B21: متى بدأت البحث عن عمل لأول مرة؟ | C21: شهر (dropdown menu from الشهور السيريانية ) 98لا يعرف السنة (dropdown 1930-2016) 9998 لا يعرف
A22: =A21+1 -> 5306 | B22: هل مازلت تبحث عن عمل؟ | C22: 1. نعم 2. لا | F22: If 1 & age 15+ --> section 8.1 cost of marriage If 1 & age<15--> section 12.1 information technology
A23: =A22+1 -> 5307 | B23: متى انتهيت من البحث عن عمل لآخر مرة؟ | C23: شهر (dropdown menu from الشهور السيريانية) 98لا يعرف السنة (dropdown 1930-2016) 9998 لا يعرف | F23: After answering, If age 15+ --> section 8.1 cost of marriage If age<15--> section 12.1 information technology

Sheet 6.1 Job charc 
A1: 6. خصائص العمل
A2: 6.1 العمل الأساسي خلال 3 شهور الماضية
A3: ينطبق على جميع الأفراد (6 سنوات فأكثر بناء علي السؤال 206) الذين عملوا خلال الثلاث الشهور الماضية (تم الاجابة علي اي من 5101، 5102، 5103، 5301، 5302 ب"نعم")
A4: Question # | B4: Question | C4: Type of Question | D4: Validation & Skip Patterns
A5: 6101 | B5: هل تعمل في مكان ثابت أو منشأة؟ | C5: 1- نعم 2- لا 98-لا يعرف | D5: =CONCATENATE("If 2 or 98 --> Q",A7) -> If 2 or 98 --> Q6103
A6: =A5+1 -> 6102 | B6: ما اسم هذه المنشأة؟ | C6: اسم المنشأة : ___________ | D6: (Textbox that accepts letters)
A7: =A6+1 -> 6103 | B7: ما هو النشاط الإقتصادي لجهة العمل التي تعمل بها أو النشاط لمن يعمل خارج المؤسسات؟ | C7: النشاط الاقتصادى Level 1 النشاط الاقتصادى4 Level اكتب 998، اذا كان لا يعرف | D7: Level 1: dropdown menu with the generic economic activities. Level 4: dropdown menu with more specific information.
A8: =A7+1 -> 6104 | B8: ما هي مهنتك في عملك الأساسي خلال الثلاثة شهور الماضية؟ | C8: المهنة: | D8: Skip pattern: If age<15-->Q",A11)
A9: =A8+1 -> 6105 | B9: هل يتطلب عملك الإشراف على آخرين؟ | C9: 1- نعم 2- لا 98- لا يعرف | D9: =CONCATENATE("If 2 or 98--> Q",A11) -> If 2 or 98--> Q6107
A10: =A9+1 -> 6106 | B10: كم عدد الأشخاص الذين تشرف عليهم مباشرة؟ | C10: عدد الاشخاص : |___|___|___| اكتب 998 اذا لايعرف اكتب 999 اذا اكثر من 1000 | D10: Textbox accepting numerical values - 3-digit values
A11: =A10+1 -> 6107 | B11: هل يتطلب عملك مهارة فنيّة؟ | C11: 1- نعم 2- لا 98- لا يعرف | D11: =CONCATENATE("If 2 or 98 --> Q",A15) -> If 2 or 98 --> Q6111
A12: =A11+1 -> 6108 | B12: كيف حصلت على هذه المهارة؟ (أذكر أهم وسيلة) | C12: 1- التعليم العام (ما عدا التعليم الفني) 2- التعليم الفني 3- التدريب المهني 4- من خلال مقاول 5- من خلال حرفي 6- من خلال العمل في شركة أو مؤسسة قطاع عام 7- من خلال العمل في شركة قطاع خاص 8- من خلال العمل في مشروع أسري 97- أخرى حدد 98- لا يعرف | D12: If 97, provide a textbox
A13: =A12+1 -> 6109 | B13: هل الفرد يمارس عمل حرفي؟ | C13: 1- نعم 2- لا 98- لا يعرف | D13: =CONCATENATE("If 2 or 98 --> Q",A15) -> If 2 or 98 --> Q6111
A14: =A13+1 -> 6110 | B14: ما هو مستوى مهارتك؟ | C14: 1- تحت التمرين (متدرب) 2- مساعد 3- فني متخصص 98- لا يعرف
A15: =A14+1 -> 6111 | B15: هل إشتركت في أي دورة تدريبية تمكنك من القيام بعملك (غير التعليم النظامي)؟ | C15: 1- نعم 2- لا 98- لا يعرف | D15: =CONCATENATE("If 2 or 98-> Q",A19) -> If 2 or 98-> Q6115
A16: =A15+1 -> 6112 | B16: ما هو نوع التدريب الذي حصلت عليه؟ ** في حالة تعدّد الدورات، إسأل عن أطول تدريب | C16: 1- مؤسسة التدريب المهني 2- وكالة الغوث 3- معهد خاص فني 4- تدريب متعلق بالعمل يمنحه صاحب العمل 5- برنامج تدريب مهني من خلال مؤسسة عمومية 6- برنامج تدريب مهني من خلال مؤسسة خاصة 7- برنامج تعليم لغات 8- برنامج تعليم كمبيوتر 9- دورة سكرتارية 97- أخرى (حدد) 98- لا يعرف | D16: If 97, provide a textbox
A17: =A16+1 -> 6113 | B17: كم عدد الأسابيع التي تطلبها هذا التدريب؟ | C17: عدد الاسابيع: |__|__|__| ** اذا كان أكثر من 100 أسبوع اكتب 999 ** اذا كان "لا يعرف" اكتب 998 ** اذا كان اقل من اسبوع اكتب 01 | D17: Textbox accepting numbers - 3 digit numbers
A18: =A17+1 -> 6114 | B18: من الذي تحمّل معظم تكاليف هذا التدريب؟ | C18: 1- الفرد بنفسه 2- أسرة الفرد 3- صاحب العمل 4- هيئة عمومية 5- وكالة الغوث 6- منظمة غير حكومية 97- أخرى (حدد) 98- لا يعرف | D18: If 97, provide a textbox
A19: =A18+1 -> 6115 | B19: ما هو الحد الأدنى من التعليم الذي يتطلبه عملك؟ | C19: 1- لا يتطلب شهادة 2- شهادة محو الأمية 3- إبتدائي 4- إعدادي 5- ثانوي 6- مؤهّل جامعي 7- مؤهّل فوق الجامعي 98- لا يعرف
A20: =A19+1 -> 6116 | B20: هل يتطلبّ عملك أيّ من القدرات التالية؟ | C20: 1. نعم 2. لا 98. لا يعرف | D20: The 1, 2, or 98 should be dropdown menu for each line
C21: 1. معرفة القراءة والكتابة الأساسية
C22: 2. رياضيات أو إحصاء
C23: 3. لياقة بدنية (مجهود عضلي)
C24: 4. مهارات حاسوب
A25: =A20+1 -> 6117 | B25: هل تستخدم حاسوب (كمبيوتر) في العمل؟ وفي حالة إستخدامه هل هو متصل بالأنترنت؟ | C25: 1- نعم، مع الأنترنت 2- نعم، بدون أنترنت 3- لا 98- لا يعرف
A26: =A25+1 -> 6118 | B26: هل عملك منتظم أو غير منتظم؟ | C26: 1. منتظم 2. غير منتظم | D26: =CONCATENATE("If 2 --> Q",A28) -> If 2 --> Q6120
A27: =A26+1 -> 6119 | B27: هل عملك دائم أم مؤقت؟ | C27: 1. دائم 2. مؤقت | D27: =CONCATENATE("After answering --> Q",A29) -> After answering --> Q6121
A28: =A27+1 -> 6120 | B28: هل عملك متقطع أم موسمى؟ | C28: 1. متقطع 2. موسمي | D28: =CONCATENATE("After answering, --> Q",A32) -> After answering, --> Q6124
A29: =A28+1 -> 6121 | B29: في حالة العمالة المنتظمة: ما المدّة التي قضيتها في أطول عمل أساسي لك في الثلاث شهور الماضية (بالأسابيع)؟ | C29: المدة بالاسبوع: |___|___| ** اكتب 13، في حالة العمل خلال المدة كلها ** اكتب 98، اذا كان لا يعرف | D29: Textbox accepting numerical values - 2 digits
A30: =A29+1 -> 6122 | B30: ما متوسط عدد أيام الاسبوع التي عملت بها خلال الثلاثة شهور الماضية؟ | C30: عدد ايام العمل في الاسبوع: |___|___| ** اكتب 98، في حالة لا يعرف | D30: Textbox accepting numerical values - 2 digits
A31: =A30+1 -> 6123 | B31: ما هو متوسط عدد الساعات التي تعملها يوميا؟ | C31: عدد ساعات العمل في اليوم : |___|___| ** اكتب 98، في حالة لا يعرف | D31: =CONCATENATE("After answering --> Q",A36) -> After answering --> Q6125
A32: =A31+1 -> 6124 | B32: في حالة العمال غير المنتظم: ما المدة التي قضيتها في عملك الأساسي خلال الثلاثة اشهر الماضية؟ (سواء كانت متصلة او متقطعة) **اكتب 98، في حالة لا يعرف
B33: الشهر السابق | C33: عدد اسابيع العمل: ___ ___ ساعات العمل/ الاسبوع : ___ ___ | D33: Provide numerical textboxes
B34: الشهر ما قبل السابق | C34: عدد اسابيع العمل: ___ ___ ساعات العمل/ الاسبوع : ___ ___
B35: الشهر ما قبلهما | C35: عدد اسابيع العمل: ___ ___ ساعات العمل/ الاسبوع : ___ ___
A36: =A32+1 -> 6125 | B36: هل تعمل احيانا ليلاً (بعد السابعة مساءً)؟ | C36: 1- نعم 2- لا
A37: =A36+1 -> 6126 | B37: هل هناك نسبة من منتج جهة العمل التي تعمل بها يتم تصديرها الى الخارج؟ | C37: 1- نعم 2- لا 98- لا يعرف | D37: =CONCATENATE("If 2 or 98 --> Q",A39) -> If 2 or 98 --> Q6128
A38: =A37+1 -> 6127 | B38: ماهي نسبة المنتجات التي يتم تصديرها؟ | C38: 1- أقل من الربع 2- من الربع الى أقل من النصف 3- من النصف الى أقل الثلاث أرباع 4- أكثر من الثلاث أرباع ولكن ليس كل الكمية 5- كلها 98- لا يعرف
A39: =A38+1 -> 6128 | B39: هل نشاط جهة العمل التي تعمل بها له علاقة بالسياحة(تقديم خدمة اوسلعة للسياح)؟ | C39: 1- نعم 2- لا 98- لا يعرف | D39: =CONCATENATE("If 2 or 98 --> Q",A41) -> If 2 or 98 --> Q6130
A40: =A39+1 -> 6129 | B40: ماهي نسبة السلع او الخدمات التي تقدم للسائحين؟ | C40: 1- أقل من الربع 2- من الربع الى أقل من النصف 3- من النصف الى أقل الثلاث أرباع 4- أكثر من الثلاث أرباع ولكن ليس كل الكمية 5- كلها 98- لا يعرف
A41: =A40+1 -> 6130 | B41: ما عدد المشتغلين في جهة العمل التي تعمل بها (بما فيها أنت)؟ | C41: 1- "1-4" 2- "9-5ʺ 3- "10- 24" 4- "25- 49" 5- "99-50" 6- 100 فرد فأكثر 7- لايعرف (لكن حجم العمالة كبير) 98 - لا يعرف مطلقا
A42: =A41+1 -> 6131 | B42: ما نسبة الإناث العاملات في جهة العمل التي تعمل بها؟ | C42: 1- لا يوجد 2- أقل من الربع 3- بين الربع والنصف 4- أكثر من النصف 5- جميعهم إناث 98- لا يعرف | D42: =CONCATENATE("If age<15 --->Q",A48) -> If age<15 --->Q6137
A43: =A42+1 -> 6132 | B43: هل أنت مشترك في الضمان الإجتماعي من خلال هذا العمل؟ | C43: 1- نعم 2- لا 98- لا يعرف | D43: =CONCATENATE("If 2 --> Q",A46) -> If 2 --> Q6135
A44: =A43+1 -> 6133 | B44: هل تم الاشتراك في الضمان الإجتماعي فور الحصول على هذا العمل؟ | C44: 1- نعم 2- لا 98- لا يعرف | D44: =CONCATENATE("If 1 or 98 --> Q", A48) -> If 1 or 98 --> Q6137
A45: =A44+1 -> 6134 | B45: بعد كم شهر من حصولك على هذا العمل إشتركت في الضمان الإجتماعي؟ | C45: عدد الشهور |__|__|__| **أكتب 999 ، إذا أكثر من 100 ** أكتب998، إذا كان لا يعرف | D45: =CONCATENATE("Textbox accepting numbers - max 3-digits After answering --> Q",A48) -> Textbox accepting numbers - max 3-digits After answering --> Q6137
A46: =A45+1 -> 6135 | B46: هل سبق لك الإشتراك في ضمان إجتماعي في هذا العمل و فقدته؟ | C46: 1- نعم 2- لا 98- لا يعرف
A47: =A46+1 -> 6136 | B47: هل يشترك أية عاملين آخرين في جهة العمل التي تعمل بها في التأمين الإجتماعي؟ | C47: 1- نعم 2- لا 98- لا يعرف
A48: =A47+1 -> 6137 | B48: ما هي طبيعة العلاقة التي تربطك بعملك الأساسي (حالتك العملية)؟ | C48: 1- يعمل بأجر (نقدي أو عيني) 2- صاحب عمل و يستخدم آخرين 3- يعمل لحسابه و لا يستخدم آخرين 4- يعمل لدى الأسرة بدون أجر 5- يعمل لدى الغير دون أجر | D48: =CONCATENATE("If 2-5, --> Q",A77) -> If 2-5, --> Q6164
A49: =A48+1 -> 6138 | B49: كيف عثرت على هذا العمل (أذكر الوسيلة الرئيسية)؟ | C49: 1- التسجيل في مكاتب وزارة العمل/ديوان الخدمة المدنية 2- التسجيل في مكتب تشغيل خاص 3- المشاركة في امتحان تنافسي 4- تقديم طلب عمل 5- تحريت في موقع العمل/طلبت التحدث إلي صاحب العمل 6- نشر طلب عمل بالجرائد 7- البحث عن عمل معلن عنه في الجرائد أو في الأنترنت 8- التقدم إلى عمل معلن عنه في الجرائد أو في الأنترنت 9- طلب مساعدة من معارف أو أقارب 10- قمت بالإتصال بصاحب عمل 11- الإنتظار بمكان تجمع عمال 12- عرض من قبل أحد أصحاب العمل 97- أخرى (حدد) | D49: If 97, provide a textbox
A50: =A49+1 -> 6139 | B50: ما هي علاقتك بصاحب العمل قبل حصولك على هذا العمل؟ | C50: 1- أحد أفراد الأسرة 2- أقارب خارج الأسرة (العشيرة) 3- جيران/ أصدقاء 4- من سكان نفس المنطقة 5- معرفة شخصية 6- لا توجد علاقة 97- أخرى (حدد) | D50: If 97, provide a textbox
A51: =A50+1 -> 6140 | B51: ما هو القطاع الذي تتبعه جهة العمل التي تعمل بها؟ | C51: 1- حكومي عام 2- حكومي انتاجي 3- منظمات دولية 4- قطاع خاص 5- شركات أجنبية 6- هيئات غير حكومية لا تهدف للربح 97- أخرى (حدد) | D51: =CONCATENATE("If 1,2,3,6, or 97,--> Q",A56, "; if 97, provide textbox, if age<15-->Q",A77) -> If 1,2,3,6, or 97,--> Q6145; if 97, provide textbox, if age<15-->Q6164
A52: =A51+1 -> 6141 | B52: ما هو الكيان القانوني لجهة العمل التي تعمل بها؟ | C52: 1- منشأة فردية 2- شركة تضامن 3. شركة ذات مسئولية محدودة 4- شركة مساهمة عامة 5- فرع شركة أجنبية 97- اخرى (حدد) 98- لا يعرف | D52: =CONCATENATE("If 2-5, 97 or 98, --> Q",A56) -> If 2-5, 97 or 98, --> Q6145
A53: =A52+1 -> 6142 | B53: هل يمتلك صاحب عملك ترخيص رسمي لمزاولة النشاط؟ | C53: 1- نعم 2- لا 98- لا يعرف
A54: =A53+1 -> 6143 | B54: هل يمتلك صاحب عملك سجل تجاري أو صناعي؟ | C54: 1- نعم 2- لا 98- لا يعرف
A55: =A54+1 -> 6144 | B55: هل صاحب عملك يمسك دفاتر محاسبة بصفة مستمرة؟ | C55: 1- نعم 2- لا 98- لا يعرف
A56: =A55+1 -> 6145 | B56: هل بينك وبين جهة العمل عقد قانوني مكتوب أو تعيين رسمي؟ | C56: 1- نعم 2- لا 98- لا يعرف | D56: =CONCATENATE("If 2 or 98 --> Q",A65) -> If 2 or 98 --> Q6152
A57: =A56+1 -> 6146 | B57: ما هو نوع العقد؟ | C57: 1- غير محدّد المدة 2- محدّد المدة 98- لا يعرف | D57: =CONCATENATE("If 1 --> Q",A61) -> If 1 --> Q6150
A58: =A57+1 -> 6147 | B58: ما هي مدّة العقد؟ | C58: 1- 3 شهور 2- 6 شهور 3- سنة 4- سنتين 5- خمس سنوات 6- مدّة المشروع 97- أخرى (حدد) 98- لا يعرف | D58: If 97, provide a textbox
A59: =A58+1 -> 6148 | B59: هل سبق تجديد هذا العقد؟ | C59: 1- نعم 2- لا 98- لا يعرف | D59: =CONCATENATE("If 2 or 98 --> Q",A61) -> If 2 or 98 --> Q6150
A60: =A59+1 -> 6149 | B60: ما هو عدد المرات التي تمّ التجديد فيها؟ | C60: 1. مرة 2. مرتين 3. ثلاث مرات أو أكثر 98- لا يعرف
A61: =A60+1 -> 6150 | B61: هل حصلت على هذا العقد فور تعيينك في العمل؟ | C61: 1- نعم 2- لا 98- لا يعرف | D61: =CONCATENATE("If 1 --> Q",A67) -> If 1 --> Q6154
A62: =A61+1 -> 6151 | B62: كم شهر إنتظرت بعد حصولك على العمل لتحصل على العقد؟ | C62: عدد الشهور : |__|__| | D62: =CONCATENATE("provide a numerical textbox. 2 digits max. after answering, --> Q",A67) -> provide a numerical textbox. 2 digits max. after answering, --> Q6154
C63: إذا أكثر من 100 أكتب 99
C64: إذا لا يعرف أكتب 98
A65: =A62+1 -> 6152 | B65: هل سبق أن كان لك عقد في هذا العمل وفقدته؟ | C65: 1- نعم 2- لا 98- لا يعرف
A66: =A65+1 -> 6153 | B66: هل لدى أية من العاملين الآخرين (في نفس جهة العمل التي تعمل بها) عقود عمل؟ | C66: 1- نعم 2- لا 98- لا يعرف
A67: =A66+1 -> 6154 | B67: هل لك إجازات مدفوعة الأجر؟ | C67: 1- نعم 2- لا 98- لا يعرف | D67: =CONCATENATE("If 1 --> Q", A69) -> If 1 --> Q6156
A68: =A67+1 -> 6155 | B68: هل تمنح جهة العمل أية من العاملين الآخرين بها إجازات مدفوعة الأجر؟ | C68: 1- نعم 2- لا 98- لا يعرف
A69: =A68+1 -> 6156 | B69: في حالة المرض: هل لك الحق في أن تحصل على إجازة مرضية مدفوعة الأجر؟ | C69: 1- نعم 2- لا 98- لا يعرف | D69: =CONCATENATE("If 1 --> Q", A71) -> If 1 --> Q6158
A70: =A69+1 -> 6157 | B70: هل تمنح جهة العمل أية من العاملين بها إجازة مرضية؟ | C70: 1- نعم 2- لا 98- لا يعرف
A71: =A70+1 -> 6158 | B71: هل لك تأمين صحي أو خدمات علاجية من خلال عملك؟ | C71: 1- نعم 2- لا 98- لا يعرف | D71: =CONCATENATE("If 2 or 98 --> Q",A74) -> If 2 or 98 --> Q6161
A72: =A71+1 -> 6159 | B72: هل حصلت على هذه الميزة فور حصولك على العمل؟ | C72: 1- نعم 2- لا 98- لا يعرف | D72: =CONCATENATE("If 1 --> Q",A75) -> If 1 --> Q6162
A73: =A72+1 -> 6160 | B73: بعد كم شهر من تعيينك حصلت على هذه الميزة؟ | C73: عدد الشهور |__|__| اكتب 98 في حالة لا يعرف | D73: =CONCATENATE("numerical textbox, 2-digits. After answering --> Q",A75) -> numerical textbox, 2-digits. After answering --> Q6162
A74: =A73+1 -> 6161 | B74: هل لدى أي من العاملين الآخرين تأمين صحي أو خدمات علاجية من خلال العمل؟ | C74: 1- نعم 2- لا 98- لا يعرف
A75: =A74+1 -> 6162 | B75: هل أنت عضو في نقابة عمالية أو مهنية؟ | C75: 1- نعم 2- لا 98- لا يعرف | D75: =CONCATENATE("If 1 --> Q",A77) -> If 1 --> Q6164
A76: =A75+1 -> 6163 | B76: هل يشترك أحد من زملاء العمل في نقابة عمالية أو مهنية؟ | C76: 1- نعم 2- لا 98- لا يعرف
A77: =A76+1 -> 6164 | B77: هل سبق أن تعرضت لإصابة أو مشكلة صحية بسبب العمل خلال الـ 12 شهر الماضية؟ | C77: 1- نعم 2- لا 98- لا يعرف | D77: =CONCATENATE("If 2 or 98 and age 15+--> Q",A83, " If 2 or 98 and age <15-->Q",A80) -> If 2 or 98 and age 15+--> Q6170 If 2 or 98 and age <15-->Q6167
A78: =A77+1 -> 6165 | B78: ما نوع الإصابة أو المشكلة الصحية؟ سجّل ثلاث خيارات من الإصابات من الأكثر ضررا إلى الأقل ضررا. | C78: a. الاصابة الاولي Dropdown menu with the below choices b. الاصابة الثانية Dropdown menu with the below choices c. الاصابة الثالثة Drop down menu with the below choices 1- تسمم 2- إغماء 3- إصابات سطحية أو جروح 4- الكسور 5- الإلتواء أو الخلع 6- الحروق أو التأكلات أو التسلخات 7- مشاكل في التنفس 8- مشاكل في العين 9- مشاكل في الجلد (أمراض جلدية) 10- حمى 11- الإعياء والتعب الشديد 97- أخرى: (حدد) 98- لا يعرف | D78: once the person selects an option, it should not appear as an option in the following menu If 97, provide a textbox
A79: =A78+1 -> 6166 | B79: كيف أثرالمرض أو الإصابة على عملك؟ | C79: 1- لم يكن مؤثر/ لم أتوقف عن العمل 2- توقفت بعض الوقت عن العمل 3- توقفت عن العمل تماماً 98- لا أعرف | D79: =CONCATENATE("If age 15+, Skip to Q",A83) -> If age 15+, Skip to Q6170
A80: =A79+1 -> 6167 | B80: هل تحمل أشياء ثقيلة فى العمل؟ | C80: 1- نعم 2- لا 98- لا يعرف
A81: =A80+1 -> 6168 | B81: هل تقوم بتشغيل أي آلالات أومعدات ثقيلة فى العمل؟ | C81: 1- نعم 2- لا 98- لا يعرف
A82: =A81+1 -> 6169 | B82: هل تتعرض في عملك لمثل هذه الاشياء؟ | C82: 1. نعم 2. لا 98. لا يعرف 1- أتربة أو أدخنة. 2- النار أو الوقود أو لهب. 3- اصوات مرتفعة وأهتزازات. 4- برودةعالية / حرارة شديدة. 5- معدات أوأدوات خطيرة. 6- العمل تحت الأرض. 7- العمل فى البحر/ الأنهار 8- العمل في مكان مظلم 9- التهوية غير كافية/ رائحة المكان كريهة 10- مواد كيماوية / مبيدات حشرية 11- إنفجارات (مفرقعات) 12- الإنحناء لفترة طويلة 13- عدم توفر دورة مياه 14 - اشياء أخرى ضد إجراءات الأمن والسلامة: (حدد)
A83: =A82+1 -> 6170 | B83: صف جهة العمل؟ | C83: 1. منزلك الخاص 2. محل/مطعم 3. مكتب أو شقة في مبنى 4. غرفة في منزلي 5. منزل أخر 6. ورشة / مصنع 7. كشك/ كوخ 8. مبنى باكملة 9. مكان العمل متنقل 10. سيارة نقل 11. سيارة اجرة 12. مزرعة / حقل 97. اخرى (حدد) 98- لا يعرف | D83: =CONCATENATE("If 1 --> ",A87,"; if 97, provide a textbox") -> If 1 --> 6174; if 97, provide a textbox
A84: =A83+1 -> 6171 | B84: صف موقع العمل؟ * أختر متنقل إذا كان العمل متنقل بين أي من هذه الأماكن | C84: a- المحافظة dropdown menu with the list of governorates in Jordon + 99. متنقل + 98 لا يعرف b- اللواء dropdown menu with the list of subdistricts in Jordon 99. متنقل + 98 لا يعرف c. قضاء dropdown menu with the list of subdistricts in Jordon + 99. متنقل + 98 لا يعرف D. التجمع السكنيdropdown menu with the list of locality in Jordon + 99متنقل + 98 لا يعرف | D84: Dropdown list of governates in Jordan +"mobile" & Dropdown list of districts in Jordan+ "Mobile"; include "mobile" if work moves from place to place
A85: =A84+1 -> 6172 | B85: ما هي وسيلة المواصلات المستخدمة للوصول إلى موقع عملك؟ | C85: 1- سيرا على الأقدام 2- نقل عمومي 3- نقل خاص (ميكروباص) 4- تاكسي 5- نقل ريفي 6- دراجة نارية / عادية 7- سيارة خاصة 8-حافلة أو سيارة تابعة لجهة العمل 9. وسائل مختلفة لا تشمل سيارة العمل 97- أخرى (حدد) 98- لا يعرف 99. لا ينطبق | D85: If 97, provide a textbox
A86: =A85+1 -> 6173 | B86: ما متوسط الوقت الذي تستغرقه في الإنتقال لموقع عملك؟ (بالدقائق في الرحلة الواحدة) | C86: المدة بالدقائق |__|__|__| أكتب 998 في حالة لا يعرف | D86: Provide a numerical textbox
A87: =A86+1 -> 6174 | B87: ما مدى رضاك عن عملك الحالي؟ | C87: 1- غير راضي تماما 2- غير راضي نوعا ما 3- لا راضي ولا غير راضي (محايد) 4- راضي نوعا ما 5- راضي تماما
A88: =A87+1 -> 6175 | B88: ما مدى رضاك عن عملك الحالي بالنسبة للبنود التالية؟ ** أسأل كلّ بند وحده 1. الإستقرار (الأمان الوظيفي) 2. الأجر 3. نوع العمل الذي تؤدّيه 4. عدد ساعات العمل 5. مواعيد العمل 6. ظروف وبيئة العمل 7. المسافة للعمل والتنقّل 8. الملائمة بين مؤهّلاتك ومهاراتك والعمل الذي تقوم به | C88: Dropdown menu for each غير راضي تماما 2. غير راضي نوعا ما 3. لا راضي ولا غير راضي (محايد) 4. راضي نوعا ما 5. راضي تماما | D88: If age<15, after answering --> Section 10.1 earnings
A89: =A88+1 -> 6176 | B89: لو كان لك أن تختار بين عمل فى القطاع العام و عمل فى القطاع الخاص بنفس الظروف تقريبا. ماذا تختار؟ | C89: 1- القطاع العام 2- القطاع الخاص 3- لا فرق 98. لا يعرف

Sheet 6.2 Secondary Job
A1: 6.2 العمل الثانوي خلال 3 شهور الماضية
A2: ينطبق علي جميع الأفراد الذين عملوا خلال الثلاثة أشهر الماضية و سنهم 15 فأكثر
E3: =CONCATENATE("i.e. yes in any of Q",'5.1 Employment'!A5," Q",'5.1 Employment'!A6," Q",'5.1 Employment'!A7," Q",'5.3 Employment'!A4," Q",'5.3 Employment'!A5,"and 15+ per Q206 of household questionnaire") -> i.e. yes in any of Q5101 Q5102 Q5103 Q5301 Q5302and 15+ per Q206 of household questionnaire
A4: Question # | B4: Question | C4: Type of Question | E4: Validation & Skip Patterns
A5: 6201 | B5: هل قمت بأي عمل ثانوي بجانب عملك الأساسي خلال الثلاث شهور الماضية ( حتي لو لبعض الوقت أو بصورة غير منتظمة أو في مواسم معينة أو في الإجازات)؟ | C5: 1. نعم 2. لا | E5: =CONCATENATE("If 1 --> Q",A20) -> If 1 --> Q6203
A6: =A5+1 -> 6202 | B6: هل قمت خلال الثلاث شهور الماضية و لو لفترة قصيرة أو متقطعة بعمل من الأعمال التالية بجانب عملك الأساسي بغرض البيع أو التسويق/ الحصول على أجر/ أو المساعدة في مشروع أسري ؟ للباحثة: الرجاء السؤال عن كل نشاط علي حده مع الأخذ في الاعنبار الفروق بين الحضر و الريف و المستوي الإجتماعي للأسرة | C6: النشاط | D6: 1. نعم 2. لا | E6: If the answer to all options is "no" ---> next section (7.0)
C7: a. المشاركة في انتاج زراعي (جمع محصول/ري/زراعة)
C8: b. تربية طيور/رعاية مواشي/اغنام
C9: c. انتاج البان واجبان/سمن
C10: d. تحضير خضروات/ماكولات
C11: e.منتجات قش/سجاد/منسوجات/حبال
C12: f. تقديم خدمات للغير (لبعض الوقت) في منزل / محل / فندق
C13: g. بائع متجول
C14: h. عامل بناء
C15: i. جمع حطب / جفت
C16: j. خياطة/ تطريز/ كروشية
C17: k.مندوب مبيعات
C18: l. متدرب
C19: m. عمل من المنزل(مبرمج, etc.)
A20: =A6+1 -> 6203 | B20: ما هو نوع عملك الثانوي (الحرفة أو المهنة بالتفصيل)؟. | C20: المهنة ** اكتب 998، في حالة لا يعرف
A21: =A20+1 -> 6204 | B21: ما هو النشاط الإقتصادي لمؤسسة عملك الثانوي؟ | C21: النشاط الأقتصادي (level 1): النشاط الأقتصادي (level 4): | E21: Hierarchical dropdown menu with list of occupations; if don't know,998
A22: =A21+1 -> 6205 | B22: ما هي طبيعة العلاقة التي تربطك بعملك الثانوي (الحالة العملية) خلال الثلاث شهور الماضية؟ | C22: 1- يعمل بأجر (نقدي أو عيني) 2- صاحب عمل ويستخدم آخرين 3- يعمل لحسابه و لا يستخدم آخرين 4- يعمل لدى الأسرة دون أجر 5- يعمل لدى الغير دون أجر
A23: =A22+1 -> 6206 | B23: ما المدة التي قضيتها في عملك الثانوي (سواء متصلة أو متقطعة) خلال الثلاث شهور الماضية؟ في حالة لا يعرف أكتب 98 | C23: الشهر السابق | D23: عدد اسابيع العمل |___|___| ساعات العمل في الاسبوع |___|___| | E23: Provide numerical textboxes
C24: الشهر ما قبل السابق | D24: عدد اسابيع العمل |___|___| ساعات العمل في الاسبوع |___|___|
C25: الشهر ما قبلهما | D25: عدد اسابيع العمل |___|___| ساعات العمل في الاسبوع |___|___|

Sheet 7.0 Job Mobility
A1: 7. الحراك الوظيفي
A2: ينطبق علي جميع الأفراد الذين سبق لهم العمل أو حالياً يعملون و أكبر من 15 سنة | Q2: 705 | R2: During the month before the onset of the revolution on Janury 14, 2011, was your main job or employment status different from your main job or employment status during the past three months?
A3: في حالة العمالة المنتظمة: إذا كان تغيير الوظيفة في نفس مكان جهة العمل لا يعتبر تنقل. في حالة العمالة الغير منتظمة: تغيير صاحب العمل لا يعتبر تنقل.
C4: =CONCATENATE("i.e. yes in any of Q",'5.1 Employment'!A5," Q",'5.1 Employment'!A6," Q",'5.1 Employment'!A7," Q",'5.3 Employment'!A4," Q",'5.3 Employment'!A5, " Q",'5.3 Employment'!A18," and 15+ per Q206 of household questionnaire") -> i.e. yes in any of Q5101 Q5102 Q5103 Q5301 Q5302 Q and 15+ per Q206 of household questionnaire
A5: Question # | B5: Question | C5: Type of Question | D5: Validation & Skip Patterns
A6: 7000 | B6: هل كنت في المدرسة عندما عملت لفترة أطول من 6 أشهر لأول مرة؟ (إذا كان يعمل لأول مرة و لفترة أقل من 6 أشهر، أسأل عن عمله الحالي) | C6: 1. نعم 2. لا 98. لا يعرف | D6: =CONCATENATE("If 1--> ",A13) -> If 1--> 7101_1 | E6: When you worked for the first time for longer than six months, were you in school? (If currently working for the first time and worked for <6 months ask about current position)
A7: 7001 | B7: متي تركت الدراسة لأول مرة لمدة تزيد عن 6 أشهر؟ | C7: الشهر: (يناير-ديسمبر)، 98 لا يعرف، 99 لا ينطبق السنة : 1930-2016 ، 9998 لا يعرف، 9999 لا ينطبق | D7: Only not applicable if Q=3001=1 --> automatically calculate year when individual was 6 years old
A8: =A7+1 -> 7002 | B8: =CONCATENATE("هل أمضيت فترة تزيد عن 6 أشهر بدون عمل بعد [إجابة السؤال ",A7,"]?") -> هل أمضيت فترة تزيد عن 6 أشهر بدون عمل بعد [إجابة السؤال 7001]? | C8: 1- نعم 2-لا 98- لا يعرف | D8: =CONCATENATE("If 2, 98--> ",A13) -> If 2, 98--> 7101_1
A9: =A8+1 -> 7003 | B9: هل كنت ترغب فى/مستعد للعمل أثناء هذه الفترة؟ | C9: 1- نعم 2-لا 98- لا يعرف | D9: =CONCATENATE("If 2, 98 -->", A11) -> If 2, 98 -->7005
A10: =A9+1 -> 7004 | B10: هل كنت تبحث عن عمل أثناء هذه الفترة؟ | C10: 1- نعم 2-لا 98- لا يعرف | D10: =CONCATENATE("After answering --> Q",A13) -> After answering --> Q7101_1
A11: =A10+1 -> 7005 | B11: لماذا لم تكن ترغب/مستعد للعمل بعد ترك/انتهاء الدراسة؟ | C11: 1. له دخل أو ايراد 2. صغير السن 3. متقاعد (علي المعاش) 4. ذوي أعاقة 97. أخري (حدد) 98. لا يعرف | D11: If 97, provide textbox
A12: 7101 | B12: العمل الأول (لأول مرة لمدة أكثر من 6 شهور بعد ترك الدراسة ) (إذا يعمل حاليا لأول مرة لمدة أقل من 6 أشهر، أسأل عن عمله الأول)
A13: =CONCATENATE(A$12,"_",E13) -> 7101_1 | B13: ما هو تاريخ بداية العمل الأول؟ | C13: a. الشهر: الشهور السيريانية + لا يعرف 98 b. السنة: (1930-2016) + لا يعرف 9998 | D13: =CONCATENATE("Check year with Q",'2.1 Personal Biography'!A48," #1 in the table, from column. Error message if dates are not identical") -> Check year with Q2137 #1 in the table, from column. Error message if dates are not identical | E13: 1
A14: =CONCATENATE(A$12,"_",E14) -> 7101_2 | B14: ما هي الحالة العملية في عملك الأول؟ | C14: 1-يعمل بأجر (نقدي أو عيني) 2- صاحب عمل مع وجود يستخدم آخرين 3- يعمل لحسابه و لا يستخدم آخرين 4- يعمل لدى الأسرة بدون اجر 5- يعمل لدى الآخرين دون اجر 98- لا يعرف | E14: =E13+1 -> 2
A15: =CONCATENATE(A$12,"_",E15) -> 7101_3 | B15: ما هي مهنتك في عملك الأول؟ | C15: المهنة: اكتب 998، في حالة لا يعرف | D15: textbox | E15: =E14+1 -> 3
A16: =CONCATENATE(A$12,"_",E16) -> 7101_4 | B16: ما هو النشاط الإقتصادي لعملك الأول ؟ | C16: النشاط الأقتصادي (level 1): النشاط الأقتصادي (level 4): | D16: Hierarchical dropdown menu; 998 for "don't know" | E16: =E15+1 -> 4
A17: =CONCATENATE(A$12,"_",E17) -> 7101_5 | B17: هل العمل الأول كان داخل أم خارج منشأة؟ | C17: 1. داخل منشأة ثابتة 2. خارج منشأة 98.لا يعرف | E17: =E16+1 -> 5
A18: =CONCATENATE(A$12,"_",E18) -> 7101_6 | B18: ما هو قطاع عملك الأول؟ | C18: 1- حكومي عام 2- حكومي انتاجي 3- منظمات دولية 4- قطاع خاص 5- شركات أجنبية 6- هيئات غير حكومية لا تهدف للربح 97- أخرى(حدد) 98- لا يعرف | E18: =E17+1 -> 6
A19: =CONCATENATE(A$12,"_",E19) -> 7101_7 | B19: ما هو حجم العمالة بجهة العمل الاول؟ | C19: 1- 1-4 2- 5-9 3- 10- 24 4- 25- 49 5- 50-99 6- 100 فرد فأكثر 7- لايعرف (لكن حجم العمالة كبير) 98- لا يعرف مطلقا | E19: =E18+1 -> 7
A20: =CONCATENATE(A$12,"_",E20) -> 7101_8 | B20: ما هي درجة الإستقرار في عملك الاول؟ | C20: 1- دائم 2- مؤقت 3- موسمي 4- متقطع 98- لا يعرف | E20: =E19+1 -> 8
A21: =CONCATENATE(A$12,"_",E21) -> 7101_9 | B21: ما نوع عقد عملك الأول؟ | C21: 1. عقد دائم 2- عقد مؤقت 3- لا يوجد عقد 98- لا يعرف | D21: =CONCATENATE("If 3, 98 --> Q",A24) -> If 3, 98 --> Q7101_12 | E21: =E20+1 -> 9
A22: =CONCATENATE(A$12,"_",E22) -> 7101_10 | B22: هل حصلت على العقد فور الحصول على عملك الأول ؟ | C22: 1- نعم 2-لا 98- لا يعرف | D22: =CONCATENATE("If 1 --> Q",A25) -> If 1 --> Q7101_13 | E22: =E21+1 -> 10
A23: =CONCATENATE(A$12,"_",E23) -> 7101_11 | B23: متي حصلت على عقد عملك الأول ؟ | C23: a. الشهر: الشهور السيريانية + لا يعرف 98 b. السنة: (1930-2016) + لا يعرف 9998 | D23: =CONCATENATE("After answering --> Q",A25) -> After answering --> Q7101_13 | E23: =E22+1 -> 11
A24: =CONCATENATE(A$12,"_",E24) -> 7101_12 | B24: هل أي من العاملين الآخرين في جهة عملك لديهم عقود؟ | C24: 1- نعم 2-لا 98- لا يعرف 99. لا ينطبق | E24: =E23+1 -> 12
A25: =CONCATENATE(A$12,"_",E25) -> 7101_13 | B25: هل كنت مشترك في ضمان إجتماعي في هذا العمل؟ | C25: 1- نعم 2-لا 98- لا يعرف | D25: =CONCATENATE("If 2 or 98 --> Q",A28) -> If 2 or 98 --> Q7101_16 | E25: =E24+1 -> 13
A26: =CONCATENATE(A$12,"_",E26) -> 7101_14 | B26: هل حصلت على الضمان الإجتماعي فور حصولك على هذا عمل الاول ؟ | C26: 1- نعم 2-لا 98- لا يعرف | D26: =CONCATENATE("If 1 --> Q",A29) -> If 1 --> Q7101_17 | E26: =E25+1 -> 14
A27: =CONCATENATE(A$12,"_",E27) -> 7101_15 | B27: متي حصلت على الضمان الإجتماعي لعملك الاول ؟ | C27: a. الشهر Dropdown menu الشهور السيريانية+ لا يعرف 98 b. السنة: Dropdown Menu (1930-2016) + لا يعرف 9998 | D27: =CONCATENATE("After answering --> Q",A29) -> After answering --> Q7101_17 | E27: =E26+1 -> 15
A28: =CONCATENATE(A$12,"_",E28) -> 7101_16 | B28: هل أي من العاملين الآخرين في جهة عملك لديهم ضمان إجتماعي؟ | C28: 1- نعم 2-لا 98- لا يعرف | E28: =E27+1 -> 16
A29: =CONCATENATE(A$12,"_",E29) -> 7101_17 | B29: هل كان عملك داخل الأردن؟ | C29: 1. نعم،داخل الأردن 2. لا، خارج الأردن | D29: =CONCATENATE("If 2 --> Q",A31) -> If 2 --> Q7101_19 | E29: =E28+1 -> 17
A30: =CONCATENATE(A$12,"_",E30) -> 7101_18 | B30: اذكر اسم المحافظة و اللواء التى كان بها عملك الاول | C30: المحافظة Dropdown menu with all the gov. in Jordon +99. متنقل + 98 لا أ عرف اللواء dropdown menu with all the districts in Jordon +99. متنقل + 98 لا يعرف | D30: =CONCATENATE("Provide hierarchical dropdown menus. After answering --> Q",A32) -> Provide hierarchical dropdown menus. After answering --> Q7101_20 | E30: =E29+1 -> 18
A31: =CONCATENATE(A$12,"_",E31) -> 7101_19 | B31: اذكر اسم الدولة التى كان بها عملك الاول | C31: Dropdown menu with countries of the world | E31: =E30+1 -> 19
A32: =CONCATENATE(A$12,"_",E32) -> 7101_20 | B32: هل تركت عملك الاول؟ | C32: 1. نعم 2. لا | D32: =CONCATENATE("If 2, check Q",'2.1 Personal Biography'!A6," If Q",'2.1 Personal Biography'!A6,"= 1--> section 8.1 If Q",'2.1 Personal Biography'!A6,"= 2 & Female --> Q",'8.3 Women Status'!A10," If Q",'2.1 Personal Biography'!A6,"= 2 & Male--> section 10.1") -> If 2, check Q2103 If Q2103= 1--> section 8.1 If Q2103= 2 & Female --> Q8303 If Q2103= 2 & Male--> section 10.1 | E32: =E31+1 -> 20
A33: =CONCATENATE(A$12,"_",E33) -> 7101_21 | B33: متي تركت هذا العمل؟ | C33: a. الشهر: الشهور السيريانية + لا يعرف 98 b. السنة: (1930-2016) + لا يعرف 9998 | D33: =CONCATENATE("Check year with Q",'2.1 Personal Biography'!A48," #1 in the table, to column. Error message if dates are not identical") -> Check year with Q2137 #1 in the table, to column. Error message if dates are not identical | E33: =E32+1 -> 21
A34: =CONCATENATE(A$12,"_",E34) -> 7101_22 | B34: ما سبب تركك لعملك الأول؟ | C34: 1. صاحب العمل أنهى العلاقة 2- إنتهى العقد ولم يجدده صاحب العمل 3- إستقالة طوعاً 4- توقف المشروع أو إغلاق المؤسسة 97- أخري | E34: =E33+1 -> 22
A35: =CONCATENATE(A$12,"_",E35) -> 7101_23 | B35: هل كانت هناك فترة تعطل/عدم عمل لمدة تزيد عن 6 أشهر بعد ترك/انتهاء عملك الاول؟ | C35: 1- نعم 2-لا 98- لا يعرف | D35: =CONCATENATE("If 2, 98--> ",A39) -> If 2, 98--> 7101_27 | E35: =E34+1 -> 23
A36: =CONCATENATE(A$12,"_",E36) -> 7101_24 | B36: هل كنت ترغب فى/مستعد للعمل فى أثناء هذه الفترة؟ | C36: 1- نعم 2-لا 98- لا يعرف | D36: =CONCATENATE("If 2, 98 -->", A38) -> If 2, 98 -->7101_26 | E36: =E35+1 -> 24
A37: =CONCATENATE(A$12,"_",E37) -> 7101_25 | B37: هل كنت تبحث عن عمل فى أثناء هذه الفترة؟ | C37: 1- نعم 2-لا 98- لا يعرف | D37: =CONCATENATE("After answering --> Q",A39) -> After answering --> Q7101_27 | E37: =E36+1 -> 25
A38: =CONCATENATE(A$12,"_",E38) -> 7101_26 | B38: لماذا لم تكن ترغب/مستعد للعمل في اثناء هذه الفترة ؟ | C38: 1- له دخل أو ايراد 2- طالب بدوام كامل 3- متقاعد (علي المعاش و أقل من 65 سنة) 4- عجز دائم عن العمل (إعاقة) 5- إجازة بدون مرتب 6 أكبر من 65 سنة 97- أخرى (حدد) 98- لا يعرف | D38: If 97, provide textbox | E38: =E37+1 -> 26
A39: =CONCATENATE(A$12,"_",E39) -> 7101_27 | B39: هل زاولت عمل ثانى بعد فترة عدم العمل/ التعطل؟ | C39: 1. نعم 2. لا | D39: =CONCATENATE("If 2, check Q",'2.1 Personal Biography'!A6," If Q",'2.1 Personal Biography'!A6,"= 1--> section 8.1 If Q",'2.1 Personal Biography'!A6,"= 2 & Female --> Q",'8.3 Women Status'!A10," If Q",'2.1 Personal Biography'!A6,"= 2 & Male--> section 10.1") -> If 2, check Q2103 If Q2103= 1--> section 8.1 If Q2103= 2 & Female --> Q8303 If Q2103= 2 & Male--> section 10.1 | E39: =E38+1 -> 27
A40: 710[n] | B40: العمل [N] | D40: Nth job [N denotes 2nd, 3rd, etc. job repeating until answer to "did you work another job" is no]
A41: =CONCATENATE(A$40,"_",E41) -> 710[n]_1 | B41: ما هو تاريخ بداية العمل N؟ | C41: a. الشهر: الشهور السيريانية + لا يعرف 98 b. السنة: (1930-2016) + لا يعرف 9998 | D41: =CONCATENATE("Check year with Q",'2.1 Personal Biography'!A48," #[n] in the table, from column. Error message if dates are not identical. Error message if date in Q ",A41, " is less than 6 months after date in Q",A13," for second job; similarly for subsequent jobs start dates must be at least six months apart") -> Check year with Q2137 #[n] in the table, from column. Error message if dates are not identical. Error message if date in Q 710[n]_1 is less than 6 months after date in Q7101_1 for second job; similarly for subsequent jobs start dates must be at least six months apart | E41: 1
A42: =CONCATENATE(A$40,"_",E42) -> 710[n]_2 | B42: ما هي الحالة العملية في العمل رقم [N]؟ | C42: 1- يعمل بأجر نقدي أو عيني 2- صاحب عمل مع وجود يستخدم آخرين 3- يعمل لحسابه و لا يستخدم آخرين 4- يعمل لدى الأسرة بدون اجر 5- يعمل لدى الاخرين دون اجر 98- لا يعرف | E42: =E41+1 -> 2
A43: =CONCATENATE(A$40,"_",E43) -> 710[n]_3 | B43: ما هي المهنة في عملك رقم [N]؟ | C43: المهنة اكتب 998، في حالة لا يعرف | E43: =E42+1 -> 3
A44: =CONCATENATE(A$40,"_",E44) -> 710[n]_4 | B44: ما هو النشاط الإقتصادي لعملك رقم [N] ؟ | C44: النشاط الأقتصادي (level 1): النشاط الأقتصادي (level 4): | D44: Hierarchical dropdown menu; 998 for "don't know" | E44: =E43+1 -> 4
A45: =CONCATENATE(A$40,"_",E45) -> 710[n]_5 | B45: هل كن نشاط عملك رقم [N] داخل أم خارج منشأة؟ | C45: 1. داخل منشأة ثابتة 2. خارج منشأة 98.لا يعرف | E45: =E44+1 -> 5
A46: =CONCATENATE(A$40,"_",E46) -> 710[n]_6 | B46: ما هو قطاع عملك رقم [N]؟ | C46: 1- حكومي عام 2- حكومي انتاجي 3- منظمات دولية 4- قطاع خاص 5- شركات أجنبية 6- هيئات غير حكومية لا تهدف للربح 97- أخرى(حدد) 98- لا يعرف | E46: =E45+1 -> 6
A47: =CONCATENATE(A$40,"_",E47) -> 710[n]_7 | B47: ما هو حجم العمالة بجهة عملك رقم [N]؟ | C47: 1- 1-4 2- 5-9 3- 10- 24 4- 25- 49 5- 50-99 6- 100 فرد فأكثر 7- لايعرف (لكن حجم العمالة كبير) 98- لا يعرف مطلقا | E47: =E46+1 -> 7
A48: =CONCATENATE(A$40,"_",E48) -> 710[n]_8 | B48: ما هي درجة الإستقرار في عملك رقم [N]؟ | C48: 1- دائم 2- مؤقت 3- موسمي 4- متقطع 98- لا يعرف | E48: =E47+1 -> 8
A49: =CONCATENATE(A$40,"_",E49) -> 710[n]_9 | B49: ما نوع عقد في عملك رقم [N؟ | C49: 1. عقد دائم 2- عقد مؤقت 3- لا يوجد عقد 98- لا يعرف | D49: =CONCATENATE("If 3, 98 --> Q",A52) -> If 3, 98 --> Q710[n]_12 | E49: =E48+1 -> 9
A50: =CONCATENATE(A$40,"_",E50) -> 710[n]_10 | B50: هل حصلت على العقد فور الحصول على عملك رقم [N] ؟ | C50: 1- نعم 2-لا 98- لا يعرف | D50: =CONCATENATE("If 1 --> Q",A53) -> If 1 --> Q710[n]_13 | E50: =E49+1 -> 10
A51: =CONCATENATE(A$40,"_",E51) -> 710[n]_11 | B51: متي حصلت على عقد عملك رقم [N] ؟ | C51: a. الشهر: الشهور السيريانية + لا يعرف 98 b. السنة: (1930-2016) + لا يعرف 9998 | D51: =CONCATENATE("After answering --> Q",A53) -> After answering --> Q710[n]_13 | E51: =E50+1 -> 11
A52: =CONCATENATE(A$40,"_",E52) -> 710[n]_12 | B52: هل أي من العاملين الآخرين في جهة عملك لديهم عقود؟ | C52: 1- نعم 2-لا 98- لا يعرف 99. لا ينطبق | E52: =E51+1 -> 12
A53: =CONCATENATE(A$40,"_",E53) -> 710[n]_13 | B53: هل كنت مشترك في ضمان إجتماعي في عملك رقم [N]؟ | C53: 1- نعم 2-لا 98- لا يعرف | D53: =CONCATENATE("If 2 or 98 --> Q",A56) -> If 2 or 98 --> Q710[n]_16 | E53: =E52+1 -> 13
A54: =CONCATENATE(A$40,"_",E54) -> 710[n]_14 | B54: هل حصلت على الضمان الإجتماعي فور حصولك على عملك رقم [N] ؟ | C54: 1- نعم 2-لا 98- لا يعرف | D54: =CONCATENATE("If 1 --> Q",A57) -> If 1 --> Q710[n]_17 | E54: =E53+1 -> 14
A55: =CONCATENATE(A$40,"_",E55) -> 710[n]_15 | B55: متي حصلت على الضمان الإجتماعي لعملك رقم [N] ؟ | C55: a. الشهر Dropdown menu الشهور السيريانية + لا يعرف 98 b. السنة: Dropdown Menu (1930-2016) + لا يعرف 9998 | D55: =CONCATENATE("After answering --> Q",A57) -> After answering --> Q710[n]_17 | E55: =E54+1 -> 15
A56: =CONCATENATE(A$40,"_",E56) -> 710[n]_16 | B56: هل أي من العاملين الآخرين في جهة عملك لديهم ضمان إجتماعي؟ | C56: 1- نعم 2-لا 98- لا يعرف | E56: =E55+1 -> 16
A57: =CONCATENATE(A$40,"_",E57) -> 710[n]_17 | B57: هل كان عملك داخل الأردن؟ | C57: 1. نعم،داخل الأردن 2. لا، خارج الأردن | D57: =CONCATENATE("If 2 --> Q",A59) -> If 2 --> Q710[n]_19 | E57: =E56+1 -> 17
A58: =CONCATENATE(A$40,"_",E58) -> 710[n]_18 | B58: اذكر اسم المحافظة و اللواء التى كان بها عملك رقم [N] | C58: المحافظة Dropdown menu with all the gov. in Jordon +99. متنقل + 98 لا يعرف اللواء dropdown menu with all the districts in Jordon +99. متنقل + 98 لا يعرف | D58: =CONCATENATE("Provide hierarchical dropdown menus. After answering --> Q",A60) -> Provide hierarchical dropdown menus. After answering --> Q710[n]_20 | E58: =E57+1 -> 18
A59: =CONCATENATE(A$40,"_",E59) -> 710[n]_19 | B59: اذكر اسم الدولة التى كان بها عملك رقم [N] | C59: Dropdown menu with countries of the world | E59: =E58+1 -> 19
A60: =CONCATENATE(A$40,"_",E60) -> 710[n]_20 | B60: هل تركت عملك رقم [N]؟ | C60: 1. نعم 2. لا | D60: =CONCATENATE("If 2, check Q",'2.1 Personal Biography'!A6," If Q",'2.1 Personal Biography'!A6,"= 1--> section 8.1 If Q",'2.1 Personal Biography'!A6,"= 2 & Female --> Q",'8.3 Women Status'!A10," If Q",'2.1 Personal Biography'!A6,"= 2 & Male--> section 10.1") -> If 2, check Q2103 If Q2103= 1--> section 8.1 If Q2103= 2 & Female --> Q8303 If Q2103= 2 & Male--> section 10.1 | E60: =E59+1 -> 20
A61: =CONCATENATE(A$40,"_",E61) -> 710[n]_21 | B61: متي تركت هذا العمل؟ | C61: a. الشهر: الشهور السيريانية + لا يعرف 98 b. السنة: (1930-2016) + لا يعرف 9998 | D61: =CONCATENATE("Check year with Q",'2.1 Personal Biography'!A48," #[n] in the table, to column. Error message if dates are not identical") -> Check year with Q2137 #[n] in the table, to column. Error message if dates are not identical | E61: =E60+1 -> 21
A62: =CONCATENATE(A$40,"_",E62) -> 710[n]_22 | B62: ما سبب تركك لعملك رقم [N]؟ | C62: 1. صاحب العمل أنهى العلاقة 2- إنتهى العقد ولم يجدده صاحب العمل 3- إستقالة طوعا 4- توقف المشروع أو إغلاق المؤسسة 97- أخري | E62: =E61+1 -> 22
A63: =CONCATENATE(A$40,"_",E63) -> 710[n]_23 | B63: هل كانت هناك فترة تعطل/عدم عمل لمدة تزيد عن 6 أشهر بعد ترك/انتهاء عملك رقم [N]؟ | C63: 1- نعم 2-لا 98- لا يعرف | D63: =CONCATENATE("If 2, 98--> ",A67) -> If 2, 98--> 710[n]_27 | E63: =E62+1 -> 23
A64: =CONCATENATE(A$40,"_",E64) -> 710[n]_24 | B64: هل كنت ترغب فى/مستعد للعمل فى أثناء هذه الفترة؟ | C64: 1- نعم 2-لا 98- لا يعرف | D64: =CONCATENATE("If 2, 98 -->", A66) -> If 2, 98 -->710[n]_26 | E64: =E63+1 -> 24
A65: =CONCATENATE(A$40,"_",E65) -> 710[n]_25 | B65: هل كنت تبحث عن عمل فى أثناء هذه الفترة؟ | C65: 1- نعم 2-لا 98- لا يعرف | D65: =CONCATENATE("After answering --> Q",A67) -> After answering --> Q710[n]_27 | E65: =E64+1 -> 25
A66: =CONCATENATE(A$40,"_",E66) -> 710[n]_26 | B66: لماذا لم تكن ترغب/مستعد للعمل في اثناء هذه الفترة ؟ | C66: 1- له دخل أو ايراد 2- طالب بدوام كامل 3- متقاعد (علي المعاش و أقل من 65 سنة) 4- عجز دائم عن العمل (إعاقة) 5- إجازة بدون مرتب 6 أكبر من 65 سنة 97- أخرى (حدد) 98- لا يعرف | D66: If 97, provide textbox | E66: =E65+1 -> 26 | G66: 1. Had income 2. Full-time student 3. Retired 4. Disabled 5. Vacation (without salary) 6. Older than 65 years of age 97. Other 98. Don't know
A67: =CONCATENATE(A$40,"_",E67) -> 710[n]_27 | B67: هل زاولت عمل آخر بعد فترة عدم العمل/ التعطل؟ | C67: 1. نعم 2. لا | D67: =CONCATENATE("If 2, check Q",'2.1 Personal Biography'!A6," If Q",'2.1 Personal Biography'!A6,"= 1--> section 8.1 If Q",'2.1 Personal Biography'!A6,"= 2 & Female --> Q",'8.3 Women Status'!A10," If Q",'2.1 Personal Biography'!A6,"= 2 & Male--> section 10.1") -> If 2, check Q2103 If Q2103= 1--> section 8.1 If Q2103= 2 & Female --> Q8303 If Q2103= 2 & Male--> section 10.1 | E67: =E66+1 -> 27

Sheet Sheet1
B2: Chapter 7 Job Mobility
B3: Apply to those who have ever worked
B4: Interviewer: The first status is the first employment status after leaving school or
B5: the first job that lasts for more than 6 months
B6: For regular employment, a change that is from one place to another within the same employer, is not considered as a new status
B7: For irregular employment, changing the employer is not considered a new status

Sheet 8.1 cost of Marriage
A1: 8. الزواج والخصوبة ووضع المرأة
A2: 8.1 الزواج
B3: ينطبق علي كل من هو متزوج أو سبق له الزواج من سن (15-59) (ذكور و إناث)
A4: Marital status in household questionnaire of 2,3, 4, or 5 in Q211 and age 15-59 in Q206
A5: Question # | B5: Question | C5: Type of Question | D5: Validation & Skip Patterns
A6: الزواج الأول
A7: 8101 | B7: ما هي المدة التي كانت بين قراءة الفاتحة وعقد القران (بالشهر)؟ | C7: المدة (بالشهر) |__|__| ** أكتب 0، اذا كانت المناسبتين في نفس اليوم أو المدة بينهما أقل من شهر ** اكتب 98 في حالة لا يعرف **اكتب 99، اذا كانت المدة أكثر من 100 شهر | D7: Provide numerical textbox
A8: =A7+1 -> 8102 | B8: ما هي المدة التي كانت بين عقد القران و الانتقال الى بيت الزوجية (بالشهر)؟ | C8: المدة (بالشهر) |__|__| ** أكتب 0، اذا كانت المناسبتين في نفس اليوم أو المدّة بينهما أقل من شهر ** اكتب 98 في حالة لا يعرف **اكتب 99، اذا كانت المدة أكثر من 100 شهر | D8: Provide numerical textbox
A9: =A8+1 -> 8103 | B9: هل تربطك بزوجك/ بزوجتك صلة قرابة أو نسب؟ | C9: 1. نعم 2. لا | D9: =CONCATENATE("If 2-->",A11) -> If 2-->8105
A10: =A9+1 -> 8104 | B10: ما هي صلة القرابة؟ | C10: 1- إبن/ ابنة العم 2- إبن/ ابنة العمة 3- إبن / ابنة الخال 4- إبن/ ابنة الخالة 5- قرابة أخري من ناحية الام 6- قرابة اخري من ناحية الاب 7- نسب 98- لا يعرف
A11: =A10+1 -> 8105 | B11: في بداية الزواج الأول، ماذا كان نوع حيازة مسكنكم؟ | C11: 1- ملك 2- مستأجر 3- دون مقابل في سكن تابع للحكومة 4- دون مقابل في سكن تابع لصاحب العمل 5. هدية/ميزة عينية 97- أخرى (حدد) 98- لا يعرف | D11: If 97, provide textbox
A12: =A11+1 -> 8106 | B12: عندما تزوجتم في البداية هل أقمتم مع عائلتك/عائلة زوجك/ زوجتك أو أحد آخر؟ | C12: 1- مع عائلتي 2- مع عائلة زوجي/زوجتي 3- مع آخرون 4- لم نسكن مع أحد | D12: =CONCATENATE("If 3 --> Q",A14," If 4 --> Q",A15) -> If 3 --> Q8108 If 4 --> Q8109
A13: =A12+1 -> 8107 | B13: هل كان طبيخكم و تناول وجبات الطعام مشترك مع الأهل أم مستقل؟ | C13: 1- مشترك 2- مستقل 98- لا يعرف
A14: =A13+1 -> 8108 | B14: ما مدة الاقامة المشتركة(بالسنوات)؟ | C14: المدة (بالسنوات)|__|__||__| **أكتب 999، إذا ما زالوا معهم **اكتب 998، إذا كان لا يعرف ** اكتب "0"، اذا كانت الاقامة أقل من سنة | D14: Provide numerical textbox
A15: =A14+1 -> 8109 | B15: هل تزوج الفرد بعد سنة 2005؟ | C15: 1. نعم 2. لا | D15: =CONCATENATE("Validation: Automatically determine based on the year of the last marriage in section 2.1 If 2 and Female --> section 8.2; if 2 or and male --> section 10.1") -> Validation: Automatically determine based on the year of the last marriage in section 2.1 If 2 and Female --> section 8.2; if 2 or and male --> section 10.1
A16: =A15+1 -> 8110 | B16: ما قيمة المهر المسجل في قسيمة الزواج بالدينار؟ | C16: القيمة بالدينار |__|__||__|__||__| ** أكتب 99998 اذا كان لا يعرف ** أكتب 99999 اذا كان أكثر من 100,000دينار ** أكتب 0 إذا كان لا يوجد مهر | D16: Provide numerical textbox
A17: =A16+1 -> 8111 | B17: ما قيمة المصوغات عند الشراء بالدينار؟ | C17: القيمة بالدينار __|__||__|__||__| ** أكتب 99998 اذا كان لا يعرف ** أكتب 99999 اذا كان أكثر من 100,000دينار ** أكتب 0 إذا كان لا يوجد مصوغ | D17: Provide numerical textbox
A18: =A17+1 -> 8112 | B18: SKIPPED
A19: =A18+1 -> 8113 | B19: SKIPPED
A20: =A19+1 -> 8114 | B20: كم عدد الحجرات (نوم ،أكل، صالون) التي تم تجهيزها للزواج؟ | C20: عدد الحجرات __|__| **إذا كان لا يعرف اكتب 98 | D20: Provide numerical textbox
A21: =A20+1 -> 8115 | B21: كم كان إجمالي تكاليف محتويات المسكن " مثل الأجهزة الكهربائية، الاثاث، غرفة النوم، الملابس، جميع أدوات المطبخ، طقم الصيني، أدوات المائدة، الوسادات، المراتب، الملايات وأغطية السرير- السجادو أغطية الارض المختلفة، ... الخ (بالدينار)؟ | C21: قيمة تكاليف الجهاز __|__|__|__||__| ** أكتب 99998 اذا كان لا يعرف ** أكتب 99999 اذا كان أكثر من 100,000دينار **اكتب 0 في حلة لا يوجد | D21: =CONCATENATE("Provide numerical textbox If =0 -->",A23) -> Provide numerical textbox If =0 -->8117
A22: =A21+1 -> 8116 | B22: SKIPPED
A23: =A22+1 -> 8117 | B23: ما هي التكاليف الكلية لبناء/ الحصول علي مسكن بما في ذلك المبلغ المدفوع كخلو/ دفعة أولية للحصول علي ايجار/ شراء شقة/ بناء/ اصلاحات/ سباكة/ كهرباء/ شبابيك/ حوائط/ ارضيات/ اسقف... الخ(بالدينار)؟ | C23: التكاليف __|__|__|__||__| ** أكتب 99998 اذا كان لا يعرف ** أكتب 99999 اذا كان أكثر من 100,000دينار **اكتب 0 في حلة لا يوجد | D23: =CONCATENATE("Provide numerical textbox If =0 -->",A29) -> Provide numerical textbox If =0 -->8119
A24: =A23+1 -> 8118 | B24: كم كانت نسبة مشاركة كل من العريس وأهله والعروسة وأهلها من إجمالي قيمة المسكن و محتوياته؟ | C24: نسبة العريس __|__| | D24: Provide numerical textbox
C25: نسبة أهل العريس __|__|
C26: نسبة العروسة __|__|
C27: نسبة أهل العروسة __|__|
C28: ** إذا بلغت نسبة أي طرف %100، اكتب 0 في الخانات
A29: =A24+1 -> 8119 | B29: ما هي التكاليف المدفوعة على احتفالات الزواج (بما في ذلك الخطوبة وعقد القران وحفل الزفاف (بالدينار)؟ | C29: التكاليف __|__|__|__||__| ** أكتب 99998 اذا كان لا يعرف ** أكتب 99999 اذا كان أكثر من 100,000دينار " | D29: If male, after answering --> section 10.1

Sheet Sheet4

Sheet 8.2 Fertility
B1: 8. الزواج والخصوبة ووضع المرأة
D2: 8.2 الخصوبة
A3: ينطبق على جميع السيدات المتزوجات حاليا او من سبق لهن الزواج من سن (15-59) المرأة العزباء تنتقل إلى قسم 8.3 ، الذكور ينتقل مباشرة إلي 10.1
H4: Marital status in household questionnaire of 2,3, 4, or 5 in Q211 and age 15-59 in Q206, sex of 2 in Q204 Single women move to section 8.3, men move to section 10.1
A5: Question # | B5: Question | C5: Type of Question
A6: 8201 | B6: هل سبق لك الإنجاب؟ | C6: 1- نعم 2- لا | F6: If no --> section 8.3
A7: عـدد المواليد
A8: =A6+1 -> 8202 | B8: عدد المواليد الذين ولدوا على قيد الحياه؟ | C8: عدد المواليد |__|__| **اكتب 98، اذا كان لا يعرف | F8: Provide numerical textbox
A9: =A8+1 -> 8203 | B9: عدد المواليد المتوفون (توفي ما قبل الولادة بداية من الشهر السابع إلي التاسع) | C9: عدد المتوفون |__|__| **اكتب 98، اذا كان لا يعرف | F9: Provide numerical textbox
A10: =A9+1 -> 8204 | B10: عدد الأبناء المتواجدين مع الأسرة | C10: عدد الابناء |__|__| **اكتب 98، اذا كان لا يعرف | F10: Provide numerical textbox
A11: =A10+1 -> 8205 | B11: عدد الأبناء غير المتواجدين مع الأسرة | C11: عدد الابناء |__|__| ** اكتب 98، اذا كان لا يعرف | F11: Provide numerical textbox
A12: =A11+1 -> 8206 | B12: =A12+1 -> 8207 | C12: =B12+1 -> 8208 | D12: =C12+1 -> 8209 | E12: 8210 | F12: =E12+1 -> 8211 | G12: =F12+1 -> 8212 | H12: 8213
A13: الكود | B13: اذكر أسماء ابنائك (الأشقاء و غير الأشقاء) ،بما فيهم المتوفين وغير المتواجدين بالمنزل بالترتيب (الأكبر فالأصغر) | C13: هل هو طفل واحد أم له توائم؟ | D13: هل (اسم الفرد) ولد أو بنت؟ تأكد من الأم في حالة ما اذا كان الأسم يصلح للجنسين | E13: ما هو تاريخ الميلاد؟ اكتب 98، اذا كان لا يعرف الشهر اكتب 998، اذا كان لا يعرف السنة | F13: هل (الإسم) مازال على قيد الحياة؟ | G13: هل يعيش (الإسم) مع الأسرة؟ | H13: للباحث أكتب رقم سطر الطفل
A14: 1 | C14: 1- مفرد 2- توأم | D14: 1- ولد 2- بنت | E14: a. شهر: الشهور السيريانية لا يعرف 98 b. سنة: (1930-2016) + لا يعرف 9998 | F14: 1. نعم 2. لا ← المولود التالي | G14: 1. نعم 2. لا ← المولود التالي
A15: 2 | B15: Repeat for number of live births

Sheet 8.3 Women Status
A1: 8. الزواج والخصوبة ووضع المرأة
A2: 8.3 وضع المرأة
A3: ينطبق علي كل الاناث من 15 إلي 59 سنة
G4: age 15-59 in Q206, sex of 2 in Q204
A5: Question # | B5: Question | C5: Type of Question | H5: Validation & Skip Patterns
A6: 8301 | B6: Internal variable: check in household questionnaire is individual currently married | C6: 1. Yes 2. No | H6: =CONCATENATE("If 2-->",A10) -> If 2-->8303
A7: =A6+1 -> 8302 | B7: أسئلة للسيدات المتزوجات حاليا | H7: after answering, move to question 8304
B8: من في الأسرة له الكلمة الأخيرة في المواضيع التالية؟
B9: Q 1. شراء سلع معمرة للبيت (ثلاجة،بوتاجاز أثاث.... الخ) 2. شراء الطلبات اليومية 3. زيارة الاقارب والاصحاب 4. نوع الطعام اليومي (طبخة اليوم) 5. ذهابك الى الطبيب للمعالجة 6. شراء ملابسك الشخصية 7. اخذ احد الاطفال الى الطبيب 8. ايصال الاطفال الى المدرسة 9. شراء ملابس للأولاد | C9: Dropdown menu with options ({1-6}, 98, 99) 8302 for all items {1-9} in Q: 1- أنت بمفردك 2- زوجك 3- انت وزوجك 4- حماك / حماتك 5- انت، زوجك، حماك، حماتك معاً 6- آخرون 98- لا يعرف 99- لا ينطبق
A10: =A7+1 -> 8303 | B10: أسئلة للإناث غير المتزوجات حاليا (لم يسبق لهن الزواج- مطلقات- أرامل)
B11: من في الأسرة له الكلمة الأخيرة في المواضيع التالية؟
B12: Q 1. شراء سلع معمرة للبيت (ثلاجة،بوتاجاز أثاث.... الخ) 2. شراء الطلبات اليومية 3. زيارة الاقارب والاصحاب 4. نوع الطعام اليومي (طبخة اليوم) 5. ذهابك الى الطبيب للمعالجة 6. شراء ملابسك الشخصية 7. اخذ احد الاطفال الى الطبيب 8. ايصال الاطفال الى المدرسة 9. شراء ملابس للأولاد | C12: Dropdown menu with options (1-6, 98, 99) for all Qs 1-9 in column Q: 1- أنت بمفردك 2- والدك 3- والدتك 4- انت، والدك، و والدتك معاً 5- والدك و والدتك معاً 6- الجد و الجدة 7- الأبناء 8- أحد الأخوة أو الأخوات 9- آخرون 98- لا يعرف 99- لا ينطبق
A13: =A10+1 -> 8304 | B13: هل تحتفظين بمصروف البيت بحوزتك؟ | C13: 1- نعم 2- لا
A14: =A13+1 -> 8305 | B14: هل لديك مدخرات و أملاك شخصية (أرض، شقة، ذهب و مجوهرات، سيارة)؟ | C14: 1- نعم 2- لا
A15: =A14+1 -> 8306 | B15: إذا أردت الذهاب إلى أي من الأماكن التالية هل تستطيعين الذهاب بمفردك؟ وهل يجب أن تأخذي إذن للذهاب أم يكفي أن تخبري أحد؟
B16: المكان: 1. السوق 2. الذهاب الى الطبيب للمعالجة 3. اخذ احد الاطفال الى الطبيب 4. زيارة احد الاقارب، الاصدقاء ، الجيران | C16: Dropdown menu with options ({1-6}, 98, 99) 8302 for all items {1-9} in Q 1- أذهب لوحدي بدون إذن 2- أذهب لوحدي لكن أحتاج إلى إذن مسبق 3- أذهب لوحدي بعد إخبار أحد (للعلم) 4- لا أذهب لوحدي 98-لا يعرف 99- لا ينطبق
A17: =A15+1 -> 8307 | B17: هل هناك أحد من أقاربك يعيش بالقرب منك، بحيث يمكن الذهاب والعودة في نفس اليوم؟ | C17: 1- نعم 2- لا
A18: =A17+1 -> 8308 | B18: في حالة وجود مشاكل وإحتياج إلى المساعدة، هل هناك أحد يمكنك الإعتماد عليه لكي:
B19: a. يوفر لك مكان للمبيت إذا إحتجت ذلك | C19: 1. نعم 2. لا 98-لا يعرف
B20: b. يوفر لك نقود عند الحاجة لذلك | C20: 1. نعم 2. لا 98-لا يعرف
A21: =A18+1 -> 8309 | B21: في بعض الأحيان يحصل خلاف بين الزوج وزوجته على الأشياء التي تقوم بها الزوجة، في رأيك، هل للزوج الحق في ضرب زوجته أو معاقبتها في المواقف التالية؟
B22: 1. إذا حرقت الطعام 2. إذا أهملت أطفالها 3.إذا تجادلت معه 4. اذا تكلمت مع رجال غرباء 5. اذا صرفت المال بتبذير و استهتار 6. اذا رفضت اداء حق الزوج (المعاشرة الزوجية) | C22: 1. نعم 2. لا 98-لا يعرف
A23: =A21+1 -> 8310 | B23: هل تشعرين بالخوف إذا اختلفت مع زوجك/ أبوك/ أخوك/ أو أي رجل في الأسرة؟ | C23: 1. نعم 2. لا 98-لا يعرف

Sheet 9.0 Female Employment 
A1: 9. عمل الإناث بأجر
A2: ينطبق على الإناث من سن (15 - 59) اللاتي يعملن حالياً بأجر او سبق لهن العمل بأجر (check for at least one wage worker status in section 7.0)
A4: Question # | B4: Question | C4: Type of Question | D4: Validation & Skip Patterns
A5: 9001 | B5: ما هي (ماذا كانت) أهم وجه لإنفاق دخلك من العمل؟ | C5: 1- مساعدة الأسرة ماليا 2- الاحتياجات الشخصية 3- تجهيز نفسي للزواج 97- أخرى( حدد) 98-لا يعرف | D5: If 97, provide textbox
A6: =A5+1 -> 9002 | B6: ما هي النسبة التي كنت تحتفظين بها لنفسك؟ | C6: 1- لا يوجد 2- اقل من الربع 3- من الربع إلى أقل من النصف 4- من النصف إلى أقل من ثلاثة أرباع 5- من ثلاث أرباع إلى أقل من الكل 6- الكل 98-لا يعرف
A7: =A6+1 -> 9003 | B7: ما هي النسبة التي (كنت) تدخرينها من الدخل؟ | C7: 1- لا يوجد 2- اقل من الربع 3- من الربع إلى أقل من النصف 4- من النصف إلى أقل من ثلاثة أرباع 5- من ثلاث أرباع إلى أقل من الكل 6- الكل 98-لا يعرف | D7: =CONCATENATE("If 1 --> Q",A9) -> If 1 --> Q9005
A8: =A7+1 -> 9004 | B8: ما هي الطريقة الرئيسية التي (كنت) تدخرين بها هذه المبالغ؟ | C8: 1- البنك / أو مؤسسة مالية 2- اشتراك في جمعيات فردية 3- شراء ذهب ومجوهرات 4- الاحتفاظ بها في المنزل 97- أخرى (حدد) 98-لا يعرف | D8: If 97, provide textbox
A9: =A8+1 -> 9005 | B9: هل تستلمين أجرك من العمل بنفسك؟ | C9: 1- نعم 2- لا 98 - لا يعرف | D9: =CONCATENATE("After answering if Q",'2.1 Personal Biography'!A6, "= 2, --> Q",A19) -> After answering if Q2103= 2, --> Q9015
A10: =A9+1 -> 9006 | B10: هل كنت تعملين بأجر عند زواجك؟ | C10: 1- نعم 2- لا 98 - لا يعرف
A11: =A10+1 -> 9007 | B11: ما هو رأي زوجك بعملك؟ | C11: 1- موافق بشدة 2- موافق 3- محايد 4- غير موافق 98-لا يعرف 99- لا ينطبق (الزوج غير موجود) | D11: =CONCATENATE("After answering if ", '8.2 Fertility'!A6, "= 2 -> Q",A22) -> After answering if 8201= 2 -> Q9018
A12: =A11+1 -> 9008 | B12: هل كنت تعملين اثناء حملك الاول؟ | C12: 1- نعم 2- لا 98 - لا يعرف | D12: =CONCATENATE("If 2 or 98-->",A15) -> If 2 or 98-->9011
A13: =A12+1 -> 9009 | B13: ما عدد الأسابيع المدفوعة الأجر التي حصلت عليها عند إجازة الأمومة في حملك الأول؟ | C13: 1- لم احصل على إجازة وضع 2- من 2-6 أسابيع 3- من 7-13 أسابيع 4- من 14-17 أسبوع 5- أكثر من 18 أسبوع 98-لا يعرف
A14: =A13+1 -> 9010 | B14: ما عدد شهور فترة الحضانة غير المدفوعة الأجر التي حصلت عليها في حملك الأول؟ | C14: 1- لم أحصل على إجازة حضانة 2- أقل من 3 شهور 3- 3 شهور 4- من 4- 6 شهور 5- من 7 شهور إلى سنة 6- من سنة إلى سنتين 7- أكثر من سنتين 98-لا يعرف | D14: =CONCATENATE("If Q",'6.1 Job charc '!A48," is not 1-->",A23) -> If Q6137 is not 1-->9019
A15: =A14+1 -> 9011 | B15: هل لديك أطفال أقل من 12 سنة؟ | C15: 1- نعم 2- لا | D15: =CONCATENATE("If 2 or 98 -->",A22, " Validation: If 1, Q",'8.2 Fertility'!E12, " should have members with year >= 2004 or 9998") -> If 2 or 98 -->9018 Validation: If 1, Q8210 should have members with year >= 2004 or 9998
A16: =A15+1 -> 9012 | B16: من يتولى رعاية أولادك الصغار وأنت في العمل؟ | C16: الراعي الأول الراعي الثاني Each will have a dropdown menu with the following choices: 1- والدتك 2- حماتك 3- ابنتك 4- اختك 5- جدتك 6- مربية 7- حضانة 8- الجيران 9- اقارب اخرون 10- حضانة المدرسة 11- الزوج 12- المدرسة 97. أخرى (حدد) 98-لا يعرف | D16: if 97, provide textbox
A17: =A16+1 -> 9013 | B17: هل تدفعين مقابل للشخص الذي يتولى رعاية أبنائك؟ | C17: 1- نعم 2- لا 98-لا يعرف | D17: If 2 or 98 --> section 10.1
A18: =A17+1 -> 9014 | B18: كم دفعتي في الشهر الماضي بالدينار؟ | C18: المبلغ بالدينار أكتب 9998، في حالة لا يعرف | D18: after answering --> section 10.1
A19: =A18+1 -> 9015 | B19: هل ستستمرين في العمل في حال زواجك؟ | C19: 1- نعم 2- لا 3- حسب رغبة الزوج 4- على حسب الظروف 5- لا أرغب في الزواج 98- لا يعرف | D19: =CONCATENATE("If 2 --> Q", A22," If 5 --> Q", A21) -> If 2 --> Q9018 If 5 --> Q9017
A20: =A19+1 -> 9016 | B20: هل تعتقدين أنك ستكونين قادرة على العمل بعد الزواج؟ | C20: 1. نعم 2. لا 3. على حسب الظروف 98- لا يعرف
A21: =A20+1 -> 9017 | B21: من وجهه نظرك كيف يؤثر عملك في حصولك على فرصة للزواج؟ | C21: 1- يعزز الحصول على فرصة 2- يمنع الحصول على فرصة 3- ليس له تأثير 98- لا يعرف | D21: =CONCATENATE("If Q",'6.1 Job charc '!A48," =1--> section 10.1") -> If Q6137 =1--> section 10.1
A22: =A21+1 -> 9018 | B22: =CONCATENATE("Internal variable: Is she currently working for wages? Check Q",'6.1 Job charc '!A48) -> Internal variable: Is she currently working for wages? Check Q6137 | C22: 1. Yes 2. No | D22: If 1 --> section 10.1
A23: =A22+1 -> 9019 | B23: ما هي أسباب عدم الإستمرار في العمل بأجر؟ | C23: السبب الرئيسي السبب الثانوي Provide dropdown menu with the following choices: 1. رفض الزوج أو الخطيب 2. رفض الأب 3. رفض فرد آخر من أفراد الأسرة 4. لا يوجد وظائف مناسبة 5. الأجور غير مناسبة 6. لا يوجد وظائف متاحة تماما 7. لرعاية الأطفال 8. لرعاية أطفال فرد آخر في الأسرة 9. لا أرغب في العمل 97- أخرى (حدد) | D23: If 97, provide textbox
A24: =A23+1 -> 9020 | B24: هل ستعودين للعمل مرة أخرى في يوم ما؟ | C24: 1- بالتأكيد 2- نعم، إذا كان هناك حاجة مادية 3- نعم، على حسب الظروف 4- نعم، على حسب الوظائف المتاحة 5- لا 97- أخرى (حدد) 98-لا يعرف | D24: If 97, provide textbox

Sheet 10.1 Earnings
A1: 10 . الدخل
A2: 10.1 الدخل بأجر في العمل الأساسي
A3: =CONCATENATE("ينطبق هذا القسم على العاملين بأجر في العمل الأساسي خلال الثلاث شهور الماضية Q",'6.1 Job charc '!A48,"=1") -> ينطبق هذا القسم على العاملين بأجر في العمل الأساسي خلال الثلاث شهور الماضية Q6137=1
A4: للباحث: الدخل يشير إلى مدة الثلاثة أشهر تنتهي بآخر فترة دفع تلقى فيها العامل أجرا فعلياً
A6: Question # | B6: Question | C6: Type of Question | D6: Validation & Skip Patterns
A7: 10101 | B7: كيف يحسب الأجر من العمل الأساسي؟ | C7: 1- أجر محدد 2- أجر حسب الإنتاج 3- جزء محدد وجزء حسب الأنتاج 97- أخرى (حدد) | D7: =CONCATENATE("if 97, provide textbox Check: if Q",'6.1 Job charc '!A26,"=1 --> continue if Q",'6.1 Job charc '!A26,"=2 -->Q",A19) -> if 97, provide textbox Check: if Q6118=1 --> continue if Q6118=2 -->Q10105
A8: =A7+1 -> 10102 | B8: للعمالة المنتظمة: ما هو صافي الدخل لعملك الأساسي خلال الثلاثة شهور الماضية لكل من الفئات التالية: للباحث: 1- في حالة عدم الحصول على أي بند من البنود اكتب "0" وإذا لم يتذكر التفاصيل، أكتب الأجر الإجمالي من العمل الأساسي في خانة الأجر الأساسي. 2- في حالة أن المبلغ أكثر من 100,000 دينار، أكتب 99999 3- في حالة لا يعرف، أكتب 99998 4. في حالة أن الفرد لا يريد الإجابة، اسأل عن المبلغ التقريبي الذي يحصل عليه. إذا رفض إعطاء المبلغ التقريبي، اكتب 99996
B9: نوع الاجر | C9: فترة الصرف (Dropdown menu with 1-6 for all types of pay) | D9: القيمة في فترة الصرف )بالدينار)
B10: 1. الرواتب والاجور | C10: 1.يومي | D10: |___|___|___|___|___|
B11: 2. المكافأت والحوافز | C11: 2. اسبوعي | D11: |___|___|___|___|___|
B12: 3.الوقت الإضافي | C12: 3. شهري | D12: |___|___|___|___|___|
B13: 4. الارباح الموزعة | C13: 4. كل 3 شهور | D13: |___|___|___|___|___|
B14: 5. أخرى (textbox) | C14: 5. سنوي | D14: |___|___|___|___|___|
C15: 6. لا يوجد
C16: 97. أخري (حدد)
A17: =A8+1 -> 10103 | B17: ما هو المبلغ المدفوع شهريا من إجمالي الراتب للضمان الاجتماعي؟ (بالدينار) | C17: الأجر: ________________ في حالة لا يعرف، اكتب 9998 | D17: =CONCATENATE("Only ask if Q",'6.1 Job charc '!A43, "=1 Provide numerical textbox") -> Only ask if Q6132=1 Provide numerical textbox
A18: =A17+1 -> 10104 | B18: كم عدد الترقيات التي حصلت عليها منذ إلتحاقك بجهة عملك الحالية؟ للباحث: الترقية هي تغيير من مسمي وظيفي إلي مسمي وظيفي آخر | C18: 1- واحدة 2- إثنين 3- ثلاثة أو أكثر 99- لا ينطبق 98-لا يعرف | D18: After answering --> section 10.2
A19: =A18+1 -> 10105 | B19: للعمالة الغير منتظمة: ما هو متوسط أجرك اليومي في عملك الأساسي بالدينار؟ (العمالة غير المنتظمة تشمل العاملين بصفة متقطعة والعمالة الموسمية) | C19: الأجر __|__|__|__| ** في حالة لا يعرف أكتب 9998 ** في حالة لا ينطبق اكتب 9999 ** اذا كان لا يرغب في الإدلاء بالمبلغ التقريبي للأجر، اكتب 9996 | D19: Provide numerical textbox

Sheet 10.2 Earnings in Secondary job
A1: 10.2 الدخل من العمل بأجر في العمل الثانوي
A2: =CONCATENATE("ينطبق على العاملين بأجر في أعمال ثانوية خلال الثلاث شهور الماضية, check Q",'6.2 Secondary Job'!A5, "=1 or one or more of ", '6.2 Secondary Job'!A6," equals 1") -> ينطبق على العاملين بأجر في أعمال ثانوية خلال الثلاث شهور الماضية, check Q6201=1 or one or more of 6202 equals 1
A4: Question # | B4: Question | C4: Type of Question | E4: Validation & Skip Patterns
A5: 10201 | B5: قيمة الأجر من العمل الثانوي خلال الثلاث شهور الماضية ؟ أكتب 9998 في حالة لا يعرف | C5: فترة الصرف (Dropdown menu with 1-6) 1. يومي 2. أسبوعي 3. شهري 4. كل 3 شهور 5. سنوي 6. غير مدفوع 98- لا يعرف | D5: القيمة في فترة الصرف |___|___|___|___ * في حالة لا يعرف أكتب 9998 * ** اذا كان لا يرغب في الإدلاء بالمبلغ التقريبي للأجر، اكتب 9996 | E5: Provide numerical textbox

Sheet 11.0 Return Migration
A1: 11.1- خصائص الهجرة العائدة
A2: ينطبق على كل الأفراد العاملين حالياً (15 إلي 59 سنة) أو الذين سبق لهم العمل
C3: =CONCATENATE("Apply to All individuals 15-59 years old who are working or have been working in the past and who are Jordanian (nationality) or born in Jordan, i.e. Jordanian in Q207 or born in Jordan (=1) in Q",'2.1 Personal Biography'!A50) -> Apply to All individuals 15-59 years old who are working or have been working in the past and who are Jordanian (nationality) or born in Jordan, i.e. Jordanian in Q207 or born in Jordan (=1) in Q2138
A4: Question # | B4: Question | C4: i.e. Jordanian in Q207 or born in Jordan (=1) in Q",'2.1 Personal Biography'!A50) | D4: Validation & Skip Patterns
A5: 11001 | B5: هل سبق لك العمل في الخارج لمدة 6 شهور فأكثر؟ | C5: 1- نعم 2- لا 98- لا يعرف | D5: =CONCATENATE("If 2 or 98 --> section 12.1 "," Check: If 1 (yes), then one of Q",'7.0 Job Mobility'!A29, " or ",'7.0 Job Mobility'!A57, "should equal 2 (outside Jordan)") -> If 2 or 98 --> section 12.1 Check: If 1 (yes), then one of Q7101_17 or 710[n]_17should equal 2 (outside Jordan)
A6: =A5+1 -> 11002 | B6: كم عدد المرات التي سافرت فيها للعمل بالخارج؟ للباحث: أي سفرية تتوسطها فترة عودة تقل عن 6 أشهر تعتبر سفرية واحدة | C6: عدد المرات |__|__| | D6: Numerical textbox
A7: =A6+1 -> 11003 | B7: متى كان أول سفر لك؟ | C7: a. الشهر Dropdown menu : الشهور السيريانية + لا يعرف 98 b. السنة: Dropdown Menu (1930-2016) + لا يعرف 9998
A8: =A7+1 -> 11004 | B8: متى كانت عودتك الأخيرة؟ | C8: a. الشهر Dropdown menu : الشهور السيريانية + لا يعرف 98 b. السنة: Dropdown Menu (1930-2016) + لا يعرف 9998
A9: =A8+1 -> 11005 | B9: ما هي الدولة التي ذهبت إليها في سفرك الأول؟ | C9: Dropdown menu with the list of world countries
A10: =A9+1 -> 11006 | B10: لماذا سافرت؟ | C10: السبب الرئيسي السبب الثانوي Dropdown menu with the following choices: 1- عاطل وأبحث عن عمل 2- فرصة عمل أحسن 3- دخل أعلى 4- لمساعدة الأسرة ماديا 5- صاحب العمل نقلني 6- إدخار نقود للزواج 7- إدخار نقود لبدء مشروع 8-إدخار لشراء منزل 9- لمرافقة الزوج/ الزوجة 10- لمرافقة أحد أفراد الأسرة 97- أخري(حدد) 98-لا يعرف 99. لا ينطبق (second reason only)
A11: =A10+1 -> 11007 | B11: هل سافرت بمفردك أو مع أحد أفراد أسرتك في سفرك الأول؟ | C11: 1- بمفردي 2- مع أحد أفراد الأسرة
A12: =A11+1 -> 11008 | B12: كيف كانت حالة أسرتك المادية قبل سفرك الأول؟ | C12: 1- أكثر من كافية لشراء الإحتياجات الأساسية 2- كافية لشراء الإحتياجات الأساسية 3- غير كافية لشراء الإحتياجات الأساسية
A13: =A12+1 -> 11009 | B13: هل كانت لديك تأشيرة أو أوراق رسمية لدخول الدولة التي ذهبت إليها؟ | C13: 1- نعم 2- لا 98-لا يعرف | D13: =CONCATENATE("If 2 or 98 --> Q",A16) -> If 2 or 98 --> Q11012
A14: =A13+1 -> 11010 | B14: ماذا كان نوع هذه التأشيرة أو هذه الأوراق؟ | C14: 1- تأشيرة سياحية 2- تأشيرة عمل 3- تأشيرة طلبة 4- تأشيرة لاجئ 5- تصريح إقامة مؤقت 6- تصريح إقامة/هجرة 7- تصريح عمل 98- لا يعرف 97- أخرى (حدد) | D14: If 97, provide textbox
A15: =A14+1 -> 11011 | B15: ما هو متوسط دخلك الشهري قي العام السابق لعودتك من سفرك الأول؟ (بالدينار في الشهر) | C15: الدخل بالدينار __|__|__|__|__| في حالة لا يعرف اكتب 99998 في حالة أن الفرد لا يريد الإجابة، اسأل عن المبلغ التقريبي الذي يحصل عليه. إذا رفض إعطاء المبلغ التقريبي، اكتب 99996 | D15: Provide numerical textbox
A16: =A15+1 -> 11012 | B16: ما هو متوسط دخلك الشهري قي العام السابق لعودتك من سفرك الأخير بالخارج؟ (بالدينار في الشهر) | C16: الدخل بالدينار __|__|__|__|__| في حالة لا يعرف اكتب 99998 في حالة أن الفرد لا يريد الإجابة، اسأل عن المبلغ التقريبي الذي يحصل عليه. إذا رفض إعطاء المبلغ التقريبي، اكتب 99996 | D16: =CONCATENATE("Only ask if Q",A6, " is greater than 1. Provide numerical textbox") -> Only ask if Q11002 is greater than 1. Provide numerical textbox
A17: =A16+1 -> 11013 | B17: قارن بين دخلك في الخارج في آخر سنة قبل العودة ودخلك قبل سفرك الأول؟ | C17: 1- أعلى 2- نفس الدخل 3- أقل 99- لا ينطبق 98-لا يعرف | D17: =CONCATENATE("If 2, 3, 98, or 99 --> Q",A19) -> If 2, 3, 98, or 99 --> Q11015
A18: =A17+1 -> 11014 | B18: إلي أي مدي كان دخلك في الخارج أعلى؟ | C18: 1- 10 أضعاف أو أكثر 2- من 5 إلى أقل من 10 أضعاف 3- من ضعفين إلى أقل من 5 أضعاف 4- من الضعف إلى الأقل من الضعفين 97- أخرى (حدد) 98-لا يعرف | D18: If 97, provide textbox
A19: =A18+1 -> 11015 | B19: هل كنت تدخر وأنت في الخارج؟ | C19: 1- نعم 2- لا | D19: =CONCATENATE("If 2-> Q",A24) -> If 2-> Q11020
A20: =A19+1 -> 11016 | B20: ماذا كان متوسط إدخارك الشهري في الخارج في السنة السابقة لعودتك من سفرك الاول؟ (بالدينار في الشهر) | C20: الادخار الشهري بالدينار __|__|__|__|__| **في حالة لا يعرف اكتب 99998 ** في حالة أن الفرد لا يريد الإجابة، اسأل عن المبلغ التقريبي الذي يحصل عليه. إذا رفض إعطاء المبلغ التقريبي، اكتب 99996 | D20: Provide numerical textbox
A21: =A20+1 -> 11017 | B21: ماذا كان متوسط إدخارك الشهري في الخارج في السنة السابقة لعودتك من سفرك الاخير؟ (بالدينار في الشهر) | C21: الادخار الشهري بالدينار __|__|__|__|__| **في حالة لا يعرف اكتب 99998 ** في حالة أن الفرد لا يريد الإجابة، اسأل عن المبلغ التقريبي الذي يحصل عليه. إذا رفض إعطاء المبلغ التقريبي، اكتب 99996 ** في حالة سفر واحد، أترك السفر الأخير فارغ | D21: =CONCATENATE("Only ask if Q",A6, " is greater than 1. Provide numerical textbox") -> Only ask if Q11002 is greater than 1. Provide numerical textbox
A22: =A21+1 -> 11018 | B22: ماذا كانت وسيلة الإدخار الأساسية وأنت في الخارج؟ | C22: 1- في بنك في الخارج 2- في بنك في الأردن 3- نقدا 4- ذهب 97- أخرى (حدد) 98-لا يعرف
A23: =A22+1 -> 11019 | B23: كيف إستخدمت مجموع مدخراتك عند عودتك؟ | C23: الإستخدام الرئيسي الإستخدام الثانوي Dropdown menu with the following choices 1- إيداع في البنك 2- إيداع في شركة مالية 3- إشتريت ذهب 4- إشتريت أراضي زراعية 5- إشتريت أراضي غير زراعية 6- بنيت/ إشتريت منزل 7- أقمت مشروع تجاري 8- التجهيز للزواج 97- أخرى (حدّد) 98-لا يعرف 99. لا ينطبق (secondary use only)
A24: =A23+1 -> 11020 | B24: هل أرسلت تحويلات مالية أو عينية من الخارج لأسرتك؟ وإن كنت ترسل، هل أرسلت بإنتظام؟ | C24: 1- نعم، بشكل منتظم 2- نعم، بشكل غير منتظم 3- نعم، بشكل منتظم وغير منتظم 4- لا 98-لا يعرف | D24: =CONCATENATE("If 2 --> Q", A27," if 4 or 98 --> Q",A29) -> If 2 --> Q11023 if 4 or 98 --> Q11025
A25: =A24+1 -> 11021 | B25: التحويلات المنتظمة: ماذا كان متوسط التحويلات الشهرية خلال السنة السابقة لعودتك من السفر الاول؟ | C25: متوسط التحويلات بالدينار __|__|__|__|__| في حالة لا يعرف اكتب 99998 | D25: =CONCATENATE(" Provide numerical textbox Skip Pattern: after answering if Q",A6, " is equal to 1 -->",A29) -> Provide numerical textbox Skip Pattern: after answering if Q11002 is equal to 1 -->11025
A26: =A25+1 -> 11022 | B26: التحويلات المنتظمة: ماذا كان متوسط التحويلات الشهرية خلال السنة السابقة لعودتك من السفر الاخير ؟ | C26: متوسط التحويلات بالدينار __|__|__|__|__| في حالة لا يعرف اكتب 99998 | D26: =CONCATENATE("Only ask if Q",A5, " is greater than 1. Provide numerical textbox. Skip Pattern: after answering -->",A29) -> Only ask if Q11001 is greater than 1. Provide numerical textbox. Skip Pattern: after answering -->11025
A27: =A26+1 -> 11023 | B27: التحويلات غير المنتظمة: ماذا كان متوسط التحويلات خلال السنة السابقة لعودتك من السفر الاول؟ | C27: متوسط التحويلات بالدينار __|__|__|__|__| في حالة لا يعرف اكتب 99998 | D27: Provide numerical textbox
A28: =A27+1 -> 11024 | B28: التحويلات غير المنتظمة: ماذا كان متوسط التحويلات خلال السنة السابقة لعودتك من السفر الاخير ؟ | C28: متوسط التحويلات بالدينار __|__|__|__|__| في حالة لا يعرف اكتب 9998 | D28: =CONCATENATE("Only ask if Q",A6, " is greater than 1. Provide numerical textbox") -> Only ask if Q11002 is greater than 1. Provide numerical textbox
A29: =A28+1 -> 11025 | B29: كيف أمنت مصاريف سفرك الأول؟ | C29: المصدر الرئيسي المصدر الثانوي Dropdown menu with the following choices 1- مدخرات شخصية 2- مساعدة أحد أفراد الأسرة 3- مساعدة أقارب 4- مساعدة أصدقاء/ معارف 5- إقتراض من الأقارب 6- إقتراض من أصدقاء/معارف 7- إقتراض من آخرين 97- أخرى (حدد) 98-لايعرف 99. لا ينطبق (secondary source only) | D29: If 97, provide textbox
A30: =A29+1 -> 11026 | B30: هل دفعت نقود لأي أحد ليسهل لك السفر؟ | C30: 1- نعم 2- لا 98- لا يعرف | D30: =CONCATENATE("If 2 or 98 --> Q",A32) -> If 2 or 98 --> Q11028
A31: =A30+1 -> 11027 | B31: من هو الذي دفعت له (أذكر أهم طرف)؟ | C31: 1- مكتب تشغيل 2- سمسار هجرة 3- أصدقاء/معارف 4- أقارب 97- أخرى (حدد) 98-لا يعرف | D31: If 97, provide textbox
A32: =A31+1 -> 11028 | B32: هل كان لك أي أحد من عائلتك ،أقاربك، معارفك أو أصدقائك يعيشون في البلد التي ذهبت إليها في سفرك الأول؟ | C32: 1- نعم 2- لا 98- لا يعرف | D32: =CONCATENATE("If 2 or 98 --> Q",A38) -> If 2 or 98 --> Q11032
A33: =A32+1 -> 11029 | B33: كم عدد أفراد أسرتك /أقاربك/معارفك وأصدقائك المقيمين هناك؟ ** أكتب "0" في حالة لا يوجد ** اكتب "98" في حالة لا يعرف | C33: أفراد الأسرة : |___|___| | D33: Provide numerical textboxes
C34: الأقارب : |___|___|
C35: المعارف/ الأصدقاء: |___|___|
A36: =A33+1 -> 11030 | B36: هل ساعدك أحد من أسرتك /أقاربك/ معارفك وأصدقائك المقيمن هناك؟ | C36: 1- نعم، أفراد أسرتي 2- نعم، أقارب 3- نعم، أصدقاء 4- كلهم 5- لا أحد 98- لا يعرف | D36: =CONCATENATE("If 5 or 98 --> Q",A38) -> If 5 or 98 --> Q11032
A37: =A36+1 -> 11031 | B37: ما هي أهم وسائل المساعدة التي قدموها لك عندما إنتقلت لتلك الدولة؟ (اذكر أهم ثلاثة وسائل) | C37: الوسيلة الأولى الوسيلة الثانية الوسيلة الثالثة Dropdown menu with the following choices 1- الحصول على تأشيرة/تصريح إقامة 2- دفع وسيلة الإنتقال 3- تقديم الطعام/ المسكن 4- تقديم نقود/ قروض 5- تقديم معلومات عن إمكانيات العمل 6- مساعدة للحصول على عمل 7- مساعدة لإيجاد مسكن 8- تقديم مساعدة كاملة حتى حصلت على عمل 98- لا يعرف 97- أخرى (حدد) 99. لا ينطبق (second and third type only) | D37: If 97, provide textbox
A38: =A37+1 -> 11032 | B38: من الذي ساعدك للحصول على عمل في الخارج؟ | C38: 1- أقارب 2- أصدقاء/معارف 3- صاحب عمل 4- شخص في العمل أو شريك 5- مكتب تشغيل 6- مكتب للهجرة 7- سفارة الأردن بالدولة المسافر إليها 8- لا أحد 98- لا يعرف 97- أخرى (حدد) | D38: If 97, provide textbox
A39: =A38+1 -> 11033 | B39: هل كنت تخطّط للإقامة بشكل مؤقت أم دائم في الخارج؟ | C39: 1- دائم 2- مؤقت 98- لا يعرف
A40: =A39+1 -> 11034 | B40: لماذا عدت من الخارج؟ | C40: 1- العقد إنتهى 2- صاحب العمل أنهى العقد فجأة 3- تقاعد 4- مشاكل صحية 5- الزواج 6- لإقامة مشروع في بلدي 7- لرعاية عمل عائلي أو مزرعة 8- لسوء ظروف العمل 97- أخرى (حدد) 98- لا يعرف | D40: If 97, provide textbox

Sheet 11.2 Migrates Charactristics
B1: 11.2 خصائص المهاجرين
A2: ينطبق علي جميع الأفرد من 15-59 غير حاملي الجنسية الأردنية أو الذين لم يولدوا في الأردن
A3: =CONCATENATE("Apply to All individuals 15-59 years old A2 who are neither Jordanian (nationality) nor born in Jordan, i.e. NOT Jordanian in Q207 and not in Jordan (=2) in Q",'2.1 Personal Biography'!A50 ) -> Apply to All individuals 15-59 years old A2 who are neither Jordanian (nationality) nor born in Jordan, i.e. NOT Jordanian in Q207 and not in Jordan (=2) in Q2138
A4: Question # | B4: Question | C4: Type of Question | D4: Validation & Skip Patterns
A5: 11201 | B5: متي كانت المرة الأولي لأقامتك في الأردن لفترة أطول من 6 أشهر ؟ | C5: a. الشهر (dropdown menu from الشهور السيريانية; لا يعرف=98) b. السنة: (dropdown menu from 1930-2016; لا يعرف=9998)
A6: =A5+1 -> 11202 | B6: هل تقييم (كنت تقييم) في مخيم لاجئين؟ | C6: 1. نعم، أقيم حاليا. 2. نعم، كنت اقيم سابقا، داخل الاردن. 3. نعم، كنت اقيم سابقا، خارج الاردن 2. لا أبدا
A7: =A6+1 -> 11203 | B7: هل أنت مسجل كلاجئ؟ | C7: 1. نعم 2. لا 99. لا ينطبق | D7: =CONCATENATE("If 2 or 99-->",A9) -> If 2 or 99-->11205
A8: =A7+1 -> 11204 | B8: متى قمت بالتسجيل كلاجئ؟ | C8: a. الشهر (dropdown menu from الشهور السيريانية; لا يعرف=98) b. السنة: (dropdown menu from 1930-2016; لا يعرف=9998)
A9: =A8+1 -> 11205 | B9: هل لديك بطاقة تمونية؟ | C9: 1. نعم 2. لا
A10: =A9+1 -> 11206 | B10: هل لديك كوبونات لشراء الغذاء؟ | C10: 1. نعم 2. لا
A11: =A10+1 -> 11207 | B11: هل لديك تصريح للعمل بالأردن؟ في حالة لا يعمل، اختر لا ينطبق | C11: 1. نعم 2. لا 99. لا ينطبق | D11: =CONCATENATE("If 2 or 99-->",A13) -> If 2 or 99-->11209
A12: =A11+1 -> 11208 | B12: متي حصلت علي هذا تصريح العمل؟ | C12: a. الشهر (dropdown menu from الشهور السيريانية; لا يعرف=98) b. السنة: (dropdown menu from 1930-2016; لا يعرف=9998)
A13: =A12+1 -> 11209 | B13: أين يعمل زوجك/زوجتك؟ | C13: List of countries | D13: =CONCATENATE("Check if Q211=2 & Q212 in HH questionnaire= 2 -->Q",A16) -> Check if Q211=2 & Q212 in HH questionnaire= 2 -->Q11212
A14: =A13+1 -> 11210 | B14: =CONCATENATE("متى وصل زوجك إلي [location from]", A13) -> متى وصل زوجك إلي [location from]11209 | C14: a. الشهر (dropdown menu from الشهور السيريانية; لا يعرف=98) b. السنة: (dropdown menu from 1930-2016; لا يعرف=9998)
A15: =A14+1 -> 11211 | B15: لماذا لا يعيش زوجك معك؟ | C15: "Dropdown menu with the following options: 1. عمل 2. دراسة 3. زواج 4. صحبة أحد أفراد العائلة 5. أسباب متعلقة بالسكن 6. الفرار من العنف / الاضطهاد أو لغياب الأمن 97. أخري (حدد) *If 97, provide textbox "
A16: =A15+1 -> 11212 | B16: هل اضطررت ان تنتقل من مدينة إلي أخري [أثناء إقامتك في دولتك (قبل إنتقالك إلي الأردن)] بسبب العنف أو غياب الأمن ؟ | C16: 1. نعم 2. لا | D16: =CONCATENATE("If 2-->",A18) -> If 2-->11214
A17: =A16+1 -> 11213 | B17: كم عدد المرات التي اضطررت فيها إلي الانتقال داخل دولتك؟ | C17: Numerical textbox 0-15, لا يعرف=98
A18: =A17+1 -> 11214 | B18: عند مغادرتك البلاد، هل كانت مدينتك محاصرة من قبل الدولة أو مجموعات مناهضة لها؟ | C18: 1. نعم، مجموعات مناهضة 2. نعم، الحكومة | D18: Ask only of those who give a response of violence/conflict/absence of security in one location of 2.1 personal biography

Sheet 12.1 Information Technology
A1: 12. تكنولوجيا المعلومات، الإدخار، الاقتراض
A2: 12.1 الهواتف المحمولة واستخدام الأنترنت
A3: (6 سنوات فأكثر بناء علي السؤال 206)
A4: Question # | B4: Question | C4: Type of Question | G4: Validation & Skip Patterns
A5: 12001 | B5: هل تمتلك شخصيا أي من الأشياء التالية؟ | D5: 1. نعم | E5: 2. لا
C6: لاب توب (كمبيوتر محمول)
C7: تابلت
C8: IPod, mp3
A9: =A5+1 -> 12002 | B9: هل تمتلك هاتف جوال؟ | C9: 1- نعم 2- لا | G9: =CONCATENATE("If 2 -->",A15) -> If 2 -->12008
A10: =A9+1 -> 12003 | B10: ما هو عدد خطوط المحمول التي تمتلكها؟ | C10: عدد الخطوط |__|__| في حالة لا يعرف اكتب 98 | G10: Provide numerical text box
A11: =A10+1 -> 12004 | B11: ما هي طريقة الدفع لهذه الخطوط؟ | C11: 1- فاتورة 2- بطاقات مدفوعة مسبقاً 3- الإثنان معا 98- لا يعرف
A12: =A11+1 -> 12005 | B12: هل تستخدم الأنترنت علي هاتف الجوال؟ | C12: 1. نعم، من خلال حزمة انترنت 2. نعم، من خلال واي فاي 3. نعم، كلاهما 4. لا | G12: =CONCATENATE("Only answer if Q",A9,"=1 After answering, if =2-->",A15) -> Only answer if Q12002=1 After answering, if =2-->12008
A13: =A12+1 -> 12006 | B13: ما هو أكثر مكان تستخدم فيه الأنترنت من خلال التليفون ؟ | C13: المكان الاول المكان الثانى Dropdown 1- في المنزل 2- في مكان العمل 3- عند الأصدقاء 4- عند أحد افراد العائلة 5- في سايبر (أنترنت كافيه) أو في مكان به خدمة الأنترنت 6- السيارة 7- الشارع 97- أخرى (حدد) 98- لا يعرف 99. لا ينطبق (second place only) | G13: If 97, provide textbox
A14: =A13+1 -> 12007 | B14: لأي من الأغراض الآتية تستخدم الأنترنت من خلال التيلفون المحمول؟ للباحث: سجل أهم ثلاثة أغراض و رتبهم حسب الأهمية | C14: الغرض الأول الغرض الثاني الغرض الثالث Dropdown menu with the following choices 1- العمل 2- الدراسة 3- الأخبار/ المعلومات 4- للعثور على وظيفة 5- الترفيه 6- للتواصل مع الأهل والأصدقاء 97- أخرى (حدد) 98- لا يعرف 99. لا ينطبق (second and third purpose only) | G14: If 97, provide textbox
A15: =A14+1 -> 12008 | B15: هل إستخدمت الأنترنت من خلال جهاز كمبيوتر أو التابلت خلال ال 30 يوم الماضية؟ | C15: 1. نعم 2. لا 98- لا يعرف | G15: If 2 or 98--> section 12.2
A16: =A15+1 -> 12009 | B16: ما هو أكثر مكان تستخدم فيه الأنترنت من خلال جهاز كمبيوتر أو التابلت؟ | C16: المكان الاول المكان الثانى Dropdown 1- في المنزل 2- في مكان العمل 3- عند الأصدقاء 4- عند احد افراد العائلة 5- في سايبر (أنترنت كافيه) أو في مكان به خدمة الأنترنت 97- أخرى (حدد) 98- لا يعرف 99. لا ينطبق (second place only) | G16: If 97, provide textbox
A17: =A16+1 -> 12010 | B17: لأيّ من الأغراض تستخدم الأنترنت؟ أذكر أهم ثلاث أغراض للباحث: سجل أهم ثلاثة أغراض و رتبهم حسب الأهمية | C17: الغرض الأول الغرض الثاني الغرض الثالث Dropdown menu with the following choices 1- العمل 2- الدراسة 3- الأخبار/ المعلومات 4- للعثور على وظيفة 5- الترفيه 6- للتواصل مع الأهل والأصدقاء 97- أخرى (حدد) 98- لا يعرف 99. لا ينطبق (second and third purpose only) | G17: If 97, provide textbox

Sheet 12.2 Savings & Borrowings
A1: 12.0 تكنولوجيا المعلومات، الادخار، الاقتراض
A2: 12.2 الإدخار والإقتراض
A3: للافراد الأكبر من 15 سنة
C4: (based on Q206)
A5: Question # | B5: Question | C5: Type of Question | D5: Validation & Skip Patterns
A6: =12201 -> 12201 | B6: هل لديك أي مدخرات؟ | C6: 1- نعم 2- لا | D6: =CONCATENATE("If 2--> Q",A9) -> If 2--> Q12204
A7: =A6+1 -> 12202 | B7: ما هي وسيلة إدخارك؟ | C7: 1- مكتب بريد (دفتر إدخار) 2- بنك 3- نقدا 4- ذهب 5- مجوهرات 97- أخرى (حدد) 98- لا يعرف | D7: =CONCATENATE("If 3, 4,5 or 98--> Q",A9) -> If 3, 4,5 or 98--> Q12204
A8: =A7+1 -> 12203 | B8: هل تحصل على نسبة فائدة علي مدخراتك؟ | C8: 1- نعم 2- لا 98- لا يعرف
A9: =A8+1 -> 12204 | B9: هل تقدمت بأي طلب للحصول على قرض من مؤسسة مالية خلال ال 12 شهر الماضية؟ | C9: 1- نعم 2- لا | D9: =CONCATENATE("If 2-->",A17) -> If 2-->12212
A10: =A9+1 -> 12205 | B10: وهل نجحت في الحصول على القرض؟ | C10: 1- نعم 2- لا 3- جاري فحص الطلب 98-لا يعرف | D10: =CONCATENATE("If 1, 3, or 98-->",A12) -> If 1, 3, or 98-->12207
A11: =A10+1 -> 12206 | B11: لماذا سبب عدم الحصول على القرض؟ | C11: 1- الضمانات غير كافية 2- مستندات غير كاملة 3- لا يوجد عندي واسطة 97- أخرى (حدد) 98- لا يعرف | D11: If 97, provide textbox
A12: =A11+1 -> 12207 | B12: ما هي المؤسسات المالية التي إقترضت منها (حاولت الإقتراض منها)؟ اذكر المصدر الرئيسي و المصدر الثانوي | C12: المصدر الرئيسي المصدر الثانوي 1- الصناديق الإجتماعية 2- بنك 3- منظمات غير هادفة للربح/منظمات خيرية 4- شركات قطاع خاص 97- أخرى (حدد) 98- لا يعرف 99. لا ينطبق (secondary source only) | D12: If 97, provide textbox
A13: =A12+1 -> 12208 | B13: لماذا إقترضت أو حاولت الأقتراض؟ أذكر أهم السبب الرئيسي و السبب الثانوي | C13: السبب الرئيسي السبب الثانوي 1- التمويل مشروع غير زراعي 2- لتمويل مشروع زراعي 3- لشراء سيارة 4- للزواج 5- للدراسة 6- لشراء منزل 7- لحالة طبية طارئة 8- فقدان وظيفة 97- أخرى (حدد) 98- لا يعرف 99. لا ينطبق(secondary reason only) | D13: If 97, provide textbox
A14: =A13+1 -> 12209 | B14: كم إقترضت من كل من هذه المؤسسات؟ | C14: المبلغ من المصدر الرئيسي : |__|__|__|__| المبلغ من المصدر الثانوي: |__|__|__|__| ** في حالة زيادة المبلغ عن 10,000 دينار أكتب 9999 ** في حالة لا يعرف أكتب 9998 | D14: =CONCATENATE("Secondary source only if a secondary source given in ",A12," Provide Numerical textbox") -> Secondary source only if a secondary source given in 12207 Provide Numerical textbox
A15: =A14+1 -> 12210 | B15: هل تدفع فوائد أو رسوم على هذه المبالغ سواء للمصدر الرئيسي أو الثانوي؟ | C15: المصدر الرئيسي المصدر الثانوي Dropdown menu: 1- نعم، فوائد 2- نعم، رسوم 3- نعم، فوائد ورسوم 4- لا 98- لا يعرف | D15: =CONCATENATE("Ask only if Q",A10,"=1 Secondary source only if a secondary source given in ",A12," Provide Numerical textbox") -> Ask only if Q12205=1 Secondary source only if a secondary source given in 12207 Provide Numerical textbox
A16: =A15+1 -> 12211 | B16: ما هي قيمة الأقساط المدفوعة على هذه القروض خلال ال30 يوم الماضية؟ | C16: المبلغ من المصدر الرئيسي : |__|__|__|__| المبلغ من المصدر الثانوي: |__|__|__|__| ** في حالة زيادة المبلغ عن 10,000 دينار أكتب 9999 ** في حالة لا يعرف أكتب 9998 | D16: =CONCATENATE("Ask only if Q",A10,"=1 Secondary source only if a secondary source given in ",A12," Provide Numerical textbox") -> Ask only if Q12205=1 Secondary source only if a secondary source given in 12207 Provide Numerical textbox
A17: =A16+1 -> 12212 | B17: هل إقترضت نقود من أفراد؟ | C17: 1- نعم 2- لا 98- لا يعرف | D17: If 2 or 98 --> section 12.3
A18: =A17+1 -> 12213 | B18: من الذي إقترضت منه؟ (أذكر أهم مصدرين) | C18: المصدر الرئيسي المصدر الثانوي 1. فرد من العائلة 2. أقارب 3. أصدقاء 4. جيران 5. شخص يمنح قروض بفوائد/مُرابي 97. أخري (حدد) 98. لا يعرف 99. لا ينطبق (secondary source only) | D18: If 97, provide textbox
A19: =A18+1 -> 12214 | B19: لماذا إقترضت من هؤلاء الأفراد؟ | C19: السبب الرئيسي السبب الثانوي 1- التمويل مشروع غير زراعي 2- لتمويل مشروع زراعي 3- لشراء سيارة 4- للزواج 5- للدراسة 6- لشراء منزل 7- لحالة طبية طارئة 8- فقدان وظيفة 97- أخرى (حدد) 98- لا يعرف 99. لا ينطبق(secondary reason only) | D19: If 97, provide textbox
A20: =A19+1 -> 12215 | B20: كم إقترضت من كل هؤلاء الأفراد؟ (اذكر المبلغ المقترض من المصدر الرئيسي و الثانوي) | C20: المبلغ من المصدر الرئيسي : |__|__|__|__| المبلغ من المصدر الثانوي: |__|__|__|__| ** في حالة زيادة المبلغ عن 10,000 دينار أكتب 9999 ** في حالة لا يعرف أكتب 9998 | D20: =CONCATENATE("Secondary source only if a secondary source given in ",A18," Provide Numerical textbox") -> Secondary source only if a secondary source given in 12213 Provide Numerical textbox
A21: =A20+1 -> 12216 | B21: هل تدفع فوائد أو رسوم على هذه المبالغ؟ | C21: المصدر الرئيسي المصدر الثانوي Dropdown menu: 1- نعم، فوائد 2- نعم، رسوم 3- نعم، فوائد ورسوم 4- لا 98- لا يعرف | D21: =CONCATENATE("Secondary source only if a secondary source given in ",A18," Provide Numerical textbox") -> Secondary source only if a secondary source given in 12213 Provide Numerical textbox

Sheet 12.3 Gender Attitudes
A1: 12.3: اتجاهات الجنسين
A2: اسئلة متعلقة بالنوع الإجتماعي (للافراد الاكبر من 15)
A3: ما رأيك في العبارات التالية؟
A5: 12300 | B5: a.مكان المرأة ليس فقط في المنزل بل يجب ان يسمح لها بالعمل | C5: 1. لا أوافق بشدة 2. لا أوافق 3. محايد 4. أوافق 5. أوافق بشدة
B6: b.يجب علي الزوج مساعدة زوجته العاملة في رعاية الاطفال
B7: c. يجب علي الزوج مساعدة زوجته العاملة في الاعمال المنزلية
B8: d.يجب تعليم للإناث من أجل الحصول على عمل وليس فقط ليصبحن أمهات وزوجات صالحات
B9: e. المرأة التي تعمل خارج المنزل لا تستطيع ان تكون أم صالحة
B10: f.على المرأة ان تعمل حتى تستقل مادياً
B11: g.عمل المرأة يتعارض مع قدرتها على إقامة علاقة طيبة بزوجها
B12: h. يجب أن تحصل النساء على مناصب قيادية في المجتمع
B13: i.لا مانع أن يحصل الأولاد والبنات على نفس القدر من التعليم
B14: j.يجب معاملة الأولاد والبنات بدون تفرقة

Sheet 12.4 Result
B2: 12.4 نتيجة الزيارة
C3: 12401
B4: الزيارة | C4: نتيجة الزيارة للاستمارة الفردية
A5: 12401 | B5: الأولي (_1) | C5: 1. تم 2. تم جزئياً 3. رفض الرد
A6: =A5+1 -> 12402 | B6: الثانية (_2) | C6: 1. تم 2. تم جزئياً 3. رفض الرد
A7: =A6+1 -> 12403 | B7: الثالثة (_3) | C7: 1. تم 2. تم جزئياً 3. رفض الرد
